Workbook
Name datatable: 'Distribution Details'!$A$8:$T$24

Sheet Table of Contents
D1: THIS IS AN INDEX OR TABLE OF CONTENTS TO ALL WORKSHEETS IN THIS SPREADSHEET
C2: Worksheet # on 2-15-2025 | D2: Sheet Name | E2: Category | F2: Links to first cell of each Sheet | G2: Hyper links to other parts of the worksheet (CTRL K)
C3: 1 | D3: 1-Table of Contents | E3: Boiler Plate | G3: Table of Contents
C4: 2 | D4: 2-Source Info | E4: Boiler Plate | F4: =+'Source Info'!A1 -> 0 | G4: Source Info
C5: 44 | D5: 9-END OF WORKSHEET | E5: Boiler Plate | F5: =+'END OF WORKSHEET'!A1 -> 0 | G5: END OF WORKSHEET
D6: 1-Distribution Day | E6: Distribution Day | G6: DISTRIBUTION DAY
B7: 1 | C7: 11 | D7: Toy Count Summary 2025 | E7: Distribution Day | F7: =+'Toy Count Summary 2025'!B1 -> 0 | G7: Toy Count Summary 2025
B8: 2 | C8: 13 | D8: 2024 Need Dates_Addresses | E8: Distribution Day | F8: =+'2024 Need Dates_Addresses'!A1 -> 0 | G8: 2024 Need Dates_Addresses
B9: 3 | C9: 24 | D9: Oranizations List | E9: Distribution Day | F9: =+'Oranizations List'!A1 -> 0 | G9: Oranizations List
B10: 4 | C10: 14 | D10: Distribution Details | E10: Distribution Day | F10: =+'Distribution Details'!A1 -> 0 | G10: Distribution Details
B11: 5 | C11: 15 | D11: Toy Pick Lists for printing | E11: Distribution Day | F11: =+'Toy Pick Lists for printing'!A2 -> 0 | G11: Toy Pick Lists for printing
B12: 6 | C12: 17 | D12: LABELS FOR 1ST BOXES | E12: Distribution Day | F12: =+'LABELS FOR 1ST BOXES'!Y6 -> 0 | G12: LABELS FOR 1ST BOXES
B13: 7 | C13: 18 | D13: LABELS FOR XX BOXES - 4 | E13: Distribution Day | F13: =+'LABELS FOR XX BOXES - 4'!B1 -> 0 | G13: LABELS FOR XX BOXES - 4
B14: 8 | C14: 29 | D14: Pics for Labels | E14: Distribution Day | F14: =+'Pics for Labels'!A1 -> 0 | G14: Pics for Labels
B15: 9 | C15: 19 | D15: Order for Toy Picks | E15: Distribution Day | F15: =+'Order for Toy Picks'!E1 -> 0 | G15: Order for Toy Picks
B16: 10 | C16: 30 | D16: TAGS for TABLES | E16: Distribution Day | F16: =+'TAGS for TABLES'!C1 -> 0 | G16: TAGS for TABLES
B17: 11 | C17: 21 | D17: Box Counts | E17: Distribution Day | F17: =+'Box Counts'!K1 -> 0 | G17: Box Counts
B18: 12 | C18: 12 | D18: Toy Count Summary 2024 | E18: Distribution Day | F18: =+'Toy Count Summary 2024'!B1 -> 0 | G18: Toy Count Summary 2024
B19: 13 | C19: 20 | D19: Delivery Checklist 2024 | E19: Distribution Day | F19: =+'Delivery Checklist 2024'!H1 -> 0 | G19: Delivery Checklist 2024
B20: 14 | C20: 31 | D20: Packing Day Checklist | E20: Distribution Day | F20: =+'Packing Day Checklist'!D1 -> 0 | G20: Packing Day Checklist
B21: 15 | C21: 33 | D21: Packing Day Job Assignments | E21: Distribution Day | F21: =+'Packing Day Job Assignments'!A1 -> 0 | G21: Packing Day Job Assignments
B22: 16 | C22: 36 | D22: 2020 Toy Recipients | E22: Distribution Day | F22: =+'2020 Toy Recipients'!B1 -> 0 | G22: 2020 Toy Recipients
B23: 17 | C23: 32 | D23: Final Checklist 2023 | E23: Distribution Day | F23: =+' Final Checklist 2023'!D1 -> 0 | G23: Final Checklist 2023
B24: 18 | C24: 28 | D24: Changes caused by Leftovers | E24: Distribution Day | F24: =+'Changes caused by Leftovers'!A1 -> 0 | G24: Changes caused by Leftovers
D25: 1-Inventory Control | E25: Inventory Control | G25: INVENTORY CONTROL
B26: 1 | C26: 42 | D26: INVENTORY LOG SHEET | E26: Inventory Control | F26: =+'INVENTORY LOG SHEET'!F1 -> 0 | G26: INVENTORY LOG SHEET
B27: 2 | C27: 16 | D27: New Toys for 2023-24 | E27: Inventory Control | F27: =+'New Toys for 2023-24'!A1 -> 0 | G27: New Toys for 2023-24
B28: 3 | C28: 34 | D28: AHT | E28: Inventory Control | F28: =+AHT!F1 -> 0 | G28: AHT rev 2
D29: 1-Management | E29: Management | G29: MANAGEMENT
B30: 1 | C30: 3 | D30: 2025 -TOY PROGRAM MGT SYS | E30: Management | F30: =+'2025 -TOY PROGRAM MGT SYS'!A1 -> 0 | G30: 2025 -TOY PROGRAM MGT SYS
B31: 2 | C31: 23 | D31: TOYS COUNT ITD | E31: Management | F31: =+'TOYS COUNT ITD'!A1 -> 0 | G31: TOYS COUNT ITD
B32: 3 | C32: 4 | D32: 2024 -TOY PROGRAM MGT SYS | E32: Management | F32: =+'2024 -TOY PROGRAM MGT SYS'!A1 -> 0 | G32: 2024 -TOY PROGRAM MGT SYS
B33: 4 | C33: 10 | D33: revised CRITTERS MGT SYS (2024) | E33: Management | F33: =+'revised CRITTERS MGT SYS (2024)'!A1 -> 0 | G33: revised CRITTERS MGT SYS (2024)
B34: 5 | C34: 41 | D34: old LOVE BUG MGT SYS | E34: Management | F34: =+'old LOVE BUG MGT SYS'!A1 -> 0 | G34: old LOVE BUG MGT SYS
B35: 6 | C35: 38 | D35: GAV MGT SYS | E35: Management | F35: =+'GAV MGT SYS'!F1 -> 0 | G35: GAV MGT SYS
B36: 7 | C36: 40 | D36: TOY seeds list | E36: Management | F36: =+'TOY seeds list'!A1 -> 0 | G36: TOY seeds list
B37: 8 | C37: 7 | D37: previous CRITTERS MGT SYS | E37: Management | F37: =+'previous CRITTERS MGT SYS'!A1 -> 0 | G37: previous CRITTERS MGT SYS
B38: 9 | C38: 22 | D38: 2022 - Drwg No Sort | E38: Management | F38: =+'2022 - Drwg No Sort'!A1 -> 0 | G38: 2022 - Drwg No Sort
D40: 1-Parts | E40: Parts | G40: PARTS
B41: 1 | C41: 5 | D41: WOOD PARTS INVENTORY 2024 | E41: Parts | F41: =+'WOOD PARTS INVENTORY 2024'!A1 -> 0 | G41: WOOD PARTS INVENTORY 2024
B42: 2 | C42: 37 | D42: Parts Fab Workshops | E42: Parts | F42: * | G42: Parts Fab Workshops
B43: 3 | C43: 6 | D43: WHEELS COUNT - Plan - 2024 | E43: Parts | F43: =+'WHEELS COUNT - Plan - 2024'!B1 -> 0 | G43: WHEELS COUNT - Plan - 2024
B44: 4 | C44: 26 | D44: WHEELS COUNT - Plan - 2021 (2) | E44: Parts | F44: =+'WHEELS COUNT - Plan - 2021 (2)'!W1 -> 0 | G44: WHEELS COUNT - Plan - 2021 (2)
B45: 5 | C45: 27 | D45: WHEEL PRICING ANALYSIS 2013 | E45: Parts | F45: =+'WHEEL PRICING ANALYSIS 2013'!A1 -> 0 | G45: WHEEL PRICING ANALYSIS 2013
D46: 1-Tracing | E46: Tracing | G46: TRACING
B47: 1 | C47: 9 | D47: 2024 TRACING RECORDS | E47: Tracing | F47: =+'2024 TRACING RECORDS'!A1 -> 0 | G47: 2024 TRACING RECORDS
B48: 2 | C48: 2a | D48: Stock for 1 inch toys - 2025 | E48: Tracing | F48: =+'Stock for 1 inch toys - 2025'!H1 -> 0 | G48: Stock for 1 inch toys - 2025
B49: 3 | C49: 8 | D49: Tracing Request Forms(15) | E49: Tracing | F49: =+'Tracing Request Forms(15)'!A1 -> 0 | G49: Tracing Request Forms(15)
B50: 4 | C50: 25 | D50: Tracing Request (4) | E50: Tracing | F50: =+'Tracing Request (4)'!A1 -> 0 | G50: Tracing Request (4)
B51: 5 | C51: 35 | D51: Tracing Request (four forms) | E51: Tracing | F51: =+'Tracing Request (four forms)'!E1 -> 0 | G51: Tracing Request (four forms)
B52: 6 | C52: 39 | D52: Tracing Request (two forms) | E52: Tracing | F52: =+'Tracing Request (two forms)'!B1 -> 0 | G52: Tracing Request (two forms)

Sheet Source Info
B1: NOTE: THIS GROUP OF WORKSHEETS IS USED TO MANAGE THE BUILIDING OF TOYS, AND DISTRIBUTION OF TOYS.
B2: NOTE - THERE IS HISTORY INFO PLUS OTHER MISC WORKSHEETS FOUND IN ANOTHER FILE CALLED:
B3: 2022 - Toy Distribution rev 2022 MASTER - REV 01.05.2022 - Copy 2.xls

Sheet MANAGEMENT

Sheet 2025 -TOY PROGRAM MGT SYS
G1: TOY PLANS MANAGEMENT SYSTEM
G2: GROUND RULES
G3: 1. Toy Number is its category and its sequence within that category. Eg. Toy 16.34
G4: 2. Drawing number for each toy is "toy-category+assembly+-XX".
I11: NOTES re this worksheet:
I12: Changes are shown as shaded cells.
D14: Toy Number = Cat No + Sub-Cat No | I14: Some columns are hidden for printing TRACING DETAILS only. Remember to restore (unhide) when printing out the TOY PLANS MANAGEMENT SYSTEM.
G16: To use the autosorting feature, there can be no blank rows in the list. | I16: The sorting column is used to print tracing lists (A) for wheeled vehicles and (B) for critters. "c" for tracing is complete. This is done manually each time you need to print a list.
G19: LIST OF DRAWINGS | N19: 45304 | O19: 45318 | P19: 45332 | Q19: 45346 | R19: 45360 | S19: 45374 | T19: 45395
A20: Restore | D20: Category Name | E20: Toy # | F20: Sub-Toy # | G20: Drwg Part # | H20: Ext | I20: individual toy name | J20: Toys Planned for 2025 | K20: Subtotal per Category | L20: Goal for 2025 per Category | M20: Traceable or Not Traceable | N20: Total Traced on 1-11-25 | O20: Total Traced on 1-25-25 | P20: Total Traced on 2-8-25 | Q20: Total Traced on 2-22-25 | R20: Total Traced on 3-8-25 | S20: Total Traced on 3-22-25 | T20: Total Traced on 4-12-25 | U20: Total Traced on 4-26-25 | V20: Total Traced for 2025 | W20: Stock Size | X20: Tracer | Y20: Pattern Retnd? | Z20: Totals Traced | AA20: Totals per Category Traced | AB20: Toys LEFT OVER | AC20: Goal for 2025 per Category | AD20: Done on 4-12-2025 | AE20: Done on 5-24-25 | AF20: Done on 6-28-25 | AG20: Done on 7.28-25 | AH20: Done on 8.23-25 | AI20: Done on 9.6.24 | AJ20: Done on 9.20.25 | AK20: Done on 9.27.25 | AL20: Done on 10.4.25 | AM20: Done on 10.11.25 | AN20: Done on 10.18.25 | AO20: Done on 10.25.25 | AP20: Done on 11.1.25 | AQ20: Done on 11.8.25 | AR20: Done on 11.15.25 | AS20: Done on 11.22.25 | AT20: Done on 11.29.25 | AU20: Subtotals New | AV20: Category Subtotal | AW20: Totals in Inventory
A21: 1 | B21: 1 | C21: 1 | D21: Basketball Games | E21: 1 | F21: 0 | K21: =SUM(J22) -> 100 | L21: =+K21 -> 100 | V21: =SUM(N21:T21) -> 0 | Z21: =+V21 -> 0 | AA21: =SUM(Z22) -> 0 | AB21: 18 | AC21: =+K21 -> 100 | AV21: =SUM(AU22) -> 0 | AW21: =+AV21+AB21 -> 18
A22: 2 | B22: =+B21+1 -> 2 | E22: 1 | F22: 1 | G22: 1001 | H22: -100 | I22: BB Game | J22: 100 | M22: N | V22: =SUM(N22:T22) -> 0 | W22: 1x4 | Z22: =+V22 -> 0 | AU22: =SUM(AD22:AT22) -> 0
A23: 4 | B23: =+B22+1 -> 3 | C23: 2 | D23: Rocking Chairs | E23: 2 | F23: 0 | K23: =+J24 -> 40 | L23: =+K23 -> 40 | V23: =SUM(N23:T23) -> 0 | Z23: =+V23 -> 0 | AA23: =+Z24 -> 0 | AB23: 4 | AC23: =+K23 -> 40 | AV23: =SUM(AU24) -> 0 | AW23: =+AV23+AB23 -> 4
A24: 5 | B24: =+B23+1 -> 4 | E24: 2 | F24: 1 | G24: 1002 | H24: -101 | I24: Rocking Chair | J24: 40 | M24: N | V24: =SUM(N24:T24) -> 0 | W24: 1/2 x | Z24: =+V24 -> 0 | AU24: =SUM(AD24:AT24) -> 0
A26: 8 | B26: =+B24+1 -> 5 | C26: 3 | D26: Tugboats | E26: 3 | F26: 0 | K26: =SUM(J27:J28) -> 130 | AB26: 38 | AV26: =SUM(AU27:AU28) -> 0 | AW26: =+AV26+AB26 -> 38
B27: =+B26+1 -> 6 | E27: 3 | F27: 1 | G27: 1003 | H27: -100 | I27: Tugboat | J27: 100 | L27: =+K26 -> 130 | V27: =SUM(N27:T27) -> 0 | Z27: =+V27 -> 0 | AA27: =+Z28 -> 0 | AC27: =+K26 -> 130 | AU27: =SUM(AD27:AT27) -> 0
B28: =+B27+1 -> 7 | E28: 3 | F28: 2 | I28: Motor Boats | J28: 30 | AU28: =SUM(AD28:AT28) -> 0
A29: 10 | B29: =+B28+1 -> 8 | C29: 4 | D29: Racers | E29: 4 | F29: 0 | K29: =SUM(J30:J45) -> 330 | L29: =+K29 -> 330 | V29: =SUM(N29:T29) -> 0 | Z29: =+V29 -> 0 | AA29: =SUM(Z30:Z45) -> 0 | AB29: 34 | AC29: =+K29 -> 330 | AV29: =SUM(AU30:AU45) -> 204 | AW29: =+AV29+AB29 -> 238
A30: 11 | B30: =+B29+1 -> 9 | E30: 4 | F30: 1 | G30: 1004 | H30: -100 | I30: Racer 100 - STANDARD - MEDIUM | J30: 30 | V30: =SUM(N30:T30) -> 0 | W30: 2x4 | Z30: =+V30 -> 0 | AC30: =+K30 -> 0 | AG30: 28 | AU30: =SUM(AD30:AT30) -> 28
A31: 12 | B31: =+B30+1 -> 10 | E31: 4 | F31: 2 | G31: 1004 | H31: -101 | I31: Racer 101 - DELUXE | J31: 30 | V31: =SUM(N31:T31) -> 0 | W31: 2x4 | Z31: =+V31 -> 0 | AC31: =+K31 -> 0 | AI31: 37 | AU31: =SUM(AD31:AT31) -> 37
A32: 13 | B32: =+B31+1 -> 11 | E32: 4 | F32: 3 | G32: 1004 | H32: -102 | I32: Racer 102 -LES ROGERS | J32: 30 | V32: =SUM(N32:T32) -> 0 | W32: 2x4 | Z32: =+V32 -> 0 | AC32: =+K32 -> 0 | AH32: 33 | AU32: =SUM(AD32:AT32) -> 33
A33: 14 | B33: =+B32+1 -> 12 | E33: 4 | F33: 4 | G33: 1004 | H33: -103 | I33: Racer 103 - STANDARD - SMALL | J33: 30 | V33: =SUM(N33:T33) -> 0 | W33: 2x4 | Z33: =+V33 -> 0 | AC33: =+K33 -> 0 | AD33: 31 | AU33: =SUM(AD33:AT33) -> 31
A34: 15 | B34: =+B33+1 -> 13 | E34: 4 | F34: 5 | G34: 1004 | H34: -104 | I34: Racer 104 - Lightning McQueen - Large | J34: 20 | V34: =SUM(N34:T34) -> 0 | W34: 2x4 | Z34: =+V34 -> 0 | AC34: =+K34 -> 0 | AU34: =SUM(AD34:AT34) -> 0
A35: 16 | B35: =+B34+1 -> 14 | E35: 4 | F35: 6 | G35: 1004 | H35: -105 | I35: Racer 105 - Lightning McQueen - Small | J35: 20 | V35: =SUM(N35:T35) -> 0 | W35: 2x4 | Z35: =+V35 -> 0 | AC35: =+K35 -> 0 | AU35: =SUM(AD35:AT35) -> 0
A36: 17 | B36: =+B35+1 -> 15 | E36: 4 | F36: 7 | G36: 1004 | H36: -106 | I36: Racer 106 - like small boat | V36: =SUM(N36:T36) -> 0 | W36: 2x4 | Z36: =+V36 -> 0 | AC36: =+K36 -> 0 | AU36: =SUM(AD36:AT36) -> 0
A37: 18 | B37: =+B36+1 -> 16 | E37: 4 | F37: 8 | G37: 1004 | H37: -107 | I37: Family Racer - two door | V37: =SUM(N37:T37) -> 0 | W37: 2x4 | Z37: =+V37 -> 0 | AC37: =+K37 -> 0 | AU37: =SUM(AD37:AT37) -> 0
A38: 34 | B38: =+B37+1 -> 17 | E38: 4 | F38: 9 | G38: 1006 | H38: -105 | I38: Batman Race Car - Medium | J38: 20 | V38: =SUM(N38:T38) -> 0 | W38: 2x4 | Z38: =+V38 -> 0 | AC38: =+K38 -> 0 | AJ38: 26 | AU38: =SUM(AD38:AT38) -> 26
B39: =+B38+1 -> 18 | E39: 4 | F39: 10 | G39: 1006 | H39: -105A | I39: Batman Race Car -Small | J39: 20 | V39: =SUM(N39:T39) -> 0 | W39: 2x4 | Z39: =+V39 -> 0 | AC39: =+K39 -> 0 | AJ39: 19 | AU39: =SUM(AD39:AT39) -> 19
A40: 22 | B40: =+B39+1 -> 19 | E40: 4 | F40: 11 | G40: CFB | H40: CFB-01 | I40: CFB RACER - STANDARD - LARGE (10" for CFB) | J40: 20 | V40: =SUM(N40:T40) -> 0 | W40: 2x4 | Z40: =+V40 -> 0 | AC40: =+K40 -> 0 | AU40: =SUM(AD40:AT40) -> 0
A41: 19 | B41: =+B40+1 -> 20 | D41: For CFB: cut and sand only | E41: 4 | F41: 12 | G41: CFB | H41: CFB-02 | I41: CFB Racer - DELUXE - LARGE (10" for CFB) | J41: 20 | V41: =SUM(N41:T41) -> 0 | W41: 2x4 | Z41: =+V41 -> 0 | AC41: =+K41 -> 0 | AU41: =SUM(AD41:AT41) -> 0
A42: 20 | B42: =+B41+1 -> 21 | D42: For CFB: cut and sand only | E42: 4 | F42: 13 | G42: CFB | H42: CFB-03 | I42: CFB Racer - LONG THIN - LARGE (10" for CFB) | J42: 20 | V42: =SUM(N42:T42) -> 0 | W42: 2x4 | Z42: =+V42 -> 0 | AC42: =+K42 -> 0 | AU42: =SUM(AD42:AT42) -> 0
A43: 21 | B43: =+B42+1 -> 22 | D43: For CFB: cut and sand only | E43: 4 | F43: 14 | G43: CFB | H43: CFB-04 | I43: CFB RACER - Batman -LARGE (10" for CFB) | J43: 40 | V43: =SUM(N43:T43) -> 0 | W43: 2x4 | Z43: =+V43 -> 0 | AC43: =+K43 -> 0 | AU43: =SUM(AD43:AT43) -> 0
B44: =+B43+1 -> 23 | D44: For CFB: cut and sand only | E44: 4 | F44: 15 | G44: 1006 | H44: -103 | I44: Racers by Les Rogers (LR): 1006-103-1A thru 1006-103- 5D | Z44: 0
A45: 32 | B45: =+B44+1 -> 24 | D45: new in 2023 | E45: 4 | F45: 16 | G45: 1004 | H45: -108 | I45: Derby Car | J45: 30 | V45: =SUM(N45:T45) -> 0 | W45: 2x4 | Z45: =+V45 -> 0 | AC45: =+K45 -> 0 | AE45: 30 | AU45: =SUM(AD45:AT45) -> 30
B46: =+B45+1 -> 25 | C46: 5 | D46: Cars | E46: 5 | F46: 0 | K46: =SUM(J47:J65) -> 165 | L46: =+K46 -> 165 | V46: =SUM(N46:T46) -> 0 | Z46: =+V46 -> 0 | AA46: =SUM(Z47:Z64) -> 0 | AB46: 66 | AC46: =+K46 -> 165 | AV46: =SUM(AU47:AU65) -> 31 | AW46: =+AV46+AB46 -> 97
A47: 29 | B47: =+B46+1 -> 26 | E47: 5 | F47: 1 | G47: 1006 | H47: -100 | I47: PT Cruiser | J47: 30 | V47: =SUM(N47:T47) -> 0 | W47: 2x4 | Z47: =+V47 -> 0 | AC47: =+K47 -> 0 | AG47: 31 | AU47: =SUM(AD47:AT47) -> 31
A48: 30 | B48: =+B47+1 -> 27 | E48: 5 | F48: 2 | G48: 1006 | H48: -101 | I48: Gangsta Car | V48: =SUM(N48:T48) -> 0 | W48: 2x4 | Z48: =+V48 -> 0 | AC48: =+K48 -> 0 | AU48: =SUM(AD48:AT48) -> 0
A49: 31 | B49: =+B48+1 -> 28 | E49: 5 | F49: 3 | G49: 1006 | H49: -102 | I49: Chevy 1949er | V49: =SUM(N49:T49) -> 0 | W49: 2x4 | Z49: =+V49 -> 0 | AC49: =+K49 -> 0 | AU49: =SUM(AD49:AT49) -> 0
A50: 43 | B50: =+B49+1 -> 29 | E50: 5 | F50: 6 | G50: 1006 | H50: -109 | I50: 2014 Subaru Outback | V50: =SUM(N50:T50) -> 0 | W50: 2x4 | Z50: =+V50 -> 0 | AC50: =+K50 -> 0 | AU50: =SUM(AD50:AT50) -> 0
A51: 62 | B51: =+B50+1 -> 30 | E51: 5 | F51: 7 | G51: 1007 | H51: -101 | I51: Ameba Car | V51: =SUM(N51:T51) -> 0 | W51: 2x4 | Z51: =+V51 -> 0 | AC51: =+K51 -> 0 | AU51: =SUM(AD51:AT51) -> 0 | BD51: =BE51 -> 0
A52: 63 | B52: =+B51+1 -> 31 | E52: 5 | F52: 8 | G52: 1007 | H52: -102 | I52: C-Car | J52: 20 | V52: =SUM(N52:T52) -> 0 | W52: 2x4 | Z52: =+V52 -> 0 | AC52: =+K52 -> 0 | AU52: =SUM(AD52:AT52) -> 0
B53: =+B52+1 -> 32 | E53: 5 | F53: 9 | I53: spare slot | V53: =SUM(N53:T53) -> 0 | Z53: =+V53 -> 0 | AC53: =+K53 -> 0 | AU53: =SUM(AD53:AT53) -> 0
A54: 70 | B54: =+B53+1 -> 33 | E54: 5 | F54: 10 | G54: 1007 | H54: -109 | I54: Old 69 VW Bug | J54: 20 | V54: =SUM(N54:T54) -> 0 | W54: 2x4 | Z54: =+V54 -> 0 | AC54: =+K54 -> 0 | AU54: =SUM(AD54:AT54) -> 0
A55: 71 | B55: =+B54+1 -> 34 | E55: 5 | F55: 11 | G55: 1007 | H55: -110 | I55: Fiat 500D | V55: =SUM(N55:T55) -> 0 | W55: 2x4 | Z55: =+V55 -> 0 | AC55: =+K55 -> 0 | AU55: =SUM(AD55:AT55) -> 0
A56: 72 | B56: =+B55+1 -> 35 | E56: 5 | F56: 12 | G56: 1007 | H56: -111 | I56: Fiat 500- 2 (Older) | V56: =SUM(N56:T56) -> 0 | W56: 2x4 | Z56: =+V56 -> 0 | AC56: =+K56 -> 0 | AU56: =SUM(AD56:AT56) -> 0
A57: 73 | B57: =+B56+1 -> 36 | E57: 5 | F57: 13 | G57: 1007 | H57: -112 | I57: Scion | V57: =SUM(N57:T57) -> 0 | W57: 2x4 | Z57: =+V57 -> 0 | AC57: =+K57 -> 0 | AU57: =SUM(AD57:AT57) -> 0
A58: 74 | B58: =+B57+1 -> 37 | E58: 5 | F58: 14 | G58: 1007 | H58: -113 | I58: KIA Soul | V58: =SUM(N58:T58) -> 0 | W58: 2x4 | Z58: =+V58 -> 0 | AC58: =+K58 -> 0 | AU58: =SUM(AD58:AT58) -> 0
A59: 76 | B59: =+B58+1 -> 38 | E59: 5 | F59: 15 | G59: 1007 | H59: -115 | I59: Little Boxy Car | V59: =SUM(N59:T59) -> 0 | W59: 2x4 | Z59: =+V59 -> 0 | AC59: =+K59 -> 0 | AU59: =SUM(AD59:AT59) -> 0
A60: 20 | B60: =+B59+1 -> 39 | E60: 5 | F60: 16 | G60: 1007 | H60: -116 | I60: Kid Car | J60: 20 | V60: =SUM(N60:T60) -> 0 | W60: 2x4 | Z60: =+V60 -> 0 | AC60: =+K60 -> 0 | AU60: =SUM(AD60:AT60) -> 0
A61: 78 | B61: =+B60+1 -> 40 | E61: 5 | F61: 17 | G61: 1007 | H61: -117 | I61: MG VA1 | V61: =SUM(N61:T61) -> 0 | W61: 2x4 | Z61: =+V61 -> 0 | AC61: =+K61 -> 0 | AU61: =SUM(AD61:AT61) -> 0
A62: 79 | B62: =+B61+1 -> 41 | E62: 5 | F62: 18 | G62: 1007 | H62: -118 | I62: MG-TC | V62: =SUM(N62:T62) -> 0 | W62: 2x4 | Z62: =+V62 -> 0 | AC62: =+K62 -> 0 | AU62: =SUM(AD62:AT62) -> 0
B63: =+B62+1 -> 42 | D63: new in 2023 | E63: 5 | F63: 19 | G63: 1011 | H63: -105 | I63: Runabout Car | J63: 25 | V63: =SUM(N63:T63) -> 0 | W63: 1 inch | Z63: =+V63 -> 0 | AU63: =SUM(AD63:AT63) -> 0
B64: =+B63+1 -> 43 | D64: new in 2023 | E64: 5 | F64: 20 | G64: 1011 | H64: -106 | I64: Golf Car | J64: 25 | V64: =SUM(N64:T64) -> 0 | W64: 1 inch | Z64: =+V64 -> 0 | AU64: =SUM(AD64:AT64) -> 0
B65: =+B64+1 -> 44 | D65: new in 2023 | E65: 5 | F65: 21 | G65: 1007 | H65: 133 | I65: Clown Car | J65: 25 | Z65: 20 | AU65: =SUM(AD65:AT65) -> 0
B66: =+B65+1 -> 45
A67: 28 | B67: =+B66+1 -> 46 | C67: 6 | D67: Trucks | E67: 6 | F67: 0 | K67: =SUM(J68:J91) -> 245 | L67: =+K67 -> 245 | V67: =SUM(N67:T67) -> 0 | Z67: =+V67 -> 0 | AA67: =SUM(Z68:Z89) -> 35 | AB67: 51 | AC67: =+K67 -> 245 | AV67: =SUM(AU68:AU91) -> 83 | AW67: =+AV67+AB67 -> 134
A68: 33 | B68: =+B67+1 -> 47 | E68: 6 | F68: 1 | G68: 1006 | H68: -104 | I68: Pickup Truck Body 1 - used for flatbed, tanker, water truck, etc. | J68: 30 | V68: =SUM(N68:T68) -> 0 | W68: 2x4 | Z68: =+V68 -> 0 | AC68: =+K68 -> 0 | AU68: =SUM(AD68:AT68) -> 0
A69: 35 | B69: =+B68+1 -> 48 | E69: 6 | F69: 2 | G69: 1006 | H69: -106 | I69: Pickup Truck Body 2 - 4WD -used for flatbed, tanker, water truck | J69: 30 | V69: =SUM(N69:T69) -> 0 | W69: 2x6 | Z69: =+V69 -> 0 | AC69: =+K69 -> 0 | AU69: =SUM(AD69:AT69) -> 0
A70: 36 | B70: =+B69+1 -> 49 | E70: 6 | F70: 3 | G70: 1006 | H70: -107-01 | I70: Cab ONLY - for Trailer series: | V70: =SUM(N70:T70) -> 0 | W70: 2x4 | Z70: =+V70 -> 0 | AC70: =+K70 -> 0 | AU70: =SUM(AD70:AT70) -> 0
A71: 37 | B71: =+B70+1 -> 50 | E71: 6 | F71: 4 | G71: 1006 | H71: -107-02 | I71: Cab with Flat bed trailer | V71: =SUM(N71:T71) -> 0 | W71: 2x4 | Z71: =+V71 -> 0 | AC71: =+K71 -> 0 | AU71: =SUM(AD71:AT71) -> 0
A72: 38 | B72: =+B71+1 -> 51 | E72: 6 | F72: 5 | G72: 1006 | H72: -107-03 | I72: Cab with Log Hauling trailer | J72: 30 | V72: =SUM(N72:T72) -> 0 | W72: 2x4 | Z72: =+V72 -> 0 | AC72: =+K72 -> 0 | AU72: =SUM(AD72:AT72) -> 0
A73: 39 | B73: =+B72+1 -> 52 | E73: 6 | F73: 6 | G73: 1006 | H73: -107-04 | I73: Cab with Semi trailer | V73: =SUM(N73:T73) -> 0 | W73: 2x4 | Z73: =+V73 -> 0 | AC73: =+K73 -> 0 | AU73: =SUM(AD73:AT73) -> 0
A74: 40 | B74: =+B73+1 -> 53 | E74: 6 | F74: 7 | G74: 1006 | H74: -107-05 | I74: Cab with Tanker trailer | V74: =SUM(N74:T74) -> 0 | W74: 2x4 | Z74: =+V74 -> 0 | AC74: =+K74 -> 0 | AU74: =SUM(AD74:AT74) -> 0
A75: 41 | B75: =+B74+1 -> 54 | E75: 6 | F75: 8 | G75: 1006 | H75: -107-06 | I75: Cab with Crayon Hauler Trailer | V75: =SUM(N75:T75) -> 0 | W75: 2x4 | Z75: =+V75 -> 0 | AC75: =+K75 -> 0 | AU75: =SUM(AD75:AT75) -> 0
A76: 42 | B76: =+B75+1 -> 55 | E76: 6 | F76: 9 | G76: 1006 | H76: -108 | I76: 1965 Ford Pickup | V76: =SUM(N76:T76) -> 0 | W76: 2x4 | Z76: =+V76 -> 0 | AC76: =+K76 -> 0 | AU76: =SUM(AD76:AT76) -> 0
A77: 44 | B77: =+B76+1 -> 56 | E77: 6 | F77: 10 | G77: 1006 | H77: -110 | I77: 2000 GMC Sierra Truck | V77: =SUM(N77:T77) -> 0 | W77: 2x4 | Z77: =+V77 -> 0 | AC77: =+K77 -> 0 | AU77: =SUM(AD77:AT77) -> 0
A78: 141 | B78: =+B77+1 -> 57 | E78: 6 | F78: 11 | G78: 1016 | H78: -106 | I78: Mail Truck (Postal Carrier) | V78: =SUM(N78:T78) -> 0 | W78: 2x4 | Z78: =+V78 -> 0 | AC78: =+K78 -> 0 | AU78: =SUM(AD78:AT78) -> 0
A79: 45 | B79: =+B78+1 -> 58 | E79: 6 | F79: 12 | G79: 1006 | H79: -111 | I79: Semi Truck with Trailer | V79: =SUM(N79:T79) -> 0 | W79: 2x4 | Z79: =+V79 -> 0 | AC79: =+K79 -> 0 | AU79: =SUM(AD79:AT79) -> 0
A80: 46 | B80: =+B79+1 -> 59 | E80: 6 | F80: 13 | G80: 1006 | H80: -112A | I80: Cartoon Truck | V80: =SUM(N80:T80) -> 0 | W80: 2x4 | Z80: =+V80 -> 0 | AC80: =+K80 -> 0 | AU80: =SUM(AD80:AT80) -> 0
A81: 47 | B81: =+B80+1 -> 60 | E81: 6 | F81: 14 | G81: 1006 | H81: -112B | I81: Cartoon Truck without Shell | V81: =SUM(N81:T81) -> 0 | W81: 2x4 | Z81: =+V81 -> 0 | AC81: =+K81 -> 0 | AU81: =SUM(AD81:AT81) -> 0
A82: 48 | B82: =+B81+1 -> 61 | E82: 6 | F82: 15 | G82: 1006 | H82: -113 | I82: 1942 Dodge Power Wagon | V82: =SUM(N82:T82) -> 0 | W82: 2x4 | Z82: =+V82 -> 0 | AC82: =+K82 -> 0 | AU82: =SUM(AD82:AT82) -> 0
A83: 49 | B83: =+B82+1 -> 62 | E83: 6 | F83: 16 | G83: 1006 | H83: -114 | I83: Farm Truck | V83: =SUM(N83:T83) -> 0 | W83: 2x4 | Z83: =+V83 -> 0 | AC83: =+K83 -> 0 | AU83: =SUM(AD83:AT83) -> 0
A84: 149 | B84: =+B83+1 -> 63 | E84: 6 | F84: 17 | G84: 1016 | H84: -114 | I84: Tow Truck/Wrecker | V84: =SUM(N84:T84) -> 0 | W84: 2x4 | Z84: =+V84 -> 0 | AC84: =+K84 -> 0 | AU84: =SUM(AD84:AT84) -> 0
D85: new in 2025 | E85: 6 | F85: 17.1 | I85: Tow Truck with Bug (Thin) | J85: 30 | AI85: 31
A86: 75 | B86: =+B84+1 -> 64 | E86: 6 | F86: 18 | G86: 1007 | H86: -114 | I86: Panel Truck | V86: =SUM(N86:T86) -> 0 | W86: 2x4 | Z86: =+V86 -> 0 | AC86: =+K86 -> 0 | AU86: =SUM(AD86:AT86) -> 0
B87: =+B86+1 -> 65 | D87: new in 2023 | E87: 6 | F87: 19 | G87: 1011 | H87: -102 | I87: Road Grader | J87: 25 | V87: =SUM(N87:T87) -> 0 | W87: 1 inch | Z87: =+V87 -> 0 | AC87: =+K87 -> 0 | AU87: =SUM(AD87:AT87) -> 0
B88: =+B87+1 -> 66 | D88: new in 2023 | E88: 6 | F88: 20 | G88: 1011 | H88: -103 | I88: Runabout Truck | J88: 25 | V88: =SUM(N88:T88) -> 0 | W88: 1 inch | Z88: =+V88 -> 0 | AC88: =+K88 -> 0 | AU88: =SUM(AD88:AT88) -> 0
B89: =+B88+1 -> 67 | D89: new in 2023 | E89: 6 | F89: 21 | G89: 1006 | H89: -115 | I89: Tanker Truck | J89: 25 | Z89: 35 | AC89: =+K89 -> 0 | AJ89: 27 | AU89: =SUM(AD89:AT89) -> 27
D90: new in 2024 | E90: 6 | F90: 22 | I90: Small Log Trucks | J90: 25 | AF90: 30 | AU90: =SUM(AD90:AT90) -> 30
D91: new in 2024 | E91: 6 | F91: 23 | I91: Cement Trucks | J91: 25 | AI91: 26 | AU91: =SUM(AD91:AT91) -> 26
A92: 51 | B92: =+B89+1 -> 68 | C92: 7 | D92: Oldies (5 Favs) | E92: 7 | F92: 0 | K92: =SUM(J93:J112) -> 300 | L92: =+K92 -> 300 | V92: =SUM(N92:T92) -> 0 | Z92: =+V92 -> 0 | AA92: =SUM(Z93:Z112) -> 0 | AB92: 72 | AC92: =+K92 -> 300 | AV92: =SUM(AU93:AU112) -> 148 | AW92: =+AV92+AB92 -> 220
A93: 52 | B93: =+B92+1 -> 69 | E93: 7 | F93: 1 | G93: 1007 | H93: -100-01 XL | I93: -01 Coupe (5 FAVs - size XL on 2x6 stock) | V93: =SUM(N93:T93) -> 0 | W93: 2x6 | Z93: =+V93 -> 0 | AC93: =+K93 -> 0 | AU93: =SUM(AD93:AT93) -> 0
A94: 53 | B94: =+B93+1 -> 70 | E94: 7 | F94: 2 | G94: 1007 | H94: -100-02 XL | I94: -02 Oldie (5 FAVs - size XL) on 2x6 stock | V94: =SUM(N94:T94) -> 0 | W94: 2x6 | Z94: =+V94 -> 0 | AC94: =+K94 -> 0 | AU94: =SUM(AD94:AT94) -> 0
A95: 54 | B95: =+B94+1 -> 71 | E95: 7 | F95: 3 | G95: 1007 | H95: -100-03 XL | I95: -03 Putt-Putt (5 FAVs - size XL on 2x6 stock) | V95: =SUM(N95:T95) -> 0 | W95: 2x6 | Z95: =+V95 -> 0 | AC95: =+K95 -> 0 | AU95: =SUM(AD95:AT95) -> 0
A96: 55 | B96: =+B95+1 -> 72 | E96: 7 | F96: 4 | G96: 1007 | H96: -100-04 XL | I96: -04 Station Wagon(5 FAVs - size XL on 2x6 stock) | V96: =SUM(N96:T96) -> 0 | W96: 2x6 | Z96: =+V96 -> 0 | AC96: =+K96 -> 0 | AU96: =SUM(AD96:AT96) -> 0
A97: 56 | B97: =+B96+1 -> 73 | E97: 7 | F97: 5 | G97: 1007 | H97: -100-05 XL | I97: -05 VDUB Bug (5 FAVs - size XL on 2x6 stock) | V97: =SUM(N97:T97) -> 0 | W97: 2x6 | Z97: =+V97 -> 0 | AC97: =+K97 -> 0 | AU97: =SUM(AD97:AT97) -> 0
A98: 57 | B98: =+B97+1 -> 74 | E98: 7 | F98: 6 | G98: 1007 | H98: -100-01 L | I98: -01 Station Wagon(5 FAVs - size L on 2x6 stock) | J98: 20 | V98: =SUM(N98:T98) -> 0 | W98: 2x4 | Z98: =+V98 -> 0 | AC98: =+K98 -> 0 | AE98: 22 | AU98: =SUM(AD98:AT98) -> 22
A99: 2 | B99: =+B98+1 -> 75 | E99: 7 | F99: 7 | G99: 1007 | H99: -100-02 L | I99: -02 Putt Putt (5 FAVs - size L on 2x6 stock) | J99: 20 | V99: =SUM(N99:T99) -> 0 | W99: 2x4 | Z99: =+V99 -> 0 | AC99: =+K99 -> 0 | AU99: =SUM(AD99:AT99) -> 0
A100: 59 | B100: =+B99+1 -> 76 | E100: 7 | F100: 8 | G100: 1007 | H100: -100-03 L | I100: -03 Coupe (5 FAVs - size L on 2x6 stock) | J100: 20 | V100: =SUM(N100:T100) -> 0 | W100: 2x4 | Z100: =+V100 -> 0 | AC100: =+K100 -> 0 | AU100: =SUM(AD100:AT100) -> 0
A101: 60 | B101: =+B100+1 -> 77 | E101: 7 | F101: 9 | G101: 1007 | H101: -100-04 L | I101: -04 Oldie (5 FAVs - size L on 2x6 stock) | J101: 20 | V101: =SUM(N101:T101) -> 0 | W101: 2x4 | Z101: =+V101 -> 0 | AC101: =+K101 -> 0 | AJ101: 18 | AU101: =SUM(AD101:AT101) -> 18
A102: 61 | B102: =+B101+1 -> 78 | E102: 7 | F102: 10 | G102: 1007 | H102: -100-05 L | I102: -05 VDUB Bug (5 FAVs - size L) on 2x6 stock | J102: 20 | V102: =SUM(N102:T102) -> 0 | W102: 2x4 | Z102: =+V102 -> 0 | AC102: =+K102 -> 0 | AH102: 23 | AU102: =SUM(AD102:AT102) -> 23
A103: 131 | B103: =+B102+1 -> 79 | E103: 7 | F103: 11 | G103: 1016 | H103: -100-01 M | I103: -01 Station Wagon(5 FAVs - size M) on 1" stock | J103: 20 | V103: =SUM(N103:T103) -> 0 | W103: 1 inch | Z103: =+V103 -> 0 | AC103: =+K103 -> 0 | AI103: 21 | AU103: =SUM(AD103:AT103) -> 21
A104: 132 | B104: =+B103+1 -> 80 | E104: 7 | F104: 12 | G104: 1016 | H104: -100-02 M | I104: -02 Putt-Putt (5 FAVs - size M) on 1" stock | J104: 20 | V104: =SUM(N104:T104) -> 0 | W104: 1 inch | Z104: =+V104 -> 0 | AC104: =+K104 -> 0 | AU104: =SUM(AD104:AT104) -> 0
A105: 133 | B105: =+B104+1 -> 81 | E105: 7 | F105: 13 | G105: 1016 | H105: -100-03 M | I105: -03 Coupe (5 FAVs - size M) on 1" stock | J105: 20 | V105: =SUM(N105:T105) -> 0 | W105: 1 inch | Z105: =+V105 -> 0 | AC105: =+K105 -> 0 | AJ105: 19 | AU105: =SUM(AD105:AT105) -> 19
A106: 134 | B106: =+B105+1 -> 82 | E106: 7 | F106: 14 | G106: 1016 | H106: -100-04 M | I106: -04 Oldie (5 FAVs - size M) on 1" stock | J106: 20 | V106: =SUM(N106:T106) -> 0 | W106: 1 inch | Z106: =+V106 -> 0 | AC106: =+K106 -> 0 | AU106: =SUM(AD106:AT106) -> 0
A107: 135 | B107: =+B106+1 -> 83 | E107: 7 | F107: 15 | G107: 1016 | H107: -100-05 M | I107: -05 VDUB Bug (5 FAVs - size M) on 1" stock | J107: 20 | V107: =SUM(N107:T107) -> 0 | W107: 1 inch | Z107: =+V107 -> 0 | AC107: =+K107 -> 0 | AE107: 25 | AU107: =SUM(AD107:AT107) -> 25
A108: 126 | B108: =+B107+1 -> 84 | E108: 7 | F108: 16 | G108: 1016 | H108: -100-01 S | I108: -01 Station Wagon (5 FAVs - size S) on 1" popular | J108: 20 | V108: =SUM(N108:T108) -> 0 | W108: 1 inch | Z108: =+V108 -> 0 | AC108: =+K108 -> 0 | AU108: =SUM(AD108:AT108) -> 0
A109: 127 | B109: =+B108+1 -> 85 | E109: 7 | F109: 17 | G109: 1016 | H109: -100-02 S | I109: -02 Putt-Putt (5 FAVs - size S) on 1" popular | J109: 20 | V109: =SUM(N109:T109) -> 0 | W109: 1 inch | Z109: =+V109 -> 0 | AC109: =+K109 -> 0 | AU109: =SUM(AD109:AT109) -> 0
A110: 128 | B110: =+B109+1 -> 86 | E110: 7 | F110: 18 | G110: 1016 | H110: -100-03 S | I110: -03 Coupe (5 FAVs - size S) on 1" popular | J110: 20 | V110: =SUM(N110:T110) -> 0 | W110: 1 inch | Z110: =+V110 -> 0 | AC110: =+K110 -> 0 | AI110: 20 | AU110: =SUM(AD110:AT110) -> 20
A111: 129 | B111: =+B110+1 -> 87 | E111: 7 | F111: 19 | G111: 1016 | H111: -100-04 S | I111: -04 Oldie (5 FAVs - size S) on 1" popular | J111: 20 | V111: =SUM(N111:T111) -> 0 | W111: 1 inch | Z111: =+V111 -> 0 | AC111: =+K111 -> 0 | AU111: =SUM(AD111:AT111) -> 0
...

Sheet TOYS COUNT ITD
E1: Source Data
E2: 2013 | F2: 70 | G2: WAVI and Benji's House in June 2013
F3: 45 | G3: WW Show
F4: 200 | G4: Hills Alive in July 2013
F5: 2001 | G5: Toys at Christmas
F6: =SUM(F2:F5) -> 2316
E7: 2014
F8: 35 | G8: WAVI in June 2014
F9: 50 | G9: College Student Program
F10: 150 | G10: Airmen in March
F11: 45 | G11: WW Show
F12: 200 | G12: Giveaway Vans - A Day in the Park in July 2014
F13: 2039 | G13: Toys at Christmas
F14: =SUM(F8:F13) -> 2519
E15: 2015
F16: 35 | G16: Back Pack Program
F17: 35 | G17: WAVI in June 2015
F18: 45 | G18: WW Show
F19: 100 | G19: Maker Fair - Aug 2015 | K19: Year | L19: Toys
F20: 2589 | G20: Toys at Christmas | K20: 2008 | L20: 400
F21: =SUM(F16:F20) -> 2804 | K21: 2009 | L21: 1260
E22: 2016 | K22: 2010 | L22: 1430
F23: 45 | G23: WW Show | H23: 42497 | K23: 2011 | L23: 1620
F24: 85 | G24: Giveaway Vans - Make A Wish Foundation | H24: 42504 | K24: 2012 | L24: 2001
F25: 125 | G25: Giveaway Vans - Kenadi Fundraiser | H25: 42546 | K25: 2013 | L25: =+F6 -> 2316
F26: 0 | G26: WAVI in June 2016 (Qty 50 - included in 2015 Toys) | K26: 2014 | L26: =+F14 -> 2519
F27: 200 | G27: Pinewood Derby - Club for Boys | H27: 42571 | K27: 2015 | L27: =+F21 -> 2804
F28: 155 | G28: Giveaway Vans - Maker Faire | H28: 42581 | K28: 2016 | L28: =+F33 -> 3144
F29: 50 | G29: Giveaway Vans - Oerichs Kindergarten | H29: 42581 | K29: 2017 | L29: =+F44 -> 3397
F30: 25 | G30: Giveaway Vans - Lutheran Church Outreach Event | H30: 42610 | K30: 2018 | L30: =+F59 -> 4053
F31: 75 | G31: Love Bug Project - thruout the year | K31: 2019 | L31: =+F73 -> 4427
F32: 2384 | G32: Toys at Christmas | H32: 42707 | K32: 2020 | L32: 2942
F33: =SUM(F23:F32) -> 3144 | K33: 2021 | L33: 3509
E34: 2017 | K34: 2022 | L34: =+F120 -> 3462
F35: 50 | G35: WW Show | H35: 42847 | K35: 2023 | L35: =+F139 -> 4263
F36: 85 | G36: Giveaway Vans - Make A Wish Foundation | H36: 42875 | K36: 2024 | L36: =+F157 -> 4584
F37: 85 | G37: Giveaway Vans - A Day in the Park in July 2017 | H37: 42931 | L37: =SUM(L20:L36) -> 48131 | M37: total toys given away to date
F38: 254 | G38: Giveaway Vans - Kenadi Fundraiser | H38: 42910
F39: 0 | G39: WAVI in June 2017 (Qty 50 - included in 2016 Toys)
F40: 200 | G40: Pinewood Derby - Club for Boys | H40: 42941
F41: 33 | G41: Giveaway Vans - Lutheran Church Outreach Event | H41: 42966
F42: 250 | G42: Love Bug Project - thruout the year (estimated)
F43: 2440 | G43: Toys at Christmas | H43: 43071
F44: =SUM(F35:F43) -> 3397
E46: 2018
F47: 45 | G47: WW Show - Trains | H47: 43218
F48: 15 | G48: Rick - Trains to give away at Knechts | H48: 43232
F49: 50 | G49: Love Bugs to Rapid City Fire Dept | H49: 43232
F50: 50 | G50: Giveaway Vans - Make A Wish Foundation | H50: 43239
F51: 379 | G51: Giveaway Vans - Kenadi Fundraiser | H51: 43274
F52: --- | G52: WAVI in June 2018 (Qty 50 - included in 2017 Toys)
F53: 100 | G53: Pinewood Derby - Club for Boys | H53: 43297
F54: 25 | G54: Giveaway Vans - Lutheran Church Outreach Event | H54: 43330
F55: 45 | G55: Giveaway Vans - Sturgis Threshing Bee | H55: 43330
F56: 80 | G56: Giveaway Vans - Spearfish Knechts Re-opening | H56: 43386
F57: 250 | G57: Love Bug Project - thruout the year (estimated)
F58: 3014 | G58: Toys at Christmas | H58: 43435
F59: =SUM(F47:F58) -> 4053
E61: 2019
F62: 40 | G62: WW Show - Delivery Vans | H62: 43582
F63: 50 | G63: Love Bugs to Rapid City Fire Dept
F64: 85 | G64: Giveaway Vans - Make A Wish Foundation | H64: 43603
F65: 250 | G65: Giveaway Vans - Kenadi Fundraiser | H65: 43638
F66: --- | G66: WAVI in June 2018 (Qty 50 - included in 2018 Toys)
F67: 100 | G67: Pinewood Derby - Club for Boys | H67: 43661
F68: 32 | G68: Giveaway Vans - Sturgis Threshing Bee | H68: 43694
F69: 81 | G69: Tractors - Sturgis Threshing Bee | H69: 43694
F70: 250 | G70: Love Bug Project - thruout the year (estimated)
F71: 50 | G71: Love Bugs to Rapid City Fire Dept | H71: 43778
F72: 3489 | G72: Toys at Christmas (2,837 allocated) | H72: 43806
F73: =SUM(F62:F72) -> 4427
F75: 410 | G75: Leftover at end of distribution of toys | H75: 43806
E77: 2020
F78: 40 | G78: WW Show - Ducks (racing) | H78: 44107
F79: 50 | G79: Love Bugs to Rapid City Fire Dept
F80: 0 | G80: Giveaway Vans - Make A Wish Foundation
F81: 0 | G81: Giveaway Vans - Kenadi Fundraiser
F82: --- | G82: WAVI in June 2020 (Qty 50 - included in 2020 Toys)
F83: 100 | G83: Pinewood Derby - Club for Boys
F84: 0 | G84: Giveaway Vans - Sturgis Threshing Bee
F85: 0 | G85: Tractors - Sturgis Threshing Bee
F86: 200 | G86: Love Bug Project - thruout the year (estimated)
F87: 2552 | G87: Toys at Christmas (2,243 allocated) | H87: 44170
F88: =SUM(F78:F87) -> 2942
F90: 151 | G90: Leftover at end of distribution of toys | H90: 44170
E92: 2021
F93: 50 | G93: WW Show - Lady Bugs (racing)
F94: 50 | G94: Love Bugs to Rapid City Fire Dept
F95: 0 | G95: Giveaway Vans - Make A Wish Foundation
F96: 0 | G96: Giveaway Vans - Kenadi Fundraiser
F97: --- | G97: WAVI in June 2021 (Qty 50 - included in 2021 Toys)
F98: 100 | G98: Pinewood Derby - Club for Boys
F99: 50 | G99: Giveaway Vans - Sturgis Threshing Bee
F100: 65 | G100: Tractors - Sturgis Threshing Bee
F101: 300 | G101: Love Bug Project - thruout the year (estimated)
F102: 2894 | G102: Toys at Christmas | H102: 44534
F103: =SUM(F93:F102) -> 3509
F105: 520 | G105: Leftover at end of distribution of toys | H105: 44534
E107: 2022
F108: 50 | G108: WW Show - PUZZLE Cars | H108: 44674
...

Sheet scratchpad
A1: Toy # | B1: Sub-Toy # | C1: Drwg Part # | D1: Ext | E1: individual toy name | F1: Toys Planned for 2025 | G1: WIP | H1: STATUS 8.22.25
A2: 1 | B2: 0
A3: 1 | B3: 1 | C3: 1001 | D3: -100 | E3: BB Game | F3: 100
A4: 2 | B4: 0
A5: 2 | B5: 1 | C5: 1002 | D5: -101 | E5: Rocking Chair | F5: 40
A7: 3 | B7: 0
A8: 3 | B8: 1 | C8: 1003 | D8: -100 | E8: Tugboat | F8: 100 | G8: 1 | H8: needs all
A9: 3 | B9: 2 | E9: Motor Boats | F9: 30
A10: 4 | B10: 0
A11: 4 | B11: 1 | C11: 1004 | D11: -100 | E11: Racer 100 - STANDARD - MEDIUM | F11: 30
A12: 4 | B12: 2 | C12: 1004 | D12: -101 | E12: Racer 101 - DELUXE | F12: 30
A13: 4 | B13: 3 | C13: 1004 | D13: -102 | E13: Racer 102 -LES ROGERS | F13: 30
A14: 4 | B14: 4 | C14: 1004 | D14: -103 | E14: Racer 103 - STANDARD - SMALL | F14: 30
A15: 4 | B15: 5 | C15: 1004 | D15: -104 | E15: Racer 104 - Lightning McQueen - Large | F15: 20 | G15: 1 | H15: needs all
A16: 4 | B16: 6 | C16: 1004 | D16: -105 | E16: Racer 105 - Lightning McQueen - Small | F16: 20 | G16: 1 | H16: needs all
A17: 4 | B17: 7 | C17: 1004 | D17: -106 | E17: Racer 106 - like small boat
A18: 4 | B18: 8 | C18: 1004 | D18: -107 | E18: Family Racer - two door
A19: 4 | B19: 9 | C19: 1006 | D19: -105 | E19: Batman Race Car - Medium | F19: 20
A20: 4 | B20: 10 | C20: 1006 | D20: -105A | E20: Batman Race Car -Small | F20: 20 | G20: 1 | H20: cut and drilled
A21: 4 | B21: 11 | C21: CFB | D21: CFB-01 | E21: CFB RACER - STANDARD - LARGE (10" for CFB) | F21: 20
A22: 4 | B22: 12 | C22: CFB | D22: CFB-02 | E22: CFB Racer - DELUXE - LARGE (10" for CFB) | F22: 20
A23: 4 | B23: 13 | C23: CFB | D23: CFB-03 | E23: CFB Racer - LONG THIN - LARGE (10" for CFB) | F23: 20
A24: 4 | B24: 14 | C24: CFB | D24: CFB-04 | E24: CFB RACER - Batman -LARGE (10" for CFB) | F24: 40
A25: 4 | B25: 15 | C25: 1006 | D25: -103 | E25: Racers by Les Rogers (LR): 1006-103-1A thru 1006-103- 5D
A26: 4 | B26: 16 | C26: 1004 | D26: -108 | E26: Derby Car | F26: 30
A27: 5 | B27: 0
A28: 5 | B28: 1 | C28: 1006 | D28: -100 | E28: PT Cruiser | F28: 30
A29: 5 | B29: 2 | C29: 1006 | D29: -101 | E29: Gangsta Car
A30: 5 | B30: 3 | C30: 1006 | D30: -102 | E30: Chevy 1949er
A31: 5 | B31: 6 | C31: 1006 | D31: -109 | E31: 2014 Subaru Outback
A32: 5 | B32: 7 | C32: 1007 | D32: -101 | E32: Ameba Car
A33: 5 | B33: 8 | C33: 1007 | D33: -102 | E33: C-Car | F33: 20 | G33: 1 | H33: needs all
A34: 5 | B34: 9 | E34: spare slot
A35: 5 | B35: 10 | C35: 1007 | D35: -109 | E35: Old 69 VW Bug | F35: 20 | G35: 1 | H35: needs all
A36: 5 | B36: 11 | C36: 1007 | D36: -110 | E36: Fiat 500D
A37: 5 | B37: 12 | C37: 1007 | D37: -111 | E37: Fiat 500- 2 (Older)
A38: 5 | B38: 13 | C38: 1007 | D38: -112 | E38: Scion
A39: 5 | B39: 14 | C39: 1007 | D39: -113 | E39: KIA Soul
A40: 5 | B40: 15 | C40: 1007 | D40: -115 | E40: Little Boxy Car
A41: 5 | B41: 16 | C41: 1007 | D41: -116 | E41: Kid Car | F41: 20
A42: 5 | B42: 17 | C42: 1007 | D42: -117 | E42: MG VA1
A43: 5 | B43: 18 | C43: 1007 | D43: -118 | E43: MG-TC
A44: 5 | B44: 19 | C44: 1011 | D44: -105 | E44: Runabout Car | F44: 25
A45: 5 | B45: 20 | C45: 1011 | D45: -106 | E45: Golf Car | F45: 25 | G45: 1 | H45: cut and drilled
A46: 5 | B46: 21 | C46: 1007 | D46: 133 | E46: Clown Car | F46: 25 | G46: 1 | H46: needs all
A48: 6 | B48: 0
A49: 6 | B49: 1 | C49: 1006 | D49: -104 | E49: Pickup Truck Body 1 - used for flatbed, tanker, water truck, etc. | F49: 30 | G49: 1 | H49: needs all
A50: 6 | B50: 2 | C50: 1006 | D50: -106 | E50: Pickup Truck Body 2 - 4WD -used for flatbed, tanker, water truck | F50: 30 | G50: 1 | H50: needs all
A51: 6 | B51: 3 | C51: 1006 | D51: -107-01 | E51: Cab ONLY - for Trailer series:
A52: 6 | B52: 4 | C52: 1006 | D52: -107-02 | E52: Cab with Flat bed trailer
A53: 6 | B53: 5 | C53: 1006 | D53: -107-03 | E53: Cab with Log Hauling trailer | F53: 30
A54: 6 | B54: 6 | C54: 1006 | D54: -107-04 | E54: Cab with Semi trailer
A55: 6 | B55: 7 | C55: 1006 | D55: -107-05 | E55: Cab with Tanker trailer
A56: 6 | B56: 8 | C56: 1006 | D56: -107-06 | E56: Cab with Crayon Hauler Trailer
A57: 6 | B57: 9 | C57: 1006 | D57: -108 | E57: 1965 Ford Pickup
A58: 6 | B58: 10 | C58: 1006 | D58: -110 | E58: 2000 GMC Sierra Truck
A59: 6 | B59: 11 | C59: 1016 | D59: -106 | E59: Mail Truck (Postal Carrier)
A60: 6 | B60: 12 | C60: 1006 | D60: -111 | E60: Semi Truck with Trailer
A61: 6 | B61: 13 | C61: 1006 | D61: -112A | E61: Cartoon Truck
A62: 6 | B62: 14 | C62: 1006 | D62: -112B | E62: Cartoon Truck without Shell
A63: 6 | B63: 15 | C63: 1006 | D63: -113 | E63: 1942 Dodge Power Wagon
A64: 6 | B64: 16 | C64: 1006 | D64: -114 | E64: Farm Truck
A65: 6 | B65: 17 | C65: 1016 | D65: -114 | E65: Tow Truck/Wrecker
A66: 6 | B66: 17.1 | E66: Tow Truck with Bug (Thin) | F66: 30
A67: 6 | B67: 18 | C67: 1007 | D67: -114 | E67: Panel Truck
A68: 6 | B68: 19 | C68: 1011 | D68: -102 | E68: Road Grader | F68: 25 | G68: 1 | H68: CUT and drilled
A69: 6 | B69: 20 | C69: 1011 | D69: -103 | E69: Runabout Truck | F69: 25
A70: 6 | B70: 21 | C70: 1006 | D70: -115 | E70: Tanker Truck | F70: 25
A71: 6 | B71: 22 | E71: Small Log Trucks | F71: 25
A72: 6 | B72: 23 | E72: Cement Trucks | F72: 25
A73: 7 | B73: 0
A74: 7 | B74: 1 | C74: 1007 | D74: -100-01 XL | E74: -01 Coupe (5 FAVs - size XL on 2x6 stock)
A75: 7 | B75: 2 | C75: 1007 | D75: -100-02 XL | E75: -02 Oldie (5 FAVs - size XL) on 2x6 stock
A76: 7 | B76: 3 | C76: 1007 | D76: -100-03 XL | E76: -03 Putt-Putt (5 FAVs - size XL on 2x6 stock)
A77: 7 | B77: 4 | C77: 1007 | D77: -100-04 XL | E77: -04 Station Wagon(5 FAVs - size XL on 2x6 stock)
A78: 7 | B78: 5 | C78: 1007 | D78: -100-05 XL | E78: -05 VDUB Bug (5 FAVs - size XL on 2x6 stock)
A79: 7 | B79: 6 | C79: 1007 | D79: -100-01 L | E79: -01 Station Wagon(5 FAVs - size L on 2x6 stock) | F79: 20
A80: 7 | B80: 7 | C80: 1007 | D80: -100-02 L | E80: -02 Putt Putt (5 FAVs - size L on 2x6 stock) | F80: 20
A81: 7 | B81: 8 | C81: 1007 | D81: -100-03 L | E81: -03 Coupe (5 FAVs - size L on 2x6 stock) | F81: 20 | G81: 1 | H81: needs all
A82: 7 | B82: 9 | C82: 1007 | D82: -100-04 L | E82: -04 Oldie (5 FAVs - size L on 2x6 stock) | F82: 20
A83: 7 | B83: 10 | C83: 1007 | D83: -100-05 L | E83: -05 VDUB Bug (5 FAVs - size L) on 2x6 stock | F83: 20
A84: 7 | B84: 11 | C84: 1016 | D84: -100-01 M | E84: -01 Station Wagon(5 FAVs - size M) on 1" stock | F84: 20
A85: 7 | B85: 12 | C85: 1016 | D85: -100-02 M | E85: -02 Putt-Putt (5 FAVs - size M) on 1" stock | F85: 20 | G85: 1 | H85: CUT and drilled
A86: 7 | B86: 13 | C86: 1016 | D86: -100-03 M | E86: -03 Coupe (5 FAVs - size M) on 1" stock | F86: 20
A87: 7 | B87: 14 | C87: 1016 | D87: -100-04 M | E87: -04 Oldie (5 FAVs - size M) on 1" stock | F87: 20
A88: 7 | B88: 15 | C88: 1016 | D88: -100-05 M | E88: -05 VDUB Bug (5 FAVs - size M) on 1" stock | F88: 20
A89: 7 | B89: 16 | C89: 1016 | D89: -100-01 S | E89: -01 Station Wagon (5 FAVs - size S) on 1" popular | F89: 20
A90: 7 | B90: 17 | C90: 1016 | D90: -100-02 S | E90: -02 Putt-Putt (5 FAVs - size S) on 1" popular | F90: 20
A91: 7 | B91: 18 | C91: 1016 | D91: -100-03 S | E91: -03 Coupe (5 FAVs - size S) on 1" popular | F91: 20
A92: 7 | B92: 19 | C92: 1016 | D92: -100-04 S | E92: -04 Oldie (5 FAVs - size S) on 1" popular | F92: 20
A93: 7 | B93: 20 | C93: 1016 | D93: -100-05 S | E93: -05 VDUB Bug (5 FAVs - size S) on 1" popular | F93: 20
A94: 8 | B94: 0
A95: 8 | B95: 1 | C95: 1008 | D95: -100 | E95: Bus, School - obsolete - do not use
A96: 8 | B96: 2 | C96: 1008 | D96: -102 | E96: Bus, School - 2014 Model (Larry Borg) | F96: 25
A97: 8 | B97: 3 | C97: 1008 | D97: -104 | E97: VDUB Micro Bus
A98: 9 | B98: 0
A99: 9 | B99: 1 | C99: 1009 | D99: -100 | E99: Locomotive (Roger Bares Design)
A100: 9 | B100: 2 | C100: 1009 | D100: -102 | E100: Locomotive (RWB Mod Design)
A101: 9 | B101: 3 | C101: 1009 | D101: -103 | E101: Locomotive (AL OINES Design) small
A102: 9 | B102: 4 | C102: 1009 | D102: -104 | E102: Locomotive (WW Show Design) small, Use Redwood stock or 1" | F102: 100 | G102: 1 | H102: needs all
...

Sheet 2024 -TOY PROGRAM MGT SYS
G1: TOY PLANS MANAGEMENT SYSTEM
G2: GROUND RULES
G3: 1. Toy Number is its category and its sequence within that category. Eg. Toy 16.34
G4: 2. Drawing number for each toy is "toy-category+assembly+-XX".
I11: NOTES re this worksheet:
I12: Changes are shown as shaded cells.
D14: Toy Number = Cat No + Sub-Cat No | I14: Some columns are hidden for printing TRACING DETAILS only. Remember to restore (unhide) when printing out the TOY PLANS MANAGEMENT SYSTEM.
G16: To use the autosorting feature, there can be no blank rows in the list. | I16: The sorting column is used to print tracing lists (A) for wheeled vehicles and (B) for critters. "c" for tracing is complete. This is done manually each time you need to print a list.
G19: LIST OF DRAWINGS | N19: 45304 | O19: 45318 | P19: 45332 | Q19: 45346 | R19: 45360 | S19: 45374 | T19: 45395
A20: Restore | D20: Category Name | E20: Toy # | F20: Sub-Toy # | G20: Drwg Part # | H20: Ext | I20: individual toy name | J20: Toys Planned for 2024 | K20: Subtotal per Category | L20: Goal for 2024 per Category | M20: Traceable or Not Traceable | N20: Total Traced on 1-20-24 | O20: Total Traced on 1-27-24 | P20: Total Traced on 2-10-24 | Q20: Total Traced on 2-24-24 | R20: Total Traced on 3-9-24 | S20: Total Traced on 3-23-24 | T20: Total Traced on 4-13-24 | U20: Total Traced for 2024 | V20: Stock Size | W20: Tracer | X20: Pattern Retnd? | Y20: Totals Traced | Z20: Totals per Category Traced | AA20: Toys LEFT OVER | AB20: Goal for 2024 per Category | AC20: Done on 3.23.24 | AD20: Done on 6.8.24 | AE20: Done on 7.13.24 | AF20: Done on 7.27.24 | AG20: Done on 8.24.24 | AH20: Done on 9.7.24 | AI20: Done on 9.21 | AJ20: Done on 9.28 | AK20: Done on 10.5 | AL20: Done on 10.12 | AM20: Done on 10.19 | AN20: Done on 10.26 | AO20: Done on 11.2 | AP20: Done on 11.9 | AQ20: Done on 11.16 | AR20: Done on 11.23 | AS20: Done on 11.30 | AT20: Subtotals New | AU20: Category Subtotal | AV20: Totals in Inventory
A21: 1 | B21: 1 | C21: 1 | D21: Basketball Games | E21: 1 | F21: 0 | K21: =SUM(J22) -> 100 | L21: =+K21 -> 100 | U21: =SUM(N21:T21) -> 0 | Y21: =+U21 -> 0 | Z21: =SUM(Y22) -> 0 | AA21: 10 | AB21: =+K21 -> 100 | AU21: =SUM(AT22) -> 99 | AV21: =+AU21+AA21 -> 109
A22: 2 | B22: =+B21+1 -> 2 | E22: 1 | F22: 1 | G22: 1001 | H22: -100 | I22: BB Game | J22: 100 | M22: N | U22: =SUM(N22:T22) -> 0 | V22: 1x4 | Y22: =+U22 -> 0 | AO22: 72 | AP22: 27 | AT22: =SUM(AC22:AS22) -> 99
A23: 4 | B23: =+B22+1 -> 3 | C23: 2 | D23: Rocking Chairs | E23: 2 | F23: 0 | K23: =+J24 -> 40 | L23: =+K23 -> 40 | U23: =SUM(N23:T23) -> 0 | Y23: =+U23 -> 0 | Z23: =+Y24 -> 0 | AA23: 5 | AB23: =+K23 -> 40 | AU23: =SUM(AT24) -> 40 | AV23: =+AU23+AA23 -> 45
A24: 5 | B24: =+B23+1 -> 4 | E24: 2 | F24: 1 | G24: 1002 | H24: -101 | I24: Rocking Chair | J24: 40 | M24: N | U24: =SUM(N24:T24) -> 0 | V24: 1/2 x | Y24: =+U24 -> 0 | AL24: 40 | AT24: =SUM(AC24:AS24) -> 40
A26: 8 | B26: =+B24+1 -> 5 | C26: 3 | D26: Tugboats | E26: 3 | F26: 0 | K26: =SUM(J27:J28) -> 130 | AA26: 7 | AU26: =SUM(AT27:AT28) -> 138 | AV26: =+AU26+AA26 -> 145
B27: =+B26+1 -> 6 | E27: 3 | F27: 1 | G27: 1003 | H27: -100 | I27: Tugboat | J27: 100 | L27: =+K26 -> 130 | U27: =SUM(N27:T27) -> 0 | Y27: =+U27 -> 0 | Z27: =+Y28 -> 0 | AB27: =+K26 -> 130 | AK27: 29 | AL27: 75 | AQ27: 5 | AT27: =SUM(AC27:AS27) -> 109
B28: =+B27+1 -> 7 | E28: 3 | F28: 2 | I28: Motor Boats | J28: 30 | AH28: 29 | AT28: =SUM(AC28:AS28) -> 29
A29: 10 | B29: =+B28+1 -> 8 | C29: 4 | D29: Racers | E29: 4 | F29: 0 | K29: =SUM(J30:J45) -> 330 | L29: =+K29 -> 330 | U29: =SUM(N29:T29) -> 0 | Y29: =+U29 -> 0 | Z29: =SUM(Y30:Y45) -> 0 | AA29: =SUM(AA30:AA45) -> 66 | AB29: =+K29 -> 330 | AU29: =SUM(AT30:AT45) -> 331 | AV29: =+AU29+AA29 -> 397
A30: 11 | B30: =+B29+1 -> 9 | E30: 4 | F30: 1 | G30: 1004 | H30: -100 | I30: Racer 100 - STANDARD - MEDIUM | J30: 30 | U30: =SUM(N30:T30) -> 0 | V30: 2x4 | Y30: =+U30 -> 0 | AA30: 11 | AB30: =+K30 -> 0 | AK30: 32 | AT30: =SUM(AC30:AS30) -> 32
A31: 12 | B31: =+B30+1 -> 10 | E31: 4 | F31: 2 | G31: 1004 | H31: -101 | I31: Racer 101 - DELUXE | J31: 30 | U31: =SUM(N31:T31) -> 0 | V31: 2x4 | Y31: =+U31 -> 0 | AA31: 7 | AB31: =+K31 -> 0 | AQ31: 31 | AT31: =SUM(AC31:AS31) -> 31
A32: 13 | B32: =+B31+1 -> 11 | E32: 4 | F32: 3 | G32: 1004 | H32: -102 | I32: Racer 102 -LES ROGERS | J32: 30 | U32: =SUM(N32:T32) -> 0 | V32: 2x4 | Y32: =+U32 -> 0 | AA32: 9 | AB32: =+K32 -> 0 | AR32: 44 | AT32: =SUM(AC32:AS32) -> 44
A33: 14 | B33: =+B32+1 -> 12 | E33: 4 | F33: 4 | G33: 1004 | H33: -103 | I33: Racer 103 - STANDARD - SMALL | J33: 30 | U33: =SUM(N33:T33) -> 0 | V33: 2x4 | Y33: =+U33 -> 0 | AA33: 10 | AB33: =+K33 -> 0 | AK33: 60 | AT33: =SUM(AC33:AS33) -> 60
A34: 15 | B34: =+B33+1 -> 13 | E34: 4 | F34: 5 | G34: 1004 | H34: -104 | I34: Racer 104 - Lightning McQueen - Large | J34: 20 | U34: =SUM(N34:T34) -> 0 | V34: 2x4 | Y34: =+U34 -> 0 | AA34: 3 | AB34: =+K34 -> 0 | AF34: 27 | AI34: 2 | AT34: =SUM(AC34:AS34) -> 29
A35: 16 | B35: =+B34+1 -> 14 | E35: 4 | F35: 6 | G35: 1004 | H35: -105 | I35: Racer 105 - Lightning McQueen - Small | J35: 20 | U35: =SUM(N35:T35) -> 0 | V35: 2x4 | Y35: =+U35 -> 0 | AA35: 15 | AB35: =+K35 -> 0 | AI35: 26 | AT35: =SUM(AC35:AS35) -> 26
A36: 17 | B36: =+B35+1 -> 15 | E36: 4 | F36: 7 | G36: 1004 | H36: -106 | I36: Racer 106 - like small boat | U36: =SUM(N36:T36) -> 0 | V36: 2x4 | Y36: =+U36 -> 0 | AB36: =+K36 -> 0 | AT36: =SUM(AC36:AS36) -> 0
A37: 18 | B37: =+B36+1 -> 16 | E37: 4 | F37: 8 | G37: 1004 | H37: -107 | I37: Family Racer - two door | U37: =SUM(N37:T37) -> 0 | V37: 2x4 | Y37: =+U37 -> 0 | AB37: =+K37 -> 0 | AT37: =SUM(AC37:AS37) -> 0
A38: 34 | B38: =+B37+1 -> 17 | E38: 4 | F38: 9 | G38: 1006 | H38: -105 | I38: Batman Race Car - Medium | J38: 20 | U38: =SUM(N38:T38) -> 0 | V38: 2x4 | Y38: =+U38 -> 0 | AA38: 8 | AB38: =+K38 -> 0 | AF38: 23 | AI38: 2 | AT38: =SUM(AC38:AS38) -> 25
B39: =+B38+1 -> 18 | E39: 4 | F39: 10 | G39: 1006 | H39: -105A | I39: Batman Race Car -Small | J39: 20 | U39: =SUM(N39:T39) -> 0 | V39: 2x4 | Y39: =+U39 -> 0 | AA39: 3 | AB39: =+K39 -> 0 | AI39: 25 | AT39: =SUM(AC39:AS39) -> 25
A40: 22 | B40: =+B39+1 -> 19 | E40: 4 | F40: 11 | G40: CFB | H40: CFB-01 | I40: CFB RACER - STANDARD - LARGE (10" for CFB) | J40: 20 | U40: =SUM(N40:T40) -> 0 | V40: 2x4 | Y40: =+U40 -> 0 | AB40: =+K40 -> 0 | AT40: =SUM(AC40:AS40) -> 0
A41: 19 | B41: =+B40+1 -> 20 | D41: For CFB: cut and sand only | E41: 4 | F41: 12 | G41: CFB | H41: CFB-02 | I41: CFB Racer - DELUXE - LARGE (10" for CFB) | J41: 20 | U41: =SUM(N41:T41) -> 0 | V41: 2x4 | Y41: =+U41 -> 0 | AB41: =+K41 -> 0 | AT41: =SUM(AC41:AS41) -> 0
A42: 20 | B42: =+B41+1 -> 21 | D42: For CFB: cut and sand only | E42: 4 | F42: 13 | G42: CFB | H42: CFB-03 | I42: CFB Racer - LONG THIN - LARGE (10" for CFB) | J42: 20 | U42: =SUM(N42:T42) -> 0 | V42: 2x4 | Y42: =+U42 -> 0 | AB42: =+K42 -> 0 | AI42: 2 | AT42: =SUM(AC42:AS42) -> 2
A43: 21 | B43: =+B42+1 -> 22 | D43: For CFB: cut and sand only | E43: 4 | F43: 14 | G43: CFB | H43: CFB-04 | I43: CFB RACER - Batman -LARGE (10" for CFB) | J43: 40 | U43: =SUM(N43:T43) -> 0 | V43: 2x4 | Y43: =+U43 -> 0 | AB43: =+K43 -> 0 | AI43: 25 | AT43: =SUM(AC43:AS43) -> 25
B44: =+B43+1 -> 23 | D44: For CFB: cut and sand only | E44: 4 | F44: 15 | G44: 1006 | H44: -103 | I44: Racers by Les Rogers (LR): 1006-103-1A thru 1006-103- 5D | Y44: 0
A45: 32 | B45: =+B44+1 -> 24 | D45: new in 2023 | E45: 4 | F45: 16 | G45: 1004 | H45: -108 | I45: Derby Car | J45: 30 | U45: =SUM(N45:T45) -> 0 | V45: 2x4 | Y45: =+U45 -> 0 | AB45: =+K45 -> 0 | AH45: 32 | AT45: =SUM(AC45:AS45) -> 32
B46: =+B45+1 -> 25 | C46: 5 | D46: Cars | E46: 5 | F46: 0 | K46: =SUM(J47:J65) -> 165 | L46: =+K46 -> 165 | U46: =SUM(N46:T46) -> 0 | Y46: =+U46 -> 0 | Z46: =SUM(Y47:Y64) -> 0 | AA46: 0 | AB46: =+K46 -> 165 | AU46: =SUM(AT47:AT65) -> 130 | AV46: =+AU46+AA46 -> 130
A47: 29 | B47: =+B46+1 -> 26 | E47: 5 | F47: 1 | G47: 1006 | H47: -100 | I47: PT Cruiser | J47: 30 | U47: =SUM(N47:T47) -> 0 | V47: 2x4 | Y47: =+U47 -> 0 | AB47: =+K47 -> 0 | AI47: 2 | AT47: =SUM(AC47:AS47) -> 2
A48: 30 | B48: =+B47+1 -> 27 | E48: 5 | F48: 2 | G48: 1006 | H48: -101 | I48: Gangsta Car | U48: =SUM(N48:T48) -> 0 | V48: 2x4 | Y48: =+U48 -> 0 | AB48: =+K48 -> 0 | AT48: =SUM(AC48:AS48) -> 0
A49: 31 | B49: =+B48+1 -> 28 | E49: 5 | F49: 3 | G49: 1006 | H49: -102 | I49: Chevy 1949er | U49: =SUM(N49:T49) -> 0 | V49: 2x4 | Y49: =+U49 -> 0 | AB49: =+K49 -> 0 | AT49: =SUM(AC49:AS49) -> 0
A50: 43 | B50: =+B49+1 -> 29 | E50: 5 | F50: 6 | G50: 1006 | H50: -109 | I50: 2014 Subaru Outback | U50: =SUM(N50:T50) -> 0 | V50: 2x4 | Y50: =+U50 -> 0 | AB50: =+K50 -> 0 | AT50: =SUM(AC50:AS50) -> 0
A51: 62 | B51: =+B50+1 -> 30 | E51: 5 | F51: 7 | G51: 1007 | H51: -101 | I51: Ameba Car | U51: =SUM(N51:T51) -> 0 | V51: 2x4 | Y51: =+U51 -> 0 | AB51: =+K51 -> 0 | AT51: =SUM(AC51:AS51) -> 0 | BC51: =BD51 -> 0
A52: 63 | B52: =+B51+1 -> 31 | E52: 5 | F52: 8 | G52: 1007 | H52: -102 | I52: C-Car | J52: 20 | U52: =SUM(N52:T52) -> 0 | V52: 2x4 | Y52: =+U52 -> 0 | AB52: =+K52 -> 0 | AE52: 22 | AT52: =SUM(AC52:AS52) -> 22
B53: =+B52+1 -> 32 | E53: 5 | F53: 9 | I53: spare slot | U53: =SUM(N53:T53) -> 0 | Y53: =+U53 -> 0 | AB53: =+K53 -> 0 | AT53: =SUM(AC53:AS53) -> 0
A54: 70 | B54: =+B53+1 -> 33 | E54: 5 | F54: 10 | G54: 1007 | H54: -109 | I54: Old 69 VW Bug | J54: 20 | U54: =SUM(N54:T54) -> 0 | V54: 2x4 | Y54: =+U54 -> 0 | AB54: =+K54 -> 0 | AT54: =SUM(AC54:AS54) -> 0
A55: 71 | B55: =+B54+1 -> 34 | E55: 5 | F55: 11 | G55: 1007 | H55: -110 | I55: Fiat 500D | U55: =SUM(N55:T55) -> 0 | V55: 2x4 | Y55: =+U55 -> 0 | AB55: =+K55 -> 0 | AT55: =SUM(AC55:AS55) -> 0
A56: 72 | B56: =+B55+1 -> 35 | E56: 5 | F56: 12 | G56: 1007 | H56: -111 | I56: Fiat 500- 2 (Older) | U56: =SUM(N56:T56) -> 0 | V56: 2x4 | Y56: =+U56 -> 0 | AB56: =+K56 -> 0 | AT56: =SUM(AC56:AS56) -> 0
A57: 73 | B57: =+B56+1 -> 36 | E57: 5 | F57: 13 | G57: 1007 | H57: -112 | I57: Scion | U57: =SUM(N57:T57) -> 0 | V57: 2x4 | Y57: =+U57 -> 0 | AB57: =+K57 -> 0 | AT57: =SUM(AC57:AS57) -> 0
A58: 74 | B58: =+B57+1 -> 37 | E58: 5 | F58: 14 | G58: 1007 | H58: -113 | I58: KIA Soul | U58: =SUM(N58:T58) -> 0 | V58: 2x4 | Y58: =+U58 -> 0 | AB58: =+K58 -> 0 | AT58: =SUM(AC58:AS58) -> 0
A59: 76 | B59: =+B58+1 -> 38 | E59: 5 | F59: 15 | G59: 1007 | H59: -115 | I59: Little Boxy Car | U59: =SUM(N59:T59) -> 0 | V59: 2x4 | Y59: =+U59 -> 0 | AB59: =+K59 -> 0 | AT59: =SUM(AC59:AS59) -> 0
A60: 20 | B60: =+B59+1 -> 39 | E60: 5 | F60: 16 | G60: 1007 | H60: -116 | I60: Kid Car | J60: 20 | U60: =SUM(N60:T60) -> 0 | V60: 2x4 | Y60: =+U60 -> 0 | AB60: =+K60 -> 0 | AF60: 16 | AI60: 6 | AT60: =SUM(AC60:AS60) -> 22
A61: 78 | B61: =+B60+1 -> 40 | E61: 5 | F61: 17 | G61: 1007 | H61: -117 | I61: MG VA1 | U61: =SUM(N61:T61) -> 0 | V61: 2x4 | Y61: =+U61 -> 0 | AB61: =+K61 -> 0 | AT61: =SUM(AC61:AS61) -> 0
A62: 79 | B62: =+B61+1 -> 41 | E62: 5 | F62: 18 | G62: 1007 | H62: -118 | I62: MG-TC | U62: =SUM(N62:T62) -> 0 | V62: 2x4 | Y62: =+U62 -> 0 | AB62: =+K62 -> 0 | AT62: =SUM(AC62:AS62) -> 0
B63: =+B62+1 -> 42 | D63: new in 2023 | E63: 5 | F63: 19 | G63: 1011 | H63: -105 | I63: Runabout Car | J63: 25 | U63: =SUM(N63:T63) -> 0 | V63: 1 inch | Y63: =+U63 -> 0 | AE63: 25 | AT63: =SUM(AC63:AS63) -> 25
B64: =+B63+1 -> 43 | D64: new in 2023 | E64: 5 | F64: 20 | G64: 1011 | H64: -106 | I64: Golf Car | J64: 25 | U64: =SUM(N64:T64) -> 0 | V64: 1 inch | Y64: =+U64 -> 0 | AE64: 32 | AT64: =SUM(AC64:AS64) -> 32
B65: =+B64+1 -> 44 | D65: new in 2023 | E65: 5 | F65: 21 | G65: 1007 | H65: 133 | I65: Clown Car | J65: 25 | Y65: 20 | AF65: 27 | AT65: =SUM(AC65:AS65) -> 27
B66: =+B65+1 -> 45
A67: 28 | B67: =+B66+1 -> 46 | C67: 6 | D67: Trucks | E67: 6 | F67: 0 | K67: =SUM(J68:J90) -> 215 | L67: =+K67 -> 215 | U67: =SUM(N67:T67) -> 0 | Y67: =+U67 -> 0 | Z67: =SUM(Y68:Y88) -> 35 | AA67: 0 | AB67: =+K67 -> 215 | AU67: =SUM(AT68:AT90) -> 251 | AV67: =+AU67+AA67 -> 251
A68: 33 | B68: =+B67+1 -> 47 | E68: 6 | F68: 1 | G68: 1006 | H68: -104 | I68: Pickup Truck Body 1 - used for flatbed, tanker, water truck, etc. | J68: 30 | U68: =SUM(N68:T68) -> 0 | V68: 2x4 | Y68: =+U68 -> 0 | AB68: =+K68 -> 0 | AG68: 33 | AQ68: 1 | AT68: =SUM(AC68:AS68) -> 34
A69: 35 | B69: =+B68+1 -> 48 | E69: 6 | F69: 2 | G69: 1006 | H69: -106 | I69: Pickup Truck Body 2 - 4WD -used for flatbed, tanker, water truck | J69: 30 | U69: =SUM(N69:T69) -> 0 | V69: 2x6 | Y69: =+U69 -> 0 | AB69: =+K69 -> 0 | AE69: 27 | AG69: 30 | AT69: =SUM(AC69:AS69) -> 57
A70: 36 | B70: =+B69+1 -> 49 | E70: 6 | F70: 3 | G70: 1006 | H70: -107-01 | I70: Cab ONLY - for Trailer series: | U70: =SUM(N70:T70) -> 0 | V70: 2x4 | Y70: =+U70 -> 0 | AB70: =+K70 -> 0 | AT70: =SUM(AC70:AS70) -> 0
A71: 37 | B71: =+B70+1 -> 50 | E71: 6 | F71: 4 | G71: 1006 | H71: -107-02 | I71: Cab with Flat bed trailer | U71: =SUM(N71:T71) -> 0 | V71: 2x4 | Y71: =+U71 -> 0 | AB71: =+K71 -> 0 | AT71: =SUM(AC71:AS71) -> 0
A72: 38 | B72: =+B71+1 -> 51 | E72: 6 | F72: 5 | G72: 1006 | H72: -107-03 | I72: Cab with Log Hauling trailer | J72: 30 | U72: =SUM(N72:T72) -> 0 | V72: 2x4 | Y72: =+U72 -> 0 | AB72: =+K72 -> 0 | AT72: =SUM(AC72:AS72) -> 0
A73: 39 | B73: =+B72+1 -> 52 | E73: 6 | F73: 6 | G73: 1006 | H73: -107-04 | I73: Cab with Semi trailer | U73: =SUM(N73:T73) -> 0 | V73: 2x4 | Y73: =+U73 -> 0 | AB73: =+K73 -> 0 | AT73: =SUM(AC73:AS73) -> 0
A74: 40 | B74: =+B73+1 -> 53 | E74: 6 | F74: 7 | G74: 1006 | H74: -107-05 | I74: Cab with Tanker trailer | U74: =SUM(N74:T74) -> 0 | V74: 2x4 | Y74: =+U74 -> 0 | AB74: =+K74 -> 0 | AT74: =SUM(AC74:AS74) -> 0
A75: 41 | B75: =+B74+1 -> 54 | E75: 6 | F75: 8 | G75: 1006 | H75: -107-06 | I75: Cab with Crayon Hauler Trailer | U75: =SUM(N75:T75) -> 0 | V75: 2x4 | Y75: =+U75 -> 0 | AB75: =+K75 -> 0 | AT75: =SUM(AC75:AS75) -> 0
A76: 42 | B76: =+B75+1 -> 55 | E76: 6 | F76: 9 | G76: 1006 | H76: -108 | I76: 1965 Ford Pickup | U76: =SUM(N76:T76) -> 0 | V76: 2x4 | Y76: =+U76 -> 0 | AB76: =+K76 -> 0 | AT76: =SUM(AC76:AS76) -> 0
A77: 44 | B77: =+B76+1 -> 56 | E77: 6 | F77: 10 | G77: 1006 | H77: -110 | I77: 2000 GMC Sierra Truck | U77: =SUM(N77:T77) -> 0 | V77: 2x4 | Y77: =+U77 -> 0 | AB77: =+K77 -> 0 | AT77: =SUM(AC77:AS77) -> 0
A78: 141 | B78: =+B77+1 -> 57 | E78: 6 | F78: 11 | G78: 1016 | H78: -106 | I78: Mail Truck (Postal Carrier) | U78: =SUM(N78:T78) -> 0 | V78: 2x4 | Y78: =+U78 -> 0 | AB78: =+K78 -> 0 | AT78: =SUM(AC78:AS78) -> 0
A79: 45 | B79: =+B78+1 -> 58 | E79: 6 | F79: 12 | G79: 1006 | H79: -111 | I79: Semi Truck with Trailer | U79: =SUM(N79:T79) -> 0 | V79: 2x4 | Y79: =+U79 -> 0 | AB79: =+K79 -> 0 | AT79: =SUM(AC79:AS79) -> 0
A80: 46 | B80: =+B79+1 -> 59 | E80: 6 | F80: 13 | G80: 1006 | H80: -112A | I80: Cartoon Truck | U80: =SUM(N80:T80) -> 0 | V80: 2x4 | Y80: =+U80 -> 0 | AB80: =+K80 -> 0 | AT80: =SUM(AC80:AS80) -> 0
A81: 47 | B81: =+B80+1 -> 60 | E81: 6 | F81: 14 | G81: 1006 | H81: -112B | I81: Cartoon Truck without Shell | U81: =SUM(N81:T81) -> 0 | V81: 2x4 | Y81: =+U81 -> 0 | AB81: =+K81 -> 0 | AT81: =SUM(AC81:AS81) -> 0
A82: 48 | B82: =+B81+1 -> 61 | E82: 6 | F82: 15 | G82: 1006 | H82: -113 | I82: 1942 Dodge Power Wagon | U82: =SUM(N82:T82) -> 0 | V82: 2x4 | Y82: =+U82 -> 0 | AB82: =+K82 -> 0 | AT82: =SUM(AC82:AS82) -> 0
A83: 49 | B83: =+B82+1 -> 62 | E83: 6 | F83: 16 | G83: 1006 | H83: -114 | I83: Farm Truck | U83: =SUM(N83:T83) -> 0 | V83: 2x4 | Y83: =+U83 -> 0 | AB83: =+K83 -> 0 | AT83: =SUM(AC83:AS83) -> 0
A84: 149 | B84: =+B83+1 -> 63 | E84: 6 | F84: 17 | G84: 1016 | H84: -114 | I84: Tow Truck/Wrecker | U84: =SUM(N84:T84) -> 0 | V84: 2x4 | Y84: =+U84 -> 0 | AB84: =+K84 -> 0 | AT84: =SUM(AC84:AS84) -> 0
A85: 75 | B85: =+B84+1 -> 64 | E85: 6 | F85: 18 | G85: 1007 | H85: -114 | I85: Panel Truck | U85: =SUM(N85:T85) -> 0 | V85: 2x4 | Y85: =+U85 -> 0 | AB85: =+K85 -> 0 | AT85: =SUM(AC85:AS85) -> 0
B86: =+B85+1 -> 65 | D86: new in 2023 | E86: 6 | F86: 19 | G86: 1011 | H86: -102 | I86: Road Grader | J86: 25 | U86: =SUM(N86:T86) -> 0 | V86: 1 inch | Y86: =+U86 -> 0 | AB86: =+K86 -> 0 | AH86: 40 | AT86: =SUM(AC86:AS86) -> 40
B87: =+B86+1 -> 66 | D87: new in 2023 | E87: 6 | F87: 20 | G87: 1011 | H87: -103 | I87: Runabout Truck | J87: 25 | U87: =SUM(N87:T87) -> 0 | V87: 1 inch | Y87: =+U87 -> 0 | AB87: =+K87 -> 0 | AG87: 30 | AT87: =SUM(AC87:AS87) -> 30
B88: =+B87+1 -> 67 | D88: new in 2023 | E88: 6 | F88: 21 | G88: 1006 | H88: -115 | I88: Tanker Truck | J88: 25 | Y88: 35 | AB88: =+K88 -> 0 | AG88: 31 | AT88: =SUM(AC88:AS88) -> 31
D89: new in 2024 | E89: 6 | F89: 22 | I89: Small Log Trucks | J89: 25 | AH89: 17 | AK89: 19 | AT89: =SUM(AC89:AS89) -> 36
D90: new in 2024 | E90: 6 | F90: 23 | I90: Cement Trucks | J90: 25 | AG90: 23 | AT90: =SUM(AC90:AS90) -> 23
A91: 51 | B91: =+B88+1 -> 68 | C91: 7 | D91: Oldies (5 Favs) | E91: 7 | F91: 0 | K91: =SUM(J92:J111) -> 300 | L91: =+K91 -> 300 | U91: =SUM(N91:T91) -> 0 | Y91: =+U91 -> 0 | Z91: =SUM(Y92:Y111) -> 0 | AA91: =SUM(AA92:AA111) -> 24 | AB91: =+K91 -> 300 | AU91: =SUM(AT92:AT111) -> 330 | AV91: =+AU91+AA91 -> 354
A92: 52 | B92: =+B91+1 -> 69 | E92: 7 | F92: 1 | G92: 1007 | H92: -100-01 XL | I92: -01 Coupe (5 FAVs - size XL on 2x6 stock) | U92: =SUM(N92:T92) -> 0 | V92: 2x6 | Y92: =+U92 -> 0 | AB92: =+K92 -> 0 | AL92: 14 | AT92: =SUM(AC92:AS92) -> 14
A93: 53 | B93: =+B92+1 -> 70 | E93: 7 | F93: 2 | G93: 1007 | H93: -100-02 XL | I93: -02 Oldie (5 FAVs - size XL) on 2x6 stock | U93: =SUM(N93:T93) -> 0 | V93: 2x6 | Y93: =+U93 -> 0 | AB93: =+K93 -> 0 | AT93: =SUM(AC93:AS93) -> 0
A94: 54 | B94: =+B93+1 -> 71 | E94: 7 | F94: 3 | G94: 1007 | H94: -100-03 XL | I94: -03 Putt-Putt (5 FAVs - size XL on 2x6 stock) | U94: =SUM(N94:T94) -> 0 | V94: 2x6 | Y94: =+U94 -> 0 | AB94: =+K94 -> 0 | AT94: =SUM(AC94:AS94) -> 0
A95: 55 | B95: =+B94+1 -> 72 | E95: 7 | F95: 4 | G95: 1007 | H95: -100-04 XL | I95: -04 Station Wagon(5 FAVs - size XL on 2x6 stock) | U95: =SUM(N95:T95) -> 0 | V95: 2x6 | Y95: =+U95 -> 0 | AB95: =+K95 -> 0 | AT95: =SUM(AC95:AS95) -> 0
A96: 56 | B96: =+B95+1 -> 73 | E96: 7 | F96: 5 | G96: 1007 | H96: -100-05 XL | I96: -05 VDUB Bug (5 FAVs - size XL on 2x6 stock) | U96: =SUM(N96:T96) -> 0 | V96: 2x6 | Y96: =+U96 -> 0 | AB96: =+K96 -> 0 | AT96: =SUM(AC96:AS96) -> 0
A97: 57 | B97: =+B96+1 -> 74 | E97: 7 | F97: 6 | G97: 1007 | H97: -100-01 L | I97: -01 Station Wagon(5 FAVs - size L on 2x6 stock) | J97: 20 | U97: =SUM(N97:T97) -> 0 | V97: 2x4 | Y97: =+U97 -> 0 | AB97: =+K97 -> 0 | AK97: 20 | AQ97: 1 | AT97: =SUM(AC97:AS97) -> 21
A98: 2 | B98: =+B97+1 -> 75 | E98: 7 | F98: 7 | G98: 1007 | H98: -100-02 L | I98: -02 Putt Putt (5 FAVs - size L on 2x6 stock) | J98: 20 | U98: =SUM(N98:T98) -> 0 | V98: 2x4 | Y98: =+U98 -> 0 | AB98: =+K98 -> 0 | AG98: 21 | AK98: 1 | AT98: =SUM(AC98:AS98) -> 22
A99: 59 | B99: =+B98+1 -> 76 | E99: 7 | F99: 8 | G99: 1007 | H99: -100-03 L | I99: -03 Coupe (5 FAVs - size L on 2x6 stock) | J99: 20 | U99: =SUM(N99:T99) -> 0 | V99: 2x4 | Y99: =+U99 -> 0 | AB99: =+K99 -> 0 | AE99: 21 | AT99: =SUM(AC99:AS99) -> 21
A100: 60 | B100: =+B99+1 -> 77 | E100: 7 | F100: 9 | G100: 1007 | H100: -100-04 L | I100: -04 Oldie (5 FAVs - size L on 2x6 stock) | J100: 20 | U100: =SUM(N100:T100) -> 0 | V100: 2x4 | Y100: =+U100 -> 0 | AB100: =+K100 -> 0 | AM100: 20 | AT100: =SUM(AC100:AS100) -> 20
A101: 61 | B101: =+B100+1 -> 78 | E101: 7 | F101: 10 | G101: 1007 | H101: -100-05 L | I101: -05 VDUB Bug (5 FAVs - size L) on 2x6 stock | J101: 20 | U101: =SUM(N101:T101) -> 0 | V101: 2x4 | Y101: =+U101 -> 0 | AB101: =+K101 -> 0 | AJ101: 22 | AQ101: 1 | AT101: =SUM(AC101:AS101) -> 23
A102: 131 | B102: =+B101+1 -> 79 | E102: 7 | F102: 11 | G102: 1016 | H102: -100-01 M | I102: -01 Station Wagon(5 FAVs - size M) on 1" stock | J102: 20 | U102: =SUM(N102:T102) -> 0 | V102: 1 inch | Y102: =+U102 -> 0 | AA102: 19 | AB102: =+K102 -> 0 | AQ102: 22 | AT102: =SUM(AC102:AS102) -> 22
A103: 132 | B103: =+B102+1 -> 80 | E103: 7 | F103: 12 | G103: 1016 | H103: -100-02 M | I103: -02 Putt-Putt (5 FAVs - size M) on 1" stock | J103: 20 | U103: =SUM(N103:T103) -> 0 | V103: 1 inch | Y103: =+U103 -> 0 | AB103: =+K103 -> 0 | AI103: 23 | AQ103: 1 | AT103: =SUM(AC103:AS103) -> 24
A104: 133 | B104: =+B103+1 -> 81 | E104: 7 | F104: 13 | G104: 1016 | H104: -100-03 M | I104: -03 Coupe (5 FAVs - size M) on 1" stock | J104: 20 | U104: =SUM(N104:T104) -> 0 | V104: 1 inch | Y104: =+U104 -> 0 | AA104: 5 | AB104: =+K104 -> 0 | AE104: 20 | AT104: =SUM(AC104:AS104) -> 20
A105: 134 | B105: =+B104+1 -> 82 | E105: 7 | F105: 14 | G105: 1016 | H105: -100-04 M | I105: -04 Oldie (5 FAVs - size M) on 1" stock | J105: 20 | U105: =SUM(N105:T105) -> 0 | V105: 1 inch | Y105: =+U105 -> 0 | AB105: =+K105 -> 0 | AQ105: 21 | AT105: =SUM(AC105:AS105) -> 21
A106: 135 | B106: =+B105+1 -> 83 | E106: 7 | F106: 15 | G106: 1016 | H106: -100-05 M | I106: -05 VDUB Bug (5 FAVs - size M) on 1" stock | J106: 20 | U106: =SUM(N106:T106) -> 0 | V106: 1 inch | Y106: =+U106 -> 0 | AB106: =+K106 -> 0 | AK106: 21 | AT106: =SUM(AC106:AS106) -> 21
A107: 126 | B107: =+B106+1 -> 84 | E107: 7 | F107: 16 | G107: 1016 | H107: -100-01 S | I107: -01 Station Wagon (5 FAVs - size S) on 1" popular | J107: 20 | U107: =SUM(N107:T107) -> 0 | V107: 1 inch | Y107: =+U107 -> 0 | AB107: =+K107 -> 0 | AQ107: 20 | AT107: =SUM(AC107:AS107) -> 20
A108: 127 | B108: =+B107+1 -> 85 | E108: 7 | F108: 17 | G108: 1016 | H108: -100-02 S | I108: -02 Putt-Putt (5 FAVs - size S) on 1" popular | J108: 20 | U108: =SUM(N108:T108) -> 0 | V108: 1 inch | Y108: =+U108 -> 0 | AB108: =+K108 -> 0 | AJ108: 19 | AT108: =SUM(AC108:AS108) -> 19
A109: 128 | B109: =+B108+1 -> 86 | E109: 7 | F109: 18 | G109: 1016 | H109: -100-03 S | I109: -03 Coupe (5 FAVs - size S) on 1" popular | J109: 20 | U109: =SUM(N109:T109) -> 0 | V109: 1 inch | Y109: =+U109 -> 0 | AB109: =+K109 -> 0 | AJ109: 21 | AT109: =SUM(AC109:AS109) -> 21
A110: 129 | B110: =+B109+1 -> 87 | E110: 7 | F110: 19 | G110: 1016 | H110: -100-04 S | I110: -04 Oldie (5 FAVs - size S) on 1" popular | J110: 20 | U110: =SUM(N110:T110) -> 0 | V110: 1 inch | Y110: =+U110 -> 0 | AB110: =+K110 -> 0 | AQ110: 20 | AT110: =SUM(AC110:AS110) -> 20
A111: 130 | B111: =+B110+1 -> 88 | E111: 7 | F111: 20 | G111: 1016 | H111: -100-05 S | I111: -05 VDUB Bug (5 FAVs - size S) on 1" popular | J111: 20 | U111: =SUM(N111:T111) -> 0 | V111: 1 inch | Y111: =+U111 -> 0 | AB111: =+K111 -> 0 | AJ111: 21 | AT111: =SUM(AC111:AS111) -> 21
...

Sheet revised CRITTERS MGT SYS (2024)
C1: TOY PLANS MANAGEMENT SYSTEM
C2: GROUND RULES
C3: 1. Every toy will have a unique number based on its category and its sequence within that category plus" -XX" if assigned.
C4: 2. Part number for each toy is "toy-category+assembly+-XX".
C5: 3. Pattern number for each toy is "toy-category+pattern".
C6: 4. Bill of Material (BOM) number for each toy is "toy-category+bom".
C7: 5. Photo number for each toy is "toy-category+photo".
C8: 6. One pattern drawing for each unique category: eg. 1007-100.
C9: 7. One BOM drawing for each unique category: eg. 1007-100.
C10: 8. One photo drawing for each unique category: eg. 1007-100.
G11: NOTES re this worksheet:
G12: Changes are shown as shaded cells.
G14: Some columns are hidden for printing TRACING DETAILS only. Remember to restore (unhide) when printing out the TOY PLANS MANAGEMENT SYSTEM.
D16: To use the autosorting feature, there can be no blank rows in the list. | G16: The sorting column is used to print tracing lists (A) for wheeled vehicles and (B) for critters. "C" for tracing is complete. This is done manually each time you need to print a list.
C19: LIST OF DRAWINGS | K19: CRITTERS TRACING LIST 2024
C20: toy category name | D20: toy-category number | E20: assembly | F20: -XX | G20: toy assembly | H20: pattern | I20: bom | J20: photo | K20: Total per Part No. | L20: Goal for 2024 | M20: Qty per Each Set Planned | N20: Critters 1013s | O20: Sorting Column | Q20: 1 | R20: 2 | S20: 4 | T20: 5 | U20: 6 | V20: 7 | W20: 8 | X20: 9 | Y20: 10 | Z20: Totals
A21: Location of Patterns | B21: Toy Number | D21: 1013 | E21: -100 | G21: CUTOUTS (using 1X STOCK) One set per bag - quantity varies | K21: 10 | L21: 100
A22: Keith | B22: 13.1 | C22: SET 1 | D22: 1013 | E22: -101, -102, - 103, - 112 | G22: VEHICLES - Patterns Done | M22: 10
B23: 13.1 A | D23: 1013 | E23: -101 | F23: -01 | G23: PICKUP | H23: -201 | I23: -301 | J23: -401 | N23: 10
B24: 13.1 B | D24: 1013 | E24: -101 | F24: -02 | G24: VAN | H24: -201 | I24: -301 | J24: -401 | N24: 10
B25: 13.1 C | D25: 1013 | E25: -101 | F25: -03 | G25: CONVERTIBLE | H25: -201 | I25: -301 | J25: -401 | N25: 10
B26: 13.1 D | D26: 1013 | E26: -101 | F26: -04 | G26: SEDAN | H26: -201 | I26: -301 | J26: -401 | N26: 10
B27: 13.1 E | D27: 1013 | E27: -101 | F27: -05 | G27: SUV | H27: -201 | I27: -301 | J27: -401 | N27: 10
B28: 13.1 F | D28: 1013 | E28: -101 | F28: -06 | G28: BUG | H28: -201 | I28: -301 | J28: -401 | N28: 10
B29: 13.1 G | E29: NEW | G29: TRUCK - new - pattern is in file | H29: -202 | I29: -302 | J29: -402 | N29: 10
B30: 13.1 H | D30: 1013 | E30: -112 | F30: -01 W | G30: -01 COUPE | H30: -212 | I30: -312 | J30: -412 | N30: 10
B31: 13.1 J | D31: 1013 | E31: -112 | F31: -02 W | G31: -02 OLDIE | H31: -212 | I31: -312 | J31: -412 | N31: 10
B32: 13.1 K | D32: 1013 | E32: -112 | F32: -03 W | G32: -03 PUTT-PUTT | H32: -212 | I32: -312 | J32: -412 | N32: 10
B33: 13.1 L | D33: 1013 | E33: -112 | F33: -04 W | G33: -04 STATION WAGON | H33: -212 | I33: -312 | J33: -412 | N33: 10
B34: 13.1 M | D34: 1013 | E34: -112 | F34: -05 W | G34: -05 VW BUG | H34: -212 | I34: -312 | J34: -412 | N34: 10
A36: File | B36: 13.2 | C36: SET 2 | D36: 1013 | E36: -106 | G36: SEA WORLD ANIMALS - Patterns Done | M36: 10
B37: 13.2 A | D37: 1013 | E37: -106 | F37: -01B | G37: ANGEL FISH - SMALL | H37: -206 | I37: -306 | J37: -406 | N37: 10
B38: 13.2 B | D38: 1013 | E38: -106 | F38: -02B | G38: WHALE - SMALL | H38: -206 | I38: -306 | J38: -406 | N38: 10
B39: 13.2 C | D39: 1013 | E39: -106 | F39: -03B | G39: DOLPHIN - SMALL | H39: -206 | I39: -306 | J39: -406 | N39: 10
B40: 13.2 D | D40: 1013 | E40: -106 | F40: -04 | G40: OCTOPUS -new | H40: -206 | I40: -306 | J40: -406 | N40: 10
B41: 13.2 E | D41: 1013 | E41: -106 | F41: -05 | G41: SEA HORSE-new | H41: -206 | I41: -306 | J41: -406 | N41: 10
B42: 13.2 F | D42: 1013 | E42: -106 | F42: -06 | G42: SHARK-new | H42: -206 | I42: -306 | J42: -406 | N42: 10
B43: 13.2 G | D43: 1013 | E43: -106 | F43: -08 | G43: Alligator-new | H43: -206 | I43: -306 | J43: -406 | N43: 10
B44: 13.2 H | D44: 1013 | E44: -106 | F44: -11 | G44: Penquin 1 - need drwgs | H44: -206 | I44: -306 | J44: -406 | N44: 10
B45: 13.2 J | D45: 1013 | E45: -106 | F45: -12 | G45: Penquin 2v- need drwgs
B46: 13.2 K | E46: NEW | G46: Seal - new | N46: 10
B47: 13.2 L | E47: NEW | G47: Bat Ray - revisit/may need to resize up | N47: 10
B48: 13.2 M | E48: NEW | G48: Polar Bear - new | N48: 10
B49: 13.2 N | E49: NEW | G49: Flamingo - new
A52: File | B52: 13.3 | C52: SET 3 | D52: 1013 | E52: -102,-105,-107 | G52: AG ANIMALS (FARM/RANCH) - Patterns Done | M52: 10
B53: 13.3 A | D53: 1013 | E53: -107 | F53: -01B | G53: HORSE - 130% | H53: -207 | I53: -307 | J53: -407 | N53: =+$M$52 -> 10
B54: 13.3 B | D54: 1013 | E54: -107 | F54: -02B | G54: PIG - 130% | H54: -207 | I54: -307 | J54: -407 | N54: =+$M$52 -> 10
B55: 13.3 C | D55: 1013 | E55: -107 | F55: -03B | G55: SHEEP - 130% | H55: -207 | I55: -307 | J55: -407 | N55: =+$M$52 -> 10
B56: 13.3 D | D56: 1013 | E56: -105 | F56: -07 | G56: DUCK 2 | N56: =+$M$52 -> 10
B57: 13.3 E | D57: 1013 | E57: -108 | F57: -02 | G57: COW (two) | H57: -207 | I57: -307 | J57: -407 | N57: =+$M$52 -> 10
B58: 13.3 F | D58: 1013 | E58: -105 | F58: -01 | G58: RABBIT | N58: =+$M$52 -> 10
B59: 13.3 G | D59: 1013 | E59: -105 | F59: -07 | G59: CHICKEN | H59: -205 | I59: -305 | J59: -405 | N59: =+$M$52 -> 10
B60: 13.3 H | D60: 1013 | E60: -105 | F60: -05 | G60: TURTLE | H60: -205 | I60: -305 | J60: -405 | N60: =+$M$52 -> 10
B61: 13.3 J | D61: 1013 | E61: -102 | F61: -02 | G61: TRACTOR | H61: -205 | I61: -305 | J61: -405 | N61: =+$M$52 -> 10
B62: 13.3 K | D62: 1013 | E62: -105 | F62: -08 | G62: Puppy Dog | H62: -205 | I62: -305 | J62: -405 | N62: =+$M$52 -> 10
B63: 13.3 L | D63: 1013 | E63: -104 | F63: -05 | G63: Cat 1 | H63: -205 | I63: -305 | J63: -405 | N63: =+$M$52 -> 10
B64: 13.3 M | F64: NEW | G64: Goat - new | H64: -202 | I64: -302 | J64: -402
B65: 13.3 N | F65: NEW | G65: Skunk - new
B66: 13.3 P | F66: NEW | G66: Puppy - new
A69: File | B69: 13.4 | C69: SET 4 | D69: 1013 | E69: -109 | G69: NOAH'S ARK ANIMALS (2 of each) - Patterns Done | M69: 10
B70: 13.4 A | D70: 1013 | E70: -109 | F70: -01B | G70: ELEPHANT - 130% | H70: -209 | I70: -309 | J70: -409 | N70: =+$M$69 -> 10
B71: 13.4 B | D71: 1013 | E71: -109 | F71: -02B | G71: CAMEL - 130% | H71: -209 | I71: -309 | J71: -409 | N71: =+$M$69 -> 10
B72: 13.4 C | D72: 1013 | E72: -109 | F72: -03B | G72: GIRAFFE - 130% | H72: -209 | I72: -309 | J72: -409 | N72: =+$M$69 -> 10
B73: 13.4 D | D73: 1013 | E73: -109 | F73: -04B | G73: LION - 130% - still looking for this size, substitute if necessary | H73: -209 | I73: -309 | J73: -409 | N73: =+$M$69 -> 10
B74: 13.4 E | D74: 1013 | E74: -109 | F74: -05B | G74: LIONESS - 130% | H74: -209 | I74: -309 | J74: -409 | N74: =+$M$69 -> 10
B75: 13.4 F | D75: 1013 | E75: -110 | F75: -04 | G75: BEAR (two) | N75: =+$M$69 -> 10
B76: 13.4 G | F76: new | G76: APE - GORILLA - new | N76: =+$M$69 -> 10
B77: 13.4 H | F77: new | G77: SHEEP
A79: Keith | B79: 13.5 | C79: SET 5 | D79: 1013 | E79: -111 | G79: DINOSAURS - Patterns Done | M79: 10
C80: NEW IN 2023 | D80: 1013 | E80: -111 | G80: RESIZED DINOS
B81: 13.5 A | D81: 1013 | E81: -111 | F81: -02 | G81: DINO 2- resized | H81: -211 | I81: -311 | J81: -411 | N81: =+$M$79 -> 10
B82: 13.5 B | D82: 1013 | E82: -111 | F82: -03 | G82: DINO 3- resized | H82: -211 | I82: -311 | J82: -411 | N82: =+$M$79 -> 10
B83: 13.5 C | D83: 1013 | E83: -111 | F83: -08 | G83: DINO 8 - resized | H83: -211 | I83: -311 | J83: -411 | N83: =+$M$79 -> 10
B84: 13.5 D | D84: 1013 | E84: -111 | F84: -09* | G84: DINO 9 - resized | H84: -211 | I84: -311 | J84: -411 | N84: =+$M$79 -> 10
B85: 13.5 E | D85: 1013 | E85: -111 | F85: -10 | G85: DINO 10 - resized | H85: -211 | I85: -311 | J85: -411 | N85: =+$M$79 -> 10
C86: NEW IN 2019 | D86: 1013 | E86: -111 | F86: -12 | G86: DINO 12 - Mini Dinosaurs (group of 5) | N86: =+$M$79 -> 10
B87: 13.5 F | D87: 1013 | E87: -111 | F87: -12 | G87: Mini Dino #1 of 5 | N87: =+$M$79 -> 10
B88: 13.5 G | D88: 1013 | E88: -111 | F88: -12 | G88: Mini Dino #2 of 5 | N88: =+$M$79 -> 10
B89: 13.5 H | D89: 1013 | E89: -111 | F89: -12 | G89: Mini Dino #3 of 5 | N89: =+$M$79 -> 10
B90: 13.5 J | D90: 1013 | E90: -111 | F90: -12 | G90: Mini Dino #4 of 5 | N90: =+$M$79 -> 10
B91: 13.5 K | D91: 1013 | E91: -111 | F91: -12 | G91: Mini Dino #5 of 5 | N91: =+$M$79 -> 10
A93: WS | B93: 13.6 | C93: SET 6 | D93: 1013 | E93: -113 | G93: ZOO ANIMALS SET - Patterns Done | M93: 10
B94: 13.6 A | D94: 1013 | E94: -113 | F94: -01 | G94: BUFFALO | H94: -213 | I94: -313 | J94: -413 | N94: =+$M$93 -> 10
B95: 13.6 B | D95: 1013 | E95: -113 | F95: -02 | G95: HORSE | H95: -213 | I95: -313 | J95: -413 | N95: =+$M$93 -> 10
B96: 13.6 C | D96: 1013 | E96: -113 | F96: -03 | G96: BEAR | H96: -213 | I96: -313 | J96: -413 | N96: =+$M$93 -> 10
B97: 13.6 D | D97: 1013 | E97: -113 | F97: -04 | G97: WOLF | H97: -213 | I97: -313 | J97: -413 | N97: =+$M$93 -> 10
B98: 13.6 E | D98: 1013 | E98: -113 | F98: -05 | G98: SITTING EAGLE | H98: -213 | I98: -313 | J98: -413 | N98: =+$M$93 -> 10
B99: 13.6 F | D99: 1013 | E99: -113 | F99: -06 | G99: TURTLE 2 | H99: -213 | I99: -313 | J99: -413 | N99: =+$M$93 -> 10
B100: 13.6 G | D100: 1013 | E100: -113 | F100: -07 | G100: MOOSE | H100: -213 | I100: -313 | J100: -413 | N100: =+$M$93 -> 10
B101: 13.6 H | D101: 1013 | E101: -113 | F101: -08 | G101: DEER | H101: -213 | I101: -313 | J101: -413 | N101: =+$M$93 -> 10
B102: 13.6 J | D102: 1013 | E102: -113 | F102: -09 | G102: APE - GORILLA | H102: -213 | I102: -313 | J102: -413 | N102: =+$M$93 -> 10
B103: 13.6 K | D103: 1013 | E103: -113 | F103: -10 | G103: GIRAFFE | N103: =+$M$93 -> 10
B104: 13.6 L | D104: 1013 | E104: -113 | F104: -11 | G104: CAMEL | H104: -213 | I104: -313 | J104: -413 | N104: =+$M$93 -> 10
B105: 13.6 M | G105: PUMA - new | H105: -213 | I105: -313 | J105: -413 | N105: =+$M$93 -> 10
A107: Keith | B107: 13.7 | C107: SET 7 | D107: 1013 | E107: -114 | G107: MARINE ANIMALS - Patterns Done | M107: 10
B108: 13.7 A | D108: 1013 | E108: -114 | F108: -01 | G108: DOLPHIN | H108: -213 | I108: -313 | J108: -413 | N108: =+$M$107 -> 10
B109: 13.7 B | D109: 1013 | E109: -114 | F109: -02 | G109: FISH 1 | H109: -213 | I109: -313 | J109: -413 | N109: =+$M$107 -> 10
B110: 13.7 C | D110: 1013 | E110: -114 | F110: -03 | G110: FISH 2 | H110: -213 | I110: -313 | J110: -413 | N110: =+$M$107 -> 10
B111: 13.7 D | D111: 1013 | E111: -114 | F111: -04 | G111: CRAB | H111: -213 | I111: -313 | J111: -413 | N111: =+$M$107 -> 10
B112: 13.7 E | D112: 1013 | E112: -114 | F112: -05 | G112: SEAL | H112: -213 | I112: -313 | J112: -413 | N112: =+$M$107 -> 10
...

Sheet previous CRITTERS MGT SYS
C1: TOY PLANS MANAGEMENT SYSTEM
C2: GROUND RULES
C3: 1. Every toy will have a unique number based on its category and its sequence within that category plus" -XX" if assigned.
C4: 2. Part number for each toy is "toy-category+assembly+-XX".
C5: 3. Pattern number for each toy is "toy-category+pattern".
C6: 4. Bill of Material (BOM) number for each toy is "toy-category+bom".
C7: 5. Photo number for each toy is "toy-category+photo".
C8: 6. One pattern drawing for each unique category: eg. 1007-100.
C9: 7. One BOM drawing for each unique category: eg. 1007-100.
C10: 8. One photo drawing for each unique category: eg. 1007-100.
G11: NOTES re this worksheet:
G12: Changes are shown as shaded cells.
G14: Some columns are hidden for printing TRACING DETAILS only. Remember to restore (unhide) when printing out the TOY PLANS MANAGEMENT SYSTEM.
D16: To use the autosorting feature, there can be no blank rows in the list. | G16: The sorting column is used to print tracing lists (A) for wheeled vehicles and (B) for critters. "C" for tracing is complete. This is done manually each time you need to print a list.
C19: LIST OF DRAWINGS | K19: CRITTERS TRACING LIST 2023
C20: toy category name | D20: toy-category number | E20: assembly | F20: -XX | G20: toy assembly | H20: pattern | I20: bom | J20: photo | K20: Total per Part No. | L20: Goal for 2023 | M20: Qty per Each Set Planned | N20: Critters 1013s | O20: Sorting Column | Q20: 1 | R20: 2 | S20: 4 | T20: 5 | U20: 6 | V20: 7 | W20: 8 | X20: 9 | Y20: 11 | Z20: Totals
A21: 40 | B21: Toy Number | D21: 1013 | E21: -100 | G21: CUTOUTS (using 1X STOCK) One set per bag - quantity varies | K21: 10 | L21: 100
B22: 13.1 | C22: SET 1 | D22: 1013 | E22: -101, -102, - 103, - 112 | G22: VEHICLES: LIGHT/HEAVY/MISC/5 Favs/Tractors
D23: 1013 | E23: -101 | G23: LIGHT VEHICLES SET | M23: 15
A24: 41 | D24: 1013 | E24: -101 | F24: -01 | G24: PICKUP | H24: -201 | I24: -301 | J24: -401 | N24: 10
A25: 42 | D25: 1013 | E25: -101 | F25: -02 | G25: VAN | H25: -201 | I25: -301 | J25: -401 | N25: 10
A26: 43 | D26: 1013 | E26: -101 | F26: -03 | G26: CONVERTIBLE | H26: -201 | I26: -301 | J26: -401 | N26: 10
A27: 44 | D27: 1013 | E27: -101 | F27: -04 | G27: SEDAN | H27: -201 | I27: -301 | J27: -401 | N27: 10
A28: 45 | D28: 1013 | E28: -101 | F28: -05 | G28: SUV | H28: -201 | I28: -301 | J28: -401 | N28: 10
A29: 46 | D29: 1013 | E29: -101 | F29: -06 | G29: BUG | H29: -201 | I29: -301 | J29: -401 | N29: 10
D30: 1013 | E30: -102 | G30: HEAVY VEHICLES SET
A31: 47 | D31: 1013 | E31: -102 | F31: -01 | G31: CONSTRUCTION VEHICLE | H31: -202 | I31: -302 | J31: -402
A32: 48 | D32: 1013 | E32: -102 | F32: -02 | G32: TRACTOR - also use with RANCH and FARM Sets | H32: -202 | I32: -302 | J32: -402 | N32: 10
D33: 1013 | E33: -103 | G33: MISC SET
A34: 49 | D34: 1013 | E34: -103 | F34: -01 | G34: AIRPLANE | H34: -203 | I34: -303 | J34: -403 | N34: 10
A35: 51 | D35: 1013 | E35: -103 | F35: -03 | G35: GINGER BREAD MAN | H35: -203 | I35: -303 | J35: -403
D36: 1013 | E36: -112 | F36: xx | G36: 5 FAVS - SMALL
A37: 120 | D37: 1013 | E37: -112 | F37: -01 W | G37: -01 COUPE | H37: -212 | I37: -312 | J37: -412 | N37: 10
A38: 121 | D38: 1013 | E38: -112 | F38: -02 W | G38: -02 OLDIE | H38: -212 | I38: -312 | J38: -412 | N38: 10
A39: 122 | D39: 1013 | E39: -112 | F39: -03 W | G39: -03 PUTT-PUTT | H39: -212 | I39: -312 | J39: -412 | N39: 10
A40: 123 | D40: 1013 | E40: -112 | F40: -04 W | G40: -04 STATION WAGON | H40: -212 | I40: -312 | J40: -412 | N40: 10
A41: 124 | D41: 1013 | E41: -112 | F41: -05 W | G41: -05 VW BUG | H41: -212 | I41: -312 | J41: -412 | N41: 10
B42: 13.2 | C42: SET 2 | D42: 1013 | E42: -104 | G42: SET 2: DOG/CATS/PENGUINS/TURTLES | M42: 0
A43: 52 | D43: 1013 | E43: -104 | F43: -01 | G43: BIG CAT 1 | H43: -204 | I43: -304 | J43: -404 | N43: 10
A44: 53 | D44: 1013 | E44: -104 | F44: -02 | G44: BIG DOG | H44: -204 | I44: -304 | J44: -404 | N44: 10
A45: 54 | D45: 1013 | E45: -104 | F45: -03 | G45: CAT 1 | H45: -204 | I45: -304 | J45: -404
A46: 55 | D46: 1013 | E46: -104 | F46: -04 | G46: CAT 2 | H46: -204 | I46: -304 | J46: -404
A47: 56 | D47: 1013 | E47: -104 | F47: -05 | G47: CAT 3 | H47: -204 | I47: -304 | J47: -404
A48: 57 | D48: 1013 | E48: -104 | F48: -06 | G48: DOG 1 | H48: -204 | I48: -304 | J48: -404
A49: 58 | D49: 1013 | E49: -104 | F49: -07 | G49: DOG 2 (SCOTTY) | H49: -204 | I49: -304 | J49: -404
A50: 59 | D50: 1013 | E50: -104 | F50: -08 | G50: DOG 3 | H50: -204 | I50: -304 | J50: -404
A51: 60 | D51: 1013 | E51: -104 | F51: -09 | G51: DOG 4 (POODLE) | H51: -204 | I51: -304 | J51: -404
A52: 61 | D52: 1013 | E52: -104 | F52: -10 | G52: BIG CAT 2 | H52: -204 | I52: -304 | J52: -404
B53: 13.3 | C53: SET 3 | D53: 1013 | E53: -106 | G53: SEA ANIMALS/FISH | M53: 10
A54: 69 | D54: 1013 | E54: -106 | F54: -01A | G54: ANGEL FISH - LARGE | H54: -206 | I54: -306 | J54: -406
A55: 70 | D55: 1013 | E55: -106 | F55: -01B | G55: ANGEL FISH - SMALL | H55: -206 | I55: -306 | J55: -406 | N55: 10
A56: 71 | D56: 1013 | E56: -106 | F56: -02A | G56: WHALE - LARGE | H56: -206 | I56: -306 | J56: -406
A57: 72 | D57: 1013 | E57: -106 | F57: -02B | G57: WHALE - SMALL | H57: -206 | I57: -306 | J57: -406 | N57: 10
A58: 73 | D58: 1013 | E58: -106 | F58: -03A | G58: DOLPHIN - LARGE | H58: -206 | I58: -306 | J58: -406
A59: 74 | D59: 1013 | E59: -106 | F59: -03B | G59: DOLPHIN - SMALL | H59: -206 | I59: -306 | J59: -406 | N59: 10
D60: 1013 | E60: -106 | F60: -04 | G60: OCTOPUS | H60: -206 | I60: -306 | J60: -406 | N60: 10
D61: 1013 | E61: -106 | F61: -05 | G61: SEA HORSE | H61: -206 | I61: -306 | J61: -406 | N61: 10
D62: 1013 | E62: -106 | F62: -06 | G62: SHARK | H62: -206 | I62: -306 | J62: -406 | N62: 10
G63: TURTLE 1 - FROM SMALL ANIMALS SET | H63: -206 | I63: -306 | J63: -406
D64: 1013 | E64: -106 | F64: -08 | G64: Alligator | H64: -206 | I64: -306 | J64: -406
D65: 1013 | E65: -106 | F65: -09 | G65: Penquins - FOUR PATTERNS***** | H65: -206 | I65: -306 | J65: -406
A66: 66 | D66: 1013 | E66: -105 | F66: -05 | G66: TURTLE 1 - use with FISH SET | H66: -205 | I66: -305 | J66: -405 | N66: 10
B67: 13.4 | C67: SET 4 | D67: 1013 | E67: -102,-105,-107 | G67: RANCH ANIMALS | M67: 10
A68: 75 | D68: 1013 | E68: -107 | F68: -01A | G68: HORSE - 180% | H68: -207 | I68: -307 | J68: -407 | N68: 10
A69: 76 | D69: 1013 | E69: -107 | F69: -01B | G69: HORSE - 130% | H69: -207 | I69: -307 | J69: -407 | N69: 10
A70: 77 | D70: 1013 | E70: -107 | F70: -01C | G70: HORSE - 100% | H70: -207 | I70: -307 | J70: -407
A71: 78 | D71: 1013 | E71: -107 | F71: -02A | G71: PIG - 180% | H71: -207 | I71: -307 | J71: -407 | N71: 10
A72: 79 | D72: 1013 | E72: -107 | F72: -02B | G72: PIG - 130% | H72: -207 | I72: -307 | J72: -407 | N72: 10
A73: 80 | D73: 1013 | E73: -107 | F73: -02C | G73: PIG - 100% | H73: -207 | I73: -307 | J73: -407
A74: 81 | D74: 1013 | E74: -107 | F74: -03A | G74: SHEEP - 180% | H74: -207 | I74: -307 | J74: -407 | N74: 10
A75: 82 | D75: 1013 | E75: -107 | F75: -03B | G75: SHEEP - 130% | H75: -207 | I75: -307 | J75: -407 | N75: 10
D76: 1013 | E76: -105 | F76: -07 | G76: DUCK 2 - FROM SMALL ANIMALS SET
A77: 83 | D77: 1013 | E77: -107 | F77: -03C | G77: SHEEP - 100% | H77: -207 | I77: -307 | J77: -407
D78: 1013 | E78: -105 | F78: --- | G78: SMALL ANIMALS SET
A79: 62 | D79: 1013 | E79: -105 | F79: -01 | G79: RABBIT | H79: -205 | I79: -305 | J79: -405
A80: 63 | D80: 1013 | E80: -105 | F80: -02 | G80: CHICK 1 | H80: -205 | I80: -305 | J80: -405
A81: 64 | D81: 1013 | E81: -105 | F81: -03 | G81: DUCK 1 | H81: -205 | I81: -305 | J81: -405
A82: 65 | D82: 1013 | E82: -105 | F82: -04 | G82: CHICK 2 | H82: -205 | I82: -305 | J82: -405
A83: 67 | D83: 1013 | E83: -105 | F83: -06 | G83: TURTLE 2 | H83: -205 | I83: -305 | J83: -405
A84: 48 | D84: 1013 | E84: -102 | F84: -02 | G84: TRACTOR - from Vehicles Set | H84: -202 | I84: -302 | J84: -402 | N84: 10
D85: 1013 | E85: -105 | F85: -08 | G85: Puppy Dog
B86: 13.5 | C86: SET 5 | D86: 1013 | E86: -102,-103,-105,-108 | G86: FARM ANIMALS | M86: 10
A87: 84 | D87: 1013 | E87: -108 | F87: -01 | G87: HORSE | H87: -208 | I87: -308 | J87: -408 | N87: 10
A88: 85 | D88: 1013 | E88: -108 | F88: -02 | G88: COW | H88: -208 | I88: -308 | J88: -408 | N88: 10
A89: 86 | D89: 1013 | E89: -108 | F89: -03 | G89: PIG | H89: -208 | I89: -308 | J89: -408 | N89: 10
A90: 87 | D90: 1013 | E90: -108 | F90: -04 | G90: SHEEP | H90: -208 | I90: -308 | J90: -408 | N90: 10
A91: 48 | D91: 1013 | E91: -102 | F91: -02 | G91: TRACTOR - from Vehicles Set | H91: -202 | I91: -302 | J91: -402 | N91: 10
G92: CAT - 01 FROM DOG AND CAT SET
G93: DOG -02 FROM DOG AND CAT SET
D94: 1013 | E94: -105 | G94: SMALL ANIMALS SET
A95: 62 | D95: 1013 | E95: -105 | F95: -01 | G95: RABBIT | H95: -205 | I95: -305 | J95: -405
A96: 63 | D96: 1013 | E96: -105 | F96: -02 | G96: CHICK 1 | H96: -205 | I96: -305 | J96: -405
A97: 64 | D97: 1013 | E97: -105 | F97: -03 | G97: DUCK 1 | H97: -205 | I97: -305 | J97: -405
A98: 65 | D98: 1013 | E98: -105 | F98: -04 | G98: CHICK 2 | H98: -205 | I98: -305 | J98: -405
A99: 68 | D99: 1013 | E99: -105 | F99: -07 | G99: DUCK 2 - use with Ranch Animals | H99: -205 | I99: -305 | J99: -405 | N99: 10
A100: 50 | D100: 1013 | E100: -103 | F100: -02 | G100: ROCKING HORSE - use with Farm Animals | H100: -203 | I100: -303 | J100: -403 | N100: 10
B101: 13.6 | C101: SET 6 | D101: 1013 | E101: -109 | G101: JUNGLE SET 1 - NOAH'S ARK | M101: 10
A102: 88 | D102: 1013 | E102: -109 | F102: -01A | G102: ELEPHANT - 180% | H102: -209 | I102: -309 | J102: -409
A103: 89 | D103: 1013 | E103: -109 | F103: -01B | G103: ELEPHANT - 130% | H103: -209 | I103: -309 | J103: -409 | N103: 10
A104: 90 | D104: 1013 | E104: -109 | F104: -01C | G104: ELEPHANT - 100% | H104: -209 | I104: -309 | J104: -409 | N104: 10
...

Sheet old LOVE BUG MGT SYS
C1: NOTE: NEW LOVE BUG TRACKER IS IN A SEPARATE FILE.
B2: Record of Love Bugs: PN 1016-101 (Small Car 1 - Love Bug)
B3: Qty Made | C3: Date | D3: Made by: | E3: Year Made | F3: Qty Given | G3: Date | H3: Purpose
E5: 2018
F6: 77 | G6: 43281 | H6: Love Bug Project
F7: 45 | G7: 43191 | H7: Love Bug Project - WW Show
F8: 200 | G8: May thru Dec | H8: Love Bug Project - estimated
F9: =SUM(F6:F8) -> 322
E11: 2019 | F11: 7 | G11: 43645 | H11: Love Bug Project - Rollie
F12: 15 | G12: 43645 | H12: Love Bug Project - Rick
B13: 81 | C13: 43645 | D13: Toy Program
F14: 50 | G14: 43778 | H14: Rapid City Fire Department
B15: 83 | C15: 43778 | D15: Toy Program
F16: 40 | G16: 43785 | H16: Love Bug Project
B17: 112 | C17: 43785 | D17: Toy Program
B19: 100 | C19: 43804 | D19: Toy Program | F19: 100 | G19: 43804 | H19: Love Bug Project
B20: =SUM(B13:B19) -> 376
E22: 2021
B23: 30 | C23: 44485 | D23: Toy Program | H23: To Rick for General Distribution
B24: 44 | C24: 44401 | D24: Toy Program | H24: Dune buggy style - Gen Dist

Sheet GAV MGT SYS
A1: Giveaway Vans / Equivalent Management System
B2: GROUND RULES
B3: 1. Every toy will have a unique number based on its category and its sequence within that category plus" -XX" if assigned.
B4: 2. Part number for each toy is "toy-category+assembly+-XX".
B5: 3. Pattern number for each toy is "toy-category+pattern".
B7: Community Events Records
D8: 2016
B9: 45 | C9: Giveaways - Love Bugs - WW Show | F9: Community Events
B10: 85 | C10: Giveaway Vans - Make A Wish Foundation | D10: 42504 | F10: Threshing Bee
B11: 125 | C11: Giveaway Vans - Kenadi Fundraiser #1 | D11: 42546 | F11: Love Bugs for WW Show
B12: 155 | C12: Giveaway Vans - Maker Faire | D12: 42581 | F12: Make a Wish
B13: 50 | C13: Giveaway Vans - Oerichs Kindergarten | D13: 42581 | F13: Kenadi Foundation
B14: 25 | C14: Giveaway Vans - Lutheran Church Outreach Event | D14: 42610 | F14: Maker Fair
B15: =SUM(B9:B14) -> 485 | F15: Oerich Kindergarton
F16: 910 Wood Ave
D17: 2017
B18: 40 | C18: Giveaways - Love Bugs - WW Show
B19: 85 | C19: Giveaway Vans - Make A Wish Foundation
B20: 250 | C20: Giveaway Vans - Kenadi Fundraiser #2
C21: Maker Fair
B22: 25 | C22: Giveaway Vans - Lutheran Church Outreach Event
B23: =SUM(B19:B22) -> 360
D25: 2018
B26: 40 | C26: Giveaway Vans (Locomotives) - WW Show
B27: 85 | C27: Giveaway Vans - Make A Wish Foundation
B28: 390 | C28: Giveaway Vans - Kenadi Fundraiser #3
B29: 50 | C29: Threshing Bee #1
B30: 25 | C30: Giveaway Vans - Lutheran Church Outreach Event
B31: =SUM(B27:B30) -> 550
D33: 2019
B34: 40 | C34: Giveaway Vans (Dely Vans) - WW Show | D34: 43582
B35: 85 | C35: Giveaway Vans - Make A Wish Foundation | D35: 43603
B36: 250 | C36: Giveaway Vans - Kenadi Fundraiser #4 | D36: 43638
B37: 113 | C37: Threshing Bee #2 (81 tractors, 32 vans) | D37: 43694
B38: 0 | C38: Giveaway Vans - Lutheran Church Outreach Event
B39: =SUM(B34:B38) -> 488

Sheet TOY seeds list
B2: #REF! | C2: Drwg Part No | D2: extension | E2: individual toy name | F2: =+#REF! -> #REF! | G2: =+#REF! -> #REF! | H2: =+#REF! -> #REF! | I2: =+#REF! -> #REF! | J2: =+#REF! -> #REF! | K2: Toys for 2019 tracing | L2: Subtotal per Category | M2: Goal for 2019 | N2: SEED QTY | O2: ON HAND | P2: 18
A3: 1 | B3: #REF! | C3: 1001 | D3: -100 | E3: BB Game | F3: =+#REF! -> #REF! | G3: =+#REF! -> #REF! | H3: =+#REF! -> #REF! | I3: =+#REF! -> #REF! | J3: =+#REF! -> #REF! | K3: 100 | L3: 100 | M3: 100 | N3: 1
A5: #REF! | B5: #REF! | C5: #REF! | D5: #REF! | E5: #REF! | F5: =+#REF! -> #REF! | G5: =+#REF! -> #REF! | H5: =+#REF! -> #REF! | I5: =+#REF! -> #REF! | J5: =+#REF! -> #REF! | L5: #REF! | M5: #REF!
C6: 1002 | D6: -101 | E6: Rocking Chair | F6: =+#REF! -> #REF! | G6: =+#REF! -> #REF! | H6: =+#REF! -> #REF! | I6: =+#REF! -> #REF! | J6: =+#REF! -> #REF! | K6: 40 | N6: 1
F7: =+#REF! -> #REF! | G7: =+#REF! -> #REF! | H7: =+#REF! -> #REF! | I7: =+#REF! -> #REF! | J7: =+#REF! -> #REF!
A8: 3 | B8: #REF! | C8: 1003 | D8: -100 | E8: Tugboat | F8: =+#REF! -> #REF! | G8: =+#REF! -> #REF! | H8: =+#REF! -> #REF! | I8: =+#REF! -> #REF! | J8: =+#REF! -> #REF! | K8: 100 | L8: 100 | M8: 100 | N8: 3
A10: 4 | B10: #REF! | C10: 0 | D10: -100 | E10: RACER 100 (FULLSIZE) | F10: =+#REF! -> #REF! | G10: =+#REF! -> #REF! | H10: =+#REF! -> #REF! | I10: =+#REF! -> #REF! | J10: =+#REF! -> #REF! | K10: 30 | L10: 180 | M10: 180 | N10: 2
B11: #REF! | C11: 1004 | D11: -101 | E11: RACER 101 | F11: =+#REF! -> #REF! | G11: =+#REF! -> #REF! | H11: =+#REF! -> #REF! | I11: =+#REF! -> #REF! | J11: =+#REF! -> #REF! | K11: 30 | L11: 0 | M11: 0 | N11: 1
B12: #REF! | C12: 1004 | D12: -102 | E12: RACER 102 | F12: =+#REF! -> #REF! | G12: =+#REF! -> #REF! | H12: =+#REF! -> #REF! | I12: =+#REF! -> #REF! | J12: =+#REF! -> #REF! | K12: 30 | L12: 0 | M12: 0 | N12: 1
B13: #REF! | C13: 1004 | D13: -103 | E13: RACER 103 - (SMALL Racer 100) | F13: =+#REF! -> #REF! | G13: =+#REF! -> #REF! | H13: =+#REF! -> #REF! | I13: =+#REF! -> #REF! | J13: =+#REF! -> #REF! | K13: 30 | L13: 0 | M13: 0 | N13: 1
B14: #REF! | C14: 1004 | D14: -104 | E14: RACER 104 - LARGE LIGHTNING MCQueen | F14: =+#REF! -> #REF! | G14: =+#REF! -> #REF! | H14: =+#REF! -> #REF! | I14: =+#REF! -> #REF! | J14: =+#REF! -> #REF! | K14: 30 | L14: 0 | M14: 0 | N14: 1
B15: #REF! | C15: 1004 | D15: -105 | E15: RACER 105 - SMALL LIGHTNING MCQueen | F15: =+#REF! -> #REF! | G15: =+#REF! -> #REF! | H15: =+#REF! -> #REF! | I15: =+#REF! -> #REF! | J15: =+#REF! -> #REF! | K15: 30 | L15: 0 | M15: 0 | N15: 1
B16: #REF! | C16: 1004 | D16: -106 | E16: Racer 106 - small boat like racer | F16: =+#REF! -> #REF! | G16: =+#REF! -> #REF! | H16: =+#REF! -> #REF! | I16: =+#REF! -> #REF! | J16: =+#REF! -> #REF! | K16: 0 | L16: 0 | M16: 0
B17: #REF! | C17: 1004 | D17: -107 | E17: Family Racer | F17: =+#REF! -> #REF! | G17: =+#REF! -> #REF! | H17: =+#REF! -> #REF! | I17: =+#REF! -> #REF! | J17: =+#REF! -> #REF! | K17: 0 | L17: 0 | M17: 0
B19: 0 | C19: CFB-01 | D19: #REF! | E19: RACER (LARGE STD) (10" for CFB) | F19: =+#REF! -> #REF! | G19: =+#REF! -> #REF! | H19: =+#REF! -> #REF! | I19: =+#REF! -> #REF! | J19: =+#REF! -> #REF! | K19: 0 | L19: 0 | M19: 0
B20: 0 | C20: CFB-02 | D20: #REF! | E20: RACER (LARGE DELUXE) (10" for CFB) | F20: =+#REF! -> #REF! | G20: =+#REF! -> #REF! | H20: =+#REF! -> #REF! | I20: =+#REF! -> #REF! | J20: =+#REF! -> #REF! | K20: 0 | L20: 0 | M20: 0
B21: 0 | C21: CFB-03 | D21: #REF! | E21: RACER (LARGE LONG-THIN) (10" for CFB) | F21: =+#REF! -> #REF! | G21: =+#REF! -> #REF! | H21: =+#REF! -> #REF! | I21: =+#REF! -> #REF! | J21: =+#REF! -> #REF! | K21: 0 | L21: 0 | M21: 0
B22: 0 | C22: CFB-04 | D22: #REF! | E22: BATMAN (LARGE) (10" for CFB) | F22: =+#REF! -> #REF! | G22: =+#REF! -> #REF! | H22: =+#REF! -> #REF! | I22: =+#REF! -> #REF! | J22: =+#REF! -> #REF! | K22: 0 | L22: 0 | M22: 0
A24: 5 | B24: #REF! | C24: 0 | D24: -100 | E24: CATERILLAR 100% | F24: =+#REF! -> #REF! | G24: =+#REF! -> #REF! | H24: =+#REF! -> #REF! | I24: =+#REF! -> #REF! | J24: =+#REF! -> #REF! | K24: 30 | L24: 30 | M24: 30 | N24: 1
C25: 1005 | D25: -101 | E25: CATERILLAR 75% | F25: =+#REF! -> #REF! | G25: =+#REF! -> #REF! | H25: =+#REF! -> #REF! | I25: =+#REF! -> #REF! | J25: =+#REF! -> #REF! | K25: 0 | L25: 0 | M25: 0 | N25: 1
A27: 6 | B27: #REF! | C27: 0 | D27: -100 | E27: PT CRUISER | F27: =+#REF! -> #REF! | G27: =+#REF! -> #REF! | H27: =+#REF! -> #REF! | I27: =+#REF! -> #REF! | J27: =+#REF! -> #REF! | K27: 30 | L27: 135 | M27: 135 | N27: 1
C28: 1006 | D28: -101 | E28: GANGSTA CAR | F28: =+#REF! -> #REF! | G28: =+#REF! -> #REF! | H28: =+#REF! -> #REF! | I28: =+#REF! -> #REF! | J28: =+#REF! -> #REF! | K28: 0 | L28: 0 | M28: 0
C29: 1006 | D29: -102 | E29: CHEVY 1949ER | F29: =+#REF! -> #REF! | G29: =+#REF! -> #REF! | H29: =+#REF! -> #REF! | I29: =+#REF! -> #REF! | J29: =+#REF! -> #REF! | K29: 0 | L29: 0 | M29: 0
C30: 1006 | D30: -103 | E30: LES ROGERS (LR) PATTERNS: 1006-103-1A thru 1006-103- 5D -- [names not available] | F30: =+#REF! -> #REF! | G30: =+#REF! -> #REF! | H30: =+#REF! -> #REF! | I30: =+#REF! -> #REF! | J30: =+#REF! -> #REF! | K30: 0 | L30: 0 | M30: 0
B31: #REF! | C31: 1006 | D31: -104 | E31: Pickup Truck Body 1 - can be used for flatbed, tanker, water truck, etc. | F31: =+#REF! -> #REF! | G31: =+#REF! -> #REF! | H31: =+#REF! -> #REF! | I31: =+#REF! -> #REF! | J31: =+#REF! -> #REF! | K31: 30 | L31: 0 | M31: 0 | N31: 1
C32: 1006 | D32: -105 | E32: BATMAN CAR | F32: =+#REF! -> #REF! | G32: =+#REF! -> #REF! | H32: =+#REF! -> #REF! | I32: =+#REF! -> #REF! | J32: =+#REF! -> #REF! | K32: 45 | L32: 0 | M32: 0 | N32: 1
C33: 1006 | D33: -106 | E33: Pickup Truck Body 2 - 4WD - can be used for flatbed, tanker, water truck, etc. | F33: =+#REF! -> #REF! | G33: =+#REF! -> #REF! | H33: =+#REF! -> #REF! | I33: =+#REF! -> #REF! | J33: =+#REF! -> #REF! | K33: 30 | L33: 0 | M33: 0
C34: #REF! | D34: #REF! | E34: #REF! | F34: =+#REF! -> #REF! | G34: =+#REF! -> #REF! | H34: =+#REF! -> #REF! | I34: =+#REF! -> #REF! | J34: =+#REF! -> #REF! | K34: #REF! | L34: #REF! | M34: #REF!
B35: #REF! | C35: 1006 | D35: -107-01 | E35: CAB ONLY - for Trailer series | F35: =+#REF! -> #REF! | G35: =+#REF! -> #REF! | H35: =+#REF! -> #REF! | I35: =+#REF! -> #REF! | J35: =+#REF! -> #REF! | K35: 0 | L35: 0 | M35: 0
B36: #REF! | C36: 1006 | D36: -107-02 | E36: Cab with Flat bed trailer | F36: =+#REF! -> #REF! | G36: =+#REF! -> #REF! | H36: =+#REF! -> #REF! | I36: =+#REF! -> #REF! | J36: =+#REF! -> #REF! | K36: 0 | L36: 0 | M36: 0
B37: #REF! | C37: 1006 | D37: -107-03 | E37: Cab with Log Hauling trailer | F37: =+#REF! -> #REF! | G37: =+#REF! -> #REF! | H37: =+#REF! -> #REF! | I37: =+#REF! -> #REF! | J37: =+#REF! -> #REF! | K37: 0 | L37: 0 | M37: 0
B38: #REF! | C38: 1006 | D38: -107-04 | E38: Cab with Semi trailer | F38: =+#REF! -> #REF! | G38: =+#REF! -> #REF! | H38: =+#REF! -> #REF! | I38: =+#REF! -> #REF! | J38: =+#REF! -> #REF! | K38: 0 | L38: 0 | M38: 0
B39: #REF! | C39: 1006 | D39: -107-05 | E39: Cab with Tanker trailer | F39: =+#REF! -> #REF! | G39: =+#REF! -> #REF! | H39: =+#REF! -> #REF! | I39: =+#REF! -> #REF! | J39: =+#REF! -> #REF! | K39: 0 | L39: 0 | M39: 0
B40: #REF! | C40: 1006 | D40: -107-06 | E40: Cab with Crayon Hauler Trailer | F40: =+#REF! -> #REF! | G40: =+#REF! -> #REF! | H40: =+#REF! -> #REF! | I40: =+#REF! -> #REF! | J40: =+#REF! -> #REF! | K40: 0 | L40: 0 | M40: 0
B41: #REF! | C41: 1006 | D41: -108 | E41: 1965 FORD PICKUP | F41: =+#REF! -> #REF! | G41: =+#REF! -> #REF! | H41: =+#REF! -> #REF! | I41: =+#REF! -> #REF! | J41: =+#REF! -> #REF! | K41: 0 | L41: 0 | M41: 0
B42: #REF! | C42: 1006 | D42: -109 | E42: 2014 Subaru Outback | F42: =+#REF! -> #REF! | G42: =+#REF! -> #REF! | H42: =+#REF! -> #REF! | I42: =+#REF! -> #REF! | J42: =+#REF! -> #REF! | K42: 0 | L42: 0 | M42: 0
B43: #REF! | C43: 1006 | D43: -110 | E43: 2000 GMC SIERRA TRUCK | F43: =+#REF! -> #REF! | G43: =+#REF! -> #REF! | H43: =+#REF! -> #REF! | I43: =+#REF! -> #REF! | J43: =+#REF! -> #REF! | K43: 0 | L43: 0 | M43: 0
B44: #REF! | C44: 1006 | D44: -111 | E44: Semi Truck with Trailer | F44: =+#REF! -> #REF! | G44: =+#REF! -> #REF! | H44: =+#REF! -> #REF! | I44: =+#REF! -> #REF! | J44: =+#REF! -> #REF! | K44: 0 | L44: 0 | M44: 0
B45: #REF! | C45: 1006 | D45: -112A | E45: Cartoon Truck | F45: =+#REF! -> #REF! | G45: =+#REF! -> #REF! | H45: =+#REF! -> #REF! | I45: =+#REF! -> #REF! | J45: =+#REF! -> #REF! | K45: 0 | L45: 0 | M45: 0
B46: #REF! | C46: 1006 | D46: -112B | E46: Cartoon Truck without Shell | F46: =+#REF! -> #REF! | G46: =+#REF! -> #REF! | H46: =+#REF! -> #REF! | I46: =+#REF! -> #REF! | J46: =+#REF! -> #REF! | K46: 0 | L46: 0 | M46: 0 | N46: 1
B47: #REF! | C47: 1006 | D47: -113 | E47: 1942 Dodge Power Wagon | F47: =+#REF! -> #REF! | G47: =+#REF! -> #REF! | H47: =+#REF! -> #REF! | I47: =+#REF! -> #REF! | J47: =+#REF! -> #REF! | K47: 0 | L47: 0 | M47: 0
B48: #REF! | C48: 1006 | D48: -114 | E48: Farm Truck | F48: =+#REF! -> #REF! | G48: =+#REF! -> #REF! | H48: =+#REF! -> #REF! | I48: =+#REF! -> #REF! | J48: =+#REF! -> #REF! | K48: 0 | L48: 0 | M48: 0 | N48: 1
A51: 7 | B51: #REF! | C51: #REF! | D51: #REF! | E51: #REF! | F51: =+#REF! -> #REF! | G51: =+#REF! -> #REF! | H51: =+#REF! -> #REF! | I51: =+#REF! -> #REF! | J51: =+#REF! -> #REF! | K51: #REF! | L51: #REF! | M51: #REF!
C52: 1007 | D52: -100-01 XL | E52: -01 COUPE (5 FAVs - XL) | F52: =+#REF! -> #REF! | G52: =+#REF! -> #REF! | H52: =+#REF! -> #REF! | I52: =+#REF! -> #REF! | J52: =+#REF! -> #REF! | K52: 0 | L52: 420 | M52: 420
C53: 1007 | D53: -100-02 XL | E53: -02 OLDIE (5 FAVs - XL) | F53: =+#REF! -> #REF! | G53: =+#REF! -> #REF! | H53: =+#REF! -> #REF! | I53: =+#REF! -> #REF! | J53: =+#REF! -> #REF! | K53: 0 | L53: 0 | M53: 0
C54: 1007 | D54: -100-03 XL | E54: -03 PUTT-PUTT (5 FAVs - XL) | F54: =+#REF! -> #REF! | G54: =+#REF! -> #REF! | H54: =+#REF! -> #REF! | I54: =+#REF! -> #REF! | J54: =+#REF! -> #REF! | K54: 0 | L54: 0 | M54: 0
C55: 1007 | D55: -100-04 XL | E55: -04 STATION WAGON (5 FAVs - XL) | F55: =+#REF! -> #REF! | G55: =+#REF! -> #REF! | H55: =+#REF! -> #REF! | I55: =+#REF! -> #REF! | J55: =+#REF! -> #REF! | K55: 0 | L55: 0 | M55: 0
C56: 1007 | D56: -100-05 XL | E56: -05 VW BUG (5 FAVs - XL) | F56: =+#REF! -> #REF! | G56: =+#REF! -> #REF! | H56: =+#REF! -> #REF! | I56: =+#REF! -> #REF! | J56: =+#REF! -> #REF! | K56: 0 | L56: 0 | M56: 0
C57: #REF! | D57: #REF! | E57: #REF! | F57: =+#REF! -> #REF! | G57: =+#REF! -> #REF! | H57: =+#REF! -> #REF! | I57: =+#REF! -> #REF! | J57: =+#REF! -> #REF! | K57: #REF! | L57: #REF! | M57: #REF!
C58: 1007 | D58: -100-01 L | E58: -01 Station Wagon (5 FAVs - L) | F58: =+#REF! -> #REF! | G58: =+#REF! -> #REF! | H58: =+#REF! -> #REF! | I58: =+#REF! -> #REF! | J58: =+#REF! -> #REF! | K58: 0 | L58: 0 | M58: 0
C59: 1007 | D59: -100-02 L | E59: -02 Putt Putt (5 FAVs - L) | F59: =+#REF! -> #REF! | G59: =+#REF! -> #REF! | H59: =+#REF! -> #REF! | I59: =+#REF! -> #REF! | J59: =+#REF! -> #REF! | K59: 30 | L59: 0 | M59: 0
C60: 1007 | D60: -100-03 L | E60: -03 Coupe (5 FAVs - L) | F60: =+#REF! -> #REF! | G60: =+#REF! -> #REF! | H60: =+#REF! -> #REF! | I60: =+#REF! -> #REF! | J60: =+#REF! -> #REF! | K60: 0 | L60: 0 | M60: 0
C61: 1007 | D61: -100-04 L | E61: -04 Oldie (5 FAVs - L) | F61: =+#REF! -> #REF! | G61: =+#REF! -> #REF! | H61: =+#REF! -> #REF! | I61: =+#REF! -> #REF! | J61: =+#REF! -> #REF! | K61: 0 | L61: 0 | M61: 0
C62: 1007 | D62: -100-05 L | E62: -05 VW Bug (5 FAVs - L) | F62: =+#REF! -> #REF! | G62: =+#REF! -> #REF! | H62: =+#REF! -> #REF! | I62: =+#REF! -> #REF! | J62: =+#REF! -> #REF! | K62: 30 | L62: 0 | M62: 0
C63: 1007 | D63: -101 | E63: AMEBA CAR | F63: =+#REF! -> #REF! | G63: =+#REF! -> #REF! | H63: =+#REF! -> #REF! | I63: =+#REF! -> #REF! | J63: =+#REF! -> #REF! | K63: 20 | L63: 0 | M63: 0 | N63: 2
C64: 1007 | D64: -102 | E64: C-CAR | F64: =+#REF! -> #REF! | G64: =+#REF! -> #REF! | H64: =+#REF! -> #REF! | I64: =+#REF! -> #REF! | J64: =+#REF! -> #REF! | K64: 20 | L64: 0 | M64: 0 | N64: 1
C65: 1007 | D65: -103 | E65: Rabbit - pull toy type | F65: =+#REF! -> #REF! | G65: =+#REF! -> #REF! | H65: =+#REF! -> #REF! | I65: =+#REF! -> #REF! | J65: =+#REF! -> #REF! | K65: 20 | L65: 0 | M65: 0 | N65: 1
C66: 1007 | D66: -104 | E66: Whale - pull toy type | F66: =+#REF! -> #REF! | G66: =+#REF! -> #REF! | H66: =+#REF! -> #REF! | I66: =+#REF! -> #REF! | J66: =+#REF! -> #REF! | K66: 20 | L66: 0 | M66: 0 | N66: 1
C67: 1007 | D67: -105 | E67: Hippo - pull toy type | F67: =+#REF! -> #REF! | G67: =+#REF! -> #REF! | H67: =+#REF! -> #REF! | I67: =+#REF! -> #REF! | J67: =+#REF! -> #REF! | K67: 20 | L67: 0 | M67: 0 | N67: 1
C68: 1007 | D68: -106 | E68: Convertible/ATV | F68: =+#REF! -> #REF! | G68: =+#REF! -> #REF! | H68: =+#REF! -> #REF! | I68: =+#REF! -> #REF! | J68: =+#REF! -> #REF! | K68: 20 | L68: 0 | M68: 0
C69: 1007 | D69: -107 | E69: Turtle - pull toy type | F69: =+#REF! -> #REF! | G69: =+#REF! -> #REF! | H69: =+#REF! -> #REF! | I69: =+#REF! -> #REF! | J69: =+#REF! -> #REF! | K69: 20 | L69: 0 | M69: 0 | N69: 1
C70: 1007 | D70: -108 | E70: Duck - pull toy type | F70: =+#REF! -> #REF! | G70: =+#REF! -> #REF! | H70: =+#REF! -> #REF! | I70: =+#REF! -> #REF! | J70: =+#REF! -> #REF! | K70: 20 | L70: 0 | M70: 0 | N70: 1
B71: #REF! | C71: 1007 | D71: -109 | E71: Older VW Bug | F71: =+#REF! -> #REF! | G71: =+#REF! -> #REF! | H71: =+#REF! -> #REF! | I71: =+#REF! -> #REF! | J71: =+#REF! -> #REF! | K71: 0 | L71: 0 | M71: 0 | N71: 1
B72: #REF! | C72: 1007 | D72: -110 | E72: Fiat (FIAT 500D) | F72: =+#REF! -> #REF! | G72: =+#REF! -> #REF! | H72: =+#REF! -> #REF! | I72: =+#REF! -> #REF! | J72: =+#REF! -> #REF! | K72: 0 | L72: 0 | M72: 0
B73: #REF! | C73: 1007 | D73: -111 | E73: FIAT - 2 (Older FIAT 500) | F73: =+#REF! -> #REF! | G73: =+#REF! -> #REF! | H73: =+#REF! -> #REF! | I73: =+#REF! -> #REF! | J73: =+#REF! -> #REF! | K73: 0 | L73: 0 | M73: 0
B74: #REF! | C74: 1007 | D74: -112 | E74: SCION | F74: =+#REF! -> #REF! | G74: =+#REF! -> #REF! | H74: =+#REF! -> #REF! | I74: =+#REF! -> #REF! | J74: =+#REF! -> #REF! | K74: 0 | L74: 0 | M74: 0
B75: #REF! | C75: 1007 | D75: -113 | E75: KIA SOUL | F75: =+#REF! -> #REF! | G75: =+#REF! -> #REF! | H75: =+#REF! -> #REF! | I75: =+#REF! -> #REF! | J75: =+#REF! -> #REF! | K75: 0 | L75: 0 | M75: 0
B76: #REF! | C76: 1007 | D76: -114 | E76: Panel Truck | F76: =+#REF! -> #REF! | G76: =+#REF! -> #REF! | H76: =+#REF! -> #REF! | I76: =+#REF! -> #REF! | J76: =+#REF! -> #REF! | K76: 0 | L76: 0 | M76: 0
B77: #REF! | C77: 1007 | D77: -115 | E77: Little Boxy Car | F77: =+#REF! -> #REF! | G77: =+#REF! -> #REF! | H77: =+#REF! -> #REF! | I77: =+#REF! -> #REF! | J77: =+#REF! -> #REF! | K77: 0 | L77: 0 | M77: 0
B78: #REF! | C78: 1007 | D78: -116 | E78: Kid Car | F78: =+#REF! -> #REF! | G78: =+#REF! -> #REF! | H78: =+#REF! -> #REF! | I78: =+#REF! -> #REF! | J78: =+#REF! -> #REF! | K78: 20 | L78: 0 | M78: 0
B79: #REF! | C79: 1007 | D79: -117 | E79: MG VA1 | F79: =+#REF! -> #REF! | G79: =+#REF! -> #REF! | H79: =+#REF! -> #REF! | I79: =+#REF! -> #REF! | J79: =+#REF! -> #REF! | K79: 0 | L79: 0 | M79: 0 | N79: 1
B80: #REF! | C80: 1007 | D80: -118 | E80: MG-TC | F80: =+#REF! -> #REF! | G80: =+#REF! -> #REF! | H80: =+#REF! -> #REF! | I80: =+#REF! -> #REF! | J80: =+#REF! -> #REF! | K80: 0 | L80: 0 | M80: 0 | N80: 1
B81: #REF! | C81: 1007 | D81: -119 | E81: Dachshund w/ears | F81: =+#REF! -> #REF! | G81: =+#REF! -> #REF! | H81: =+#REF! -> #REF! | I81: =+#REF! -> #REF! | J81: =+#REF! -> #REF! | K81: 30 | L81: 0 | M81: 0 | N81: 1
B82: #REF! | C82: 1007 | D82: -120 | E82: Bear - pull toy | F82: =+#REF! -> #REF! | G82: =+#REF! -> #REF! | H82: =+#REF! -> #REF! | I82: =+#REF! -> #REF! | J82: =+#REF! -> #REF! | K82: 30 | L82: 0 | M82: 0 | N82: 1
B83: #REF! | C83: 1007 | D83: -121 | E83: Firetruck 01 - Long - Thick - with gap; no ladders | F83: =+#REF! -> #REF! | G83: =+#REF! -> #REF! | H83: =+#REF! -> #REF! | I83: =+#REF! -> #REF! | J83: =+#REF! -> #REF! | K83: 30 | L83: 0 | M83: 0 | N83: 1
B84: #REF! | C84: 1007 | D84: -122 | E84: Firetruck 02 - Short - Thick with ladders | F84: =+#REF! -> #REF! | G84: =+#REF! -> #REF! | H84: =+#REF! -> #REF! | I84: =+#REF! -> #REF! | J84: =+#REF! -> #REF! | K84: 20 | L84: 0 | M84: 0 | N84: 1
B85: #REF! | C85: 1007 | D85: -123 | E85: Firetruck 03 - Short - Thin with ladders | F85: =+#REF! -> #REF! | G85: =+#REF! -> #REF! | H85: =+#REF! -> #REF! | I85: =+#REF! -> #REF! | J85: =+#REF! -> #REF! | K85: 20 | L85: 0 | M85: 0 | N85: 1
B86: #REF! | C86: 1007 | D86: -124 | E86: Firetruck 04 - Short - Thick -with gap; no ladders | F86: =+#REF! -> #REF! | G86: =+#REF! -> #REF! | H86: =+#REF! -> #REF! | I86: =+#REF! -> #REF! | J86: =+#REF! -> #REF! | K86: 20 | L86: 0 | M86: 0
K87: 30 | L87: 0 | M87: 0
A89: 8 | B89: #REF! | C89: 1008 | D89: -100 | E89: BUS, SCHOOL - obsolete - do not use | F89: =+#REF! -> #REF! | G89: =+#REF! -> #REF! | H89: =+#REF! -> #REF! | I89: =+#REF! -> #REF! | J89: =+#REF! -> #REF! | K89: 0 | L89: 30 | M89: 30
C90: 1008 | D90: -102 | E90: BUS, SCHOOL - 2014 MODEL | F90: =+#REF! -> #REF! | G90: =+#REF! -> #REF! | H90: =+#REF! -> #REF! | I90: =+#REF! -> #REF! | J90: =+#REF! -> #REF! | K90: 30 | L90: 0 | M90: 0 | N90: 1
B91: #REF! | C91: 1008 | D91: -104 | E91: VW Micro Bus | F91: =+#REF! -> #REF! | G91: =+#REF! -> #REF! | H91: =+#REF! -> #REF! | I91: =+#REF! -> #REF! | J91: =+#REF! -> #REF!
A93: 9 | B93: #REF! | C93: 1009 | D93: -100 | E93: LOCOMOTIVE (R BARES DESIGN) | F93: =+#REF! -> #REF! | G93: =+#REF! -> #REF! | H93: =+#REF! -> #REF! | I93: =+#REF! -> #REF! | J93: =+#REF! -> #REF! | K93: 0 | L93: 80 | M93: 80
C94: 1009 | D94: -102 | E94: LOCOMOTIVE (RWB Mod Design) | F94: =+#REF! -> #REF! | G94: =+#REF! -> #REF! | H94: =+#REF! -> #REF! | I94: =+#REF! -> #REF! | J94: =+#REF! -> #REF! | K94: 0 | L94: 0 | M94: 0
B95: #REF! | C95: 1009 | D95: -103 | E95: Locomotive (AL OINES Design) small | F95: =+#REF! -> #REF! | G95: =+#REF! -> #REF! | H95: =+#REF! -> #REF! | I95: =+#REF! -> #REF! | J95: =+#REF! -> #REF! | K95: 0 | L95: 0 | M95: 0 | N95: 1
B96: #REF! | C96: 1009 | D96: -104 | E96: Locomotive (WW Show Design) small, rdwd | F96: =+#REF! -> #REF! | G96: =+#REF! -> #REF! | H96: =+#REF! -> #REF! | I96: =+#REF! -> #REF! | J96: =+#REF! -> #REF! | K96: 80 | L96: 0 | M96: 0
K97: #REF! | L97: #REF! | M97: #REF!
A98: 10 | B98: #REF! | C98: 1010 | D98: -100 | E98: JEWELRY BOX (J WIGEN - rectangles) | F98: =+#REF! -> #REF! | G98: =+#REF! -> #REF! | H98: =+#REF! -> #REF! | I98: =+#REF! -> #REF! | J98: =+#REF! -> #REF! | K98: 35 | L98: 135 | M98: 135 | N98: 1
C99: 1010 | D99: -101 | E99: HEART BOX (R BARES - hearts) | F99: =+#REF! -> #REF! | G99: =+#REF! -> #REF! | H99: =+#REF! -> #REF! | I99: =+#REF! -> #REF! | J99: =+#REF! -> #REF! | K99: 25 | L99: 0 | M99: 0 | N99: 1
C100: 1010 | D100: -102 | E100: HEART BOX (G GRAVES - half moon or double heart) | F100: =+#REF! -> #REF! | G100: =+#REF! -> #REF! | H100: =+#REF! -> #REF! | I100: =+#REF! -> #REF! | J100: =+#REF! -> #REF! | K100: 25 | L100: 0 | M100: 0 | N100: 1
C101: 1010 | D101: -103 | E101: Chalk Board (Gary Graves Design) | F101: =+#REF! -> #REF! | G101: =+#REF! -> #REF! | H101: =+#REF! -> #REF! | I101: =+#REF! -> #REF! | J101: =+#REF! -> #REF! | K101: 50 | L101: 0 | M101: 0 | N101: 1
A103: 11 | B103: #REF! | C103: 1011 | D103: -100 | E103: TRACTOR, JOHN DEERE | F103: =+#REF! -> #REF! | G103: =+#REF! -> #REF! | H103: =+#REF! -> #REF! | I103: =+#REF! -> #REF! | J103: =+#REF! -> #REF! | K103: 125 | L103: 0 | M103: 0 | N103: 1
C104: #REF! | D104: #REF! | E104: #REF! | F104: =+#REF! -> #REF! | G104: =+#REF! -> #REF! | H104: =+#REF! -> #REF! | I104: =+#REF! -> #REF! | J104: =+#REF! -> #REF! | K104: #REF! | L104: #REF! | M104: #REF!
A106: 12 | B106: #REF! | C106: 1012 | D106: -100 | E106: TURTLE BANK (R Bares Design) rev | F106: =+#REF! -> #REF! | G106: =+#REF! -> #REF! | H106: =+#REF! -> #REF! | I106: =+#REF! -> #REF! | J106: =+#REF! -> #REF! | K106: 50 | L106: 50 | M106: 50 | N106: 1
A108: 13 | B108: #REF! | C108: 1013 | D108: -100 | E108: CRITTERS CUTOUTS (1X STOCK) | F108: =+#REF! -> #REF! | G108: =+#REF! -> #REF! | H108: =+#REF! -> #REF! | I108: =+#REF! -> #REF! | J108: =+#REF! -> #REF! | K108: 100 | L108: 100 | M108: 100
A110: 14 | B110: #REF! | C110: 1014 | D110: 0 | E110: 0 | F110: =+#REF! -> #REF! | G110: =+#REF! -> #REF! | H110: =+#REF! -> #REF! | I110: =+#REF! -> #REF! | J110: =+#REF! -> #REF! | K110: 0 | L110: 50 | M110: 50 | N110: 1
A112: 15 | B112: #REF! | C112: 1015 | D112: -100 | E112: CUP AND BALL GAME | F112: =+#REF! -> #REF! | G112: =+#REF! -> #REF! | H112: =+#REF! -> #REF! | I112: =+#REF! -> #REF! | J112: =+#REF! -> #REF! | K112: 0 | L112: 40 | M112: 40 | N112: 1
A114: 16 | B114: #REF! | C114: 0 | D114: #REF! | E114: #REF! | F114: =+#REF! -> #REF! | G114: =+#REF! -> #REF! | H114: =+#REF! -> #REF! | I114: =+#REF! -> #REF! | J114: =+#REF! -> #REF! | K114: #REF! | L114: 510 | M114: 510
C115: 1016 | D115: -100-01 S | E115: -01 STATION WAGON (5 FAVs - S) on 1" popular | F115: =+#REF! -> #REF! | G115: =+#REF! -> #REF! | H115: =+#REF! -> #REF! | I115: =+#REF! -> #REF! | J115: =+#REF! -> #REF! | K115: 0 | L115: 0 | M115: 0
C116: 1016 | D116: -100-02 S | E116: -02 PUTT-PUTT (5 FAVs - S) on 1" popular | F116: =+#REF! -> #REF! | G116: =+#REF! -> #REF! | H116: =+#REF! -> #REF! | I116: =+#REF! -> #REF! | J116: =+#REF! -> #REF! | K116: 0 | L116: 0 | M116: 0
...

Sheet 2022 - Drwg No Sort
F1: TOY PLANS MANAGEMENT SYSTEM
F2: GROUND RULES
F3: 1. Toy Number is its category and its sequence within that category. Eg. Toy 16.34
F4: 2. Drawing number for each toy is "toy-category+assembly+-XX".
H11: NOTES re this worksheet:
H12: Changes are shown as shaded cells.
C14: Toy Number = Cat No + Sub-Cat No | H14: Some columns are hidden for printing TRACING DETAILS only. Remember to restore (unhide) when printing out the TOY PLANS MANAGEMENT SYSTEM.
F16: To use the autosorting feature, there can be no blank rows in the list. | H16: The sorting column is used to print tracing lists (A) for wheeled vehicles and (B) for critters. "c" for tracing is complete. This is done manually each time you need to print a list.
F19: LIST OF DRAWINGS
A20: Restore | C20: Category Name | D20: Toy Number | E20: Sub-Toy No | F20: Drwg Part No | G20: extension | H20: individual toy name | I20: Toys Planned for 2022 | J20: Subtotal per Category | K20: Goal for 2022 per Category | L20: Traceable or Not Traceable | M20: Total Traced on 2-27-2020 | N20: Total Traced for 2021 | O20: Stock Size | P20: Tracer | Q20: Pattern Retnd | R20: Leftover Inventory from 2021 | S20: TOTALS
A21: 2 | D21: 1 | E21: 1 | F21: 1001 | G21: -100 | H21: BB Game | I21: 100 | L21: N | O21: 1x4 | R21: 3 | S21: =SUM(R21:R21) -> 3
A22: 5 | D22: 2 | E22: 1 | F22: 1002 | G22: -101 | H22: Rocking Chair | I22: 40 | O22: 1/2 x | R22: 1 | S22: =SUM(R22:R22) -> 1
A23: 8 | D23: 3 | E23: 1 | F23: 1003 | G23: -100 | H23: Tugboat | I23: 100 | L23: N | O23: 1x4 | R23: 6 | S23: =SUM(R23:R23) -> 6
A24: 11 | D24: 4 | E24: 1 | F24: 1004 | G24: -100 | H24: Racer 100 (Medium) - called the Standard | I24: 30 | O24: 2x4 | R24: 1 | S24: =SUM(R24:R24) -> 1
A25: 12 | D25: 4 | E25: 2 | F25: 1004 | G25: -101 | H25: Racer 101 | I25: 30 | O25: 2x4 | S25: =SUM(R25:R25) -> 0
A26: 13 | D26: 4 | E26: 3 | F26: 1004 | G26: -102 | H26: Racer 102 | I26: 30 | O26: 2x4 | S26: =SUM(R26:R26) -> 0
A27: 14 | D27: 4 | E27: 4 | F27: 1004 | G27: -103 | H27: Racer 103 - (Small Racer 100) | I27: 30 | O27: 2x4 | S27: =SUM(R27:R27) -> 0
A28: 15 | D28: 4 | E28: 5 | F28: 1004 | G28: -104 | H28: Racer 104 - Lightning McQueen - Large | I28: 30 | O28: 2x4 | S28: =SUM(R28:R28) -> 0
A29: 16 | D29: 4 | E29: 6 | F29: 1004 | G29: -105 | H29: Racer 105 - Lightning McQueen - Small | I29: 30 | O29: 2x4 | S29: =SUM(R29:R29) -> 0
A30: 17 | D30: 4 | E30: 7 | F30: 1004 | G30: -106 | H30: Racer 106 - like small boat | O30: 2x4 | S30: =SUM(R30:R30) -> 0
A31: 18 | D31: 4 | E31: 8 | F31: 1004 | G31: -107 | H31: Family Racer - two door | O31: 2x4 | S31: =SUM(R31:R31) -> 0
A32: 25 | D32: 15 | E32: 16 | F32: 1005 | G32: -100 | H32: Caterpillar, Large (100%) | I32: 30 | O32: 2x6 | R32: 0 | S32: =SUM(R32:R32) -> 0
A33: 26 | D33: 15 | E33: 17 | F33: 1005 | G33: -101 | H33: Caterpillar, Small (75%) | O33: 2x4 | S33: =SUM(R33:R33) -> 0
A34: 47 | D34: 6 | E34: 14 | F34: 1006 | G34: -112B | H34: Cartoon Truck without Shell | O34: 2x4 | S34: =SUM(R34:R34) -> 0
A35: 46 | D35: 6 | E35: 13 | F35: 1006 | G35: -112A | H35: Cartoon Truck | O35: 2x4 | S35: =SUM(R35:R35) -> 0
A36: 41 | D36: 6 | E36: 8 | F36: 1006 | G36: -107-06 | H36: Cab with Crayon Hauler Trailer | O36: 2x4 | S36: =SUM(R36:R36) -> 0
A37: 40 | D37: 6 | E37: 7 | F37: 1006 | G37: -107-05 | H37: Cab with Tanker trailer | O37: 2x4 | S37: =SUM(R37:R37) -> 0
A38: 39 | D38: 6 | E38: 6 | F38: 1006 | G38: -107-04 | H38: Cab with Semi trailer | O38: 2x4 | S38: =SUM(R38:R38) -> 0
A39: 38 | D39: 6 | E39: 5 | F39: 1006 | G39: -107-03 | H39: Cab with Log Hauling trailer | O39: 2x4 | S39: =SUM(R39:R39) -> 0
A40: 37 | D40: 6 | E40: 4 | F40: 1006 | G40: -107-02 | H40: Cab with Flat bed trailer | O40: 2x4 | S40: =SUM(R40:R40) -> 0
A41: 36 | D41: 6 | E41: 3 | F41: 1006 | G41: -107-01 | H41: Cab ONLY - for Trailer series: | O41: 2x4 | S41: =SUM(R41:R41) -> 0
D42: 4 | E42: 10 | F42: 1006 | G42: -105A | H42: Batman Race Car -Small | O42: 2x4
A43: 29 | D43: 5 | E43: 1 | F43: 1006 | G43: -100 | H43: PT Cruiser | I43: 30 | O43: 2x4 | R43: 37 | S43: =SUM(R43:R43) -> 37
A44: 30 | D44: 5 | E44: 2 | F44: 1006 | G44: -101 | H44: Gangsta Car | O44: 2x4 | S44: =SUM(R44:R44) -> 0
A45: 31 | D45: 5 | E45: 3 | F45: 1006 | G45: -102 | H45: Chevy 1949er | O45: 2x4 | S45: =SUM(R45:R45) -> 0
A46: 32 | D46: 4 | E46: 15 | F46: 1006 | G46: -103 | H46: Racers by Les Rogers (LR): 1006-103-1A thru 1006-103- 5D | O46: 2x4 | S46: =SUM(R46:R46) -> 0
A47: 33 | D47: 6 | E47: 1 | F47: 1006 | G47: -104 | H47: Pickup Truck Body 1 - used for flatbed, tanker, water truck, etc. | I47: 30 | O47: 2x4 | S47: =SUM(R47:R47) -> 0
A48: 34 | D48: 4 | E48: 9 | F48: 1006 | G48: -105 | H48: Batman Race Car - Medium | I48: 45 | O48: 2x4 | S48: =SUM(R48:R48) -> 0
A49: 35 | D49: 6 | E49: 2 | F49: 1006 | G49: -106 | H49: Pickup Truck Body 2 - 4WD -used for flatbed, tanker, water truck | I49: 30 | O49: 2x6 | S49: =SUM(R49:R49) -> 0
A50: 42 | D50: 6 | E50: 9 | F50: 1006 | G50: -108 | H50: 1965 Ford Pickup | O50: 2x4 | S50: =SUM(R50:R50) -> 0
A51: 43 | D51: 5 | E51: 6 | F51: 1006 | G51: -109 | H51: 2014 Subaru Outback | O51: 2x4 | S51: =SUM(R51:R51) -> 0
A52: 44 | D52: 6 | E52: 10 | F52: 1006 | G52: -110 | H52: 2000 GMC Sierra Truck | O52: 2x4 | S52: =SUM(R52:R52) -> 0
A53: 45 | D53: 6 | E53: 12 | F53: 1006 | G53: -111 | H53: Semi Truck with Trailer | O53: 2x4 | S53: =SUM(R53:R53) -> 0
A54: 48 | D54: 6 | E54: 15 | F54: 1006 | G54: -113 | H54: 1942 Dodge Power Wagon | O54: 2x4 | S54: =SUM(R54:R54) -> 0
A55: 49 | D55: 6 | E55: 16 | F55: 1006 | G55: -114 | H55: Farm Truck | O55: 2x4 | S55: =SUM(R55:R55) -> 0
A56: 56 | D56: 7 | E56: 5 | F56: 1007 | G56: -100-05 XL | H56: -05 VDUB Bug (5 FAVs - size XL on 2x6 stock) | O56: 2x6 | S56: =SUM(R56:R56) -> 0
A57: 61 | D57: 7 | E57: 10 | F57: 1007 | G57: -100-05 L | H57: -05 VDUB Bug (5 FAVs - size L) on 2x6 stock | I57: 30 | O57: 2x4 | S57: =SUM(R57:R57) -> 0
A58: 55 | D58: 7 | E58: 4 | F58: 1007 | G58: -100-04 XL | H58: -04 Station Wagon(5 FAVs - size XL on 2x6 stock) | O58: 2x6 | S58: =SUM(R58:R58) -> 0
A59: 60 | D59: 7 | E59: 9 | F59: 1007 | G59: -100-04 L | H59: -04 Oldie (5 FAVs - size L on 2x6 stock) | O59: 2x4 | S59: =SUM(R59:R59) -> 0
A60: 54 | D60: 7 | E60: 3 | F60: 1007 | G60: -100-03 XL | H60: -03 Putt-Putt (5 FAVs - size XL on 2x6 stock) | O60: 2x6 | S60: =SUM(R60:R60) -> 0
A61: 59 | D61: 7 | E61: 8 | F61: 1007 | G61: -100-03 L | H61: -03 Coupe (5 FAVs - size L on 2x6 stock) | O61: 2x4 | S61: =SUM(R61:R61) -> 0
A62: 53 | D62: 7 | E62: 2 | F62: 1007 | G62: -100-02 XL | H62: -02 Oldie (5 FAVs - size XL) on 2x6 stock | O62: 2x6 | S62: =SUM(R62:R62) -> 0
A63: 58 | D63: 7 | E63: 7 | F63: 1007 | G63: -100-02 L | H63: -02 Putt Putt (5 FAVs - size L on 2x6 stock) | I63: 30 | O63: 2x4 | S63: =SUM(R63:R63) -> 0
A64: 52 | D64: 7 | E64: 1 | F64: 1007 | G64: -100-01 XL | H64: -01 Coupe (5 FAVs - size XL on 2x6 stock) | O64: 2x6 | S64: =SUM(R64:R64) -> 0
A65: 57 | D65: 7 | E65: 6 | F65: 1007 | G65: -100-01 L | H65: -01 Station Wagon(5 FAVs - size L on 2x6 stock) | O65: 2x4 | S65: =SUM(R65:R65) -> 0
A66: 62 | D66: 5 | E66: 7 | F66: 1007 | G66: -101 | H66: Ameba Car | I66: 20 | O66: 2x4 | S66: =SUM(R66:R66) -> 0
A67: 63 | D67: 5 | E67: 8 | F67: 1007 | G67: -102 | H67: C-Car | I67: 20 | O67: 2x4 | S67: =SUM(R67:R67) -> 0
A68: 64 | D68: 15 | E68: 1 | F68: 1007 | G68: -103 | H68: Rabbit - pull toy type | I68: 20 | O68: 2x6 | S68: =SUM(R68:R68) -> 0
A69: 65 | D69: 15 | E69: 2 | F69: 1007 | G69: -104 | H69: Whale - pull toy type | I69: 20 | O69: 2x6 | S69: =SUM(R69:R69) -> 0
A70: 66 | D70: 15 | E70: 3 | F70: 1007 | G70: -105 | H70: Hippo - pull toy type | I70: 20 | O70: 2x6 | S70: =SUM(R70:R70) -> 0
A71: 67 | D71: 16 | E71: 10 | F71: 1007 | G71: -106 | H71: Convertible/ATV Car | I71: 20 | O71: 2x4 | S71: =SUM(R71:R71) -> 0
A72: 68 | D72: 15 | E72: 4 | F72: 1007 | G72: -107 | H72: Turtle - pull toy type | I72: 20 | O72: 2x6 | S72: =SUM(R72:R72) -> 0
A73: 69 | D73: 15 | E73: 5 | F73: 1007 | G73: -108 | H73: Duck - pull toy type | I73: 20 | O73: 2x6 | S73: =SUM(R73:R73) -> 0
A74: 70 | D74: 5 | E74: 10 | F74: 1007 | G74: -109 | H74: Old 69 VW Bug | O74: 2x4 | S74: =SUM(R74:R74) -> 0
A75: 71 | D75: 5 | E75: 11 | F75: 1007 | G75: -110 | H75: Fiat 500D | O75: 2x4 | S75: =SUM(R75:R75) -> 0
A76: 72 | D76: 5 | E76: 12 | F76: 1007 | G76: -111 | H76: Fiat 500- 2 (Older) | O76: 2x4 | S76: =SUM(R76:R76) -> 0
A77: 73 | D77: 5 | E77: 13 | F77: 1007 | G77: -112 | H77: Scion | O77: 2x4 | S77: =SUM(R77:R77) -> 0
A78: 74 | D78: 5 | E78: 14 | F78: 1007 | G78: -113 | H78: KIA Soul | O78: 2x4 | S78: =SUM(R78:R78) -> 0
A79: 75 | D79: 6 | E79: 18 | F79: 1007 | G79: -114 | H79: Panel Truck | O79: 2x4 | S79: =SUM(R79:R79) -> 0
A80: 76 | D80: 5 | E80: 15 | F80: 1007 | G80: -115 | H80: Little Boxy Car | O80: 2x4 | S80: =SUM(R80:R80) -> 0
A81: 77 | D81: 5 | E81: 16 | F81: 1007 | G81: -116 | H81: Kid Car | I81: 20 | O81: 2x4 | S81: =SUM(R81:R81) -> 0
A82: 78 | D82: 5 | E82: 17 | F82: 1007 | G82: -117 | H82: MG VA1 | O82: 2x4 | S82: =SUM(R82:R82) -> 0
A83: 79 | D83: 5 | E83: 18 | F83: 1007 | G83: -118 | H83: MG-TC | O83: 2x4 | S83: =SUM(R83:R83) -> 0
A84: 80 | D84: 15 | E84: 8 | F84: 1007 | G84: -119 | H84: Dachshund with Ears | I84: 30 | O84: 2x6 | S84: =SUM(R84:R84) -> 0
A85: 81 | D85: 15 | E85: 9 | F85: 1007 | G85: -120 | H85: Bear - pull toy | I85: 30 | O85: 2x6 | S85: =SUM(R85:R85) -> 0
A86: 82 | D86: 18 | E86: 1 | F86: 1007 | G86: -121 | H86: Firetruck 01 - Long - Thick - with gap; no ladders | I86: 30 | O86: 2x6 | S86: =SUM(R86:R86) -> 0
A87: 83 | D87: 18 | E87: 2 | F87: 1007 | G87: -122 | H87: Firetruck 02 - Short - Thick - with ladders | I87: 20 | O87: 1x | S87: =SUM(R87:R87) -> 0
A88: 84 | D88: 18 | E88: 3 | F88: 1007 | G88: -123 | H88: Firetruck 03 - Short - Thin - with ladders | I88: 20 | O88: 2x4 | S88: =SUM(R88:R88) -> 0
A89: 85 | D89: 18 | E89: 4 | F89: 1007 | G89: -124 | H89: Firetruck 04 - Short - Thick - with gap; no ladders | I89: 20 | O89: 2x4 | S89: =SUM(R89:R89) -> 0
A90: 86 | D90: 15 | E90: 10 | F90: 1007 | G90: -125 | H90: Puppy with Ears | I90: 30 | O90: 2x4 | S90: =SUM(R90:R90) -> 0
D91: 16 | E91: 12 | F91: 1007 | G91: -126 | H91: Little French Car (2 windows) - new for 22 | I91: 20 | O91: 2x4
D92: 16 | E92: 13 | F92: 1007 | G92: -127 | H92: Off Road Vehicle (2 windows) - new for 22 | I92: 20 | O92: 2x4
D93: 16 | E93: 14 | F93: 1007 | G93: -128 | H93: 30s Toy Car (2 windows) - new for 22 (VDUB BUG look alike) | I93: 20 | O93: 2x4
D94: 16 | E94: 15 | F94: 1007 | G94: -129 | H94: 50s Toy Car (2 windows) - new for 22 | I94: 20 | O94: 2x4
D95: 16 | E95: 11 | F95: 1007 | G95: -130 | H95: English Taxi Car (3 windows) - new for 22 | I95: 20 | O95: 2x4
A96: 89 | D96: 8 | E96: 1 | F96: 1008 | G96: -100 | H96: Bus, School - obsolete - do not use | S96: =SUM(R96:R96) -> 0
A97: 90 | D97: 8 | E97: 2 | F97: 1008 | G97: -102 | H97: Bus, School - 2014 Model (Larry Borg) | I97: 30 | O97: 2x4 | R97: 0 | S97: =SUM(R97:R97) -> 0
A98: 91 | D98: 8 | E98: 3 | F98: 1008 | G98: -104 | H98: VDUB Micro Bus | O98: 2x4 | S98: =SUM(R98:R98) -> 0
A99: 94 | D99: 9 | E99: 1 | F99: 1009 | G99: -100 | H99: Locomotive (Roger Bares Design) | O99: 2x6 | S99: =SUM(R99:R99) -> 0
A100: 95 | D100: 9 | E100: 2 | F100: 1009 | G100: -102 | H100: Locomotive (RWB Mod Design) | O100: 2x4 | S100: =SUM(R100:R100) -> 0
A101: 96 | D101: 9 | E101: 3 | F101: 1009 | G101: -103 | H101: Locomotive (AL OINES Design) small | O101: 2x4 | S101: =SUM(R101:R101) -> 0
A102: 97 | D102: 9 | E102: 4 | F102: 1009 | G102: -104 | H102: Locomotive (WW Show Design) small, rdwd | I102: 80 | O102: 2x4 | R102: 0 | S102: =SUM(R102:R102) -> 0
A103: 100 | D103: 10 | E103: 1 | F103: 1010 | G103: -100 | H103: Jewelry Box, Rectangular (J Wigen Design) | I103: 35 | L103: N | O103: 1/2 x | S103: =SUM(R103:R103) -> 0
A104: 101 | D104: 10 | E104: 2 | F104: 1010 | G104: -101 | H104: Heart Box, Single Heart (Roger Bares) | I104: 25 | L104: N | O104: 2x4 | S104: =SUM(R104:R104) -> 0
A105: 102 | D105: 10 | E105: 3 | F105: 1010 | G105: -102 | H105: Heart Box (G Graves - Half moon or double heart) | I105: 25 | L105: N | O105: 2x6 | S105: =SUM(R105:R105) -> 0
A106: 103 | D106: 14 | E106: 5 | F106: 1010 | G106: -103 | H106: Chalk Board Games | I106: 50 | L106: N | O106: 1/2 x | S106: =SUM(R106:R106) -> 0
A107: 110 | D107: 15 | E107: 14 | F107: 1011 | G107: -101-4 | H107: Whale, Thin | I107: 10 | O107: 1x | S107: =SUM(R107:R107) -> 0
A108: 109 | D108: 15 | E108: 13 | F108: 1011 | G108: -101-3 | H108: Boat, Thin | I108: 10 | O108: 1x | S108: =SUM(R108:R108) -> 0
A109: 108 | D109: 15 | E109: 12 | F109: 1011 | G109: -101-2 | H109: Duck, Thin | I109: 10 | O109: 1x | S109: =SUM(R109:R109) -> 0
A110: 107 | D110: 15 | E110: 11 | F110: 1011 | G110: -101-1 | H110: Rabbit, Thin | I110: 10 | O110: 1x | S110: =SUM(R110:R110) -> 0
...

Sheet TRACING
A1: TRACING

Sheet 2024 TRACING RECORDS
C1: Toy Category | D1: Toy # | E1: Sub-Toy # | F1: Drwg Part # | G1: Ext | H1: Toy Name | I1: Toys Planned for 2024 | J1: Traceable or Not / Size | K1: Traced on 1-20-24 | L1: Traced on 1-27-24 | M1: Traced on 2-10-24 | N1: Traced on 2-24-24 | O1: Traced on 3-9-24 | P1: Traced on 3-23-24 | Q1: Tracer's Name | R1: Status: Traced - Pattern Returned - Done
B2: 1 | C2: Basketball Games | D2: 1 | E2: 1 | F2: 1001 | G2: -100 | H2: BB Game | I2: 100 | J2: N
B3: 2 | C3: Rocking Chairs | D3: 2 | E3: 1 | F3: 1002 | G3: -101 | H3: Rocking Chair | I3: 40 | J3: N
B4: 3 | C4: Tugboats | D4: 3 | E4: 1 | F4: 1003 | G4: -100 | H4: Tugboat | I4: 100 | J4: N
B5: 4 | C5: Racers | D5: 4 | E5: 1 | F5: 1004 | G5: -100 | H5: Racer 100 - STANDARD - MEDIUM | I5: 30 | J5: 2x4 | L5: =+I5 -> 30 | Q5: John | R5: Done
D6: 4 | E6: 2 | F6: 1004 | G6: -101 | H6: Racer 101 - DELUXE | I6: 30 | J6: 2x4 | L6: =+I6 -> 30 | Q6: Dee | R6: Done
D7: 4 | E7: 3 | F7: 1004 | G7: -102 | H7: Racer 102 -LES ROGERS | I7: 30 | J7: 2x4 | L7: =+I7 -> 30 | Q7: Don | R7: Done
D8: 4 | E8: 4 | F8: 1004 | G8: -103 | H8: Racer 103 - STANDARD - SMALL | I8: 40 | J8: 2x4 | L8: =+I8 -> 40 | Q8: Nick - Harley | R8: Done
D9: 4 | E9: 5 | F9: 1004 | G9: -104 | H9: Racer 104 - Lightning McQueen - Large | I9: 25 | J9: 2x4 | L9: =+I9 -> 25 | Q9: Keith | R9: Done
D10: 4 | E10: 6 | F10: 1004 | G10: -105 | H10: Racer 105 - Lightning McQueen - Small | I10: 25 | J10: 2x4 | M10: 25 | Q10: Don | R10: Done
D11: 4 | E11: 7 | F11: 1004 | G11: -106 | H11: Racer 106 - like small boat
D12: 4 | E12: 8 | F12: 1004 | G12: -107 | H12: Family Racer - two door
D13: 4 | E13: 9 | F13: 1006 | G13: -105 | H13: Batman Race Car - Medium | I13: 25 | J13: 2x4 | N13: need
D14: 4 | E14: 10 | F14: 1006 | G14: -105A | H14: Batman Race Car -Small | I14: 25 | J14: 2x4 | L14: =+I14 -> 25 | Q14: Ken | R14: Done; Ed took Home
D15: 4 | E15: 11 | F15: CFB | G15: CFB-01 | H15: CFB RACER - STANDARD - LARGE (10" for CFB) | I15: 20 | J15: 2x4 | L15: =+I15 -> 20 | Q15: John + | R15: Done
C16: For CFB: cut and sand only | D16: 4 | E16: 12 | F16: CFB | G16: CFB-02 | H16: CFB Racer - DELUXE - LARGE (10" for CFB) | I16: 20 | J16: 2x4 | L16: =+I16 -> 20 | Q16: John + | R16: Done
C17: For CFB: cut and sand only | D17: 4 | E17: 13 | F17: CFB | G17: CFB-03 | H17: CFB Racer - LONG THIN - LARGE (10" for CFB) | I17: 20 | J17: 2x4 | L17: =+I17 -> 20 | Q17: John + | R17: Done
C18: For CFB: cut and sand only | D18: 4 | E18: 14 | F18: CFB | G18: CFB-04 | H18: CFB RACER - Batman -LARGE (10" for CFB) | I18: 40 | J18: 2x4 | L18: =+I18 -> 40 | Q18: John + | R18: Done
C19: For CFB: cut and sand only | D19: 4 | E19: 15 | F19: 1006 | G19: -103 | H19: Racers by Les Rogers (LR): 1006-103-1A thru 1006-103- 5D
C20: new in 2023 | D20: 4 | E20: 16 | F20: 1004 | G20: -108 | H20: Derby Car | I20: 30 | J20: 2x4 | N20: need | R20: Started 2-10
B21: 5 | C21: Cars | D21: 5 | E21: 1 | F21: 1006 | G21: -100 | H21: PT Cruiser | I21: 30 | J21: 2x4 | N21: need
D22: 5 | E22: 2 | F22: 1006 | G22: -101 | H22: Gangsta Car
D23: 5 | E23: 3 | F23: 1006 | G23: -102 | H23: Chevy 1949er
D24: 5 | E24: 6 | F24: 1006 | G24: -109 | H24: 2014 Subaru Outback
D25: 5 | E25: 7 | F25: 1007 | G25: -101 | H25: Ameba Car
D26: 5 | E26: 8 | F26: 1007 | G26: -102 | H26: C-Car | I26: 20 | J26: 2x4 | N26: need
D27: 5 | E27: 9 | H27: spare slot
D28: 5 | E28: 10 | F28: 1007 | G28: -109 | H28: Old 69 VW Bug | I28: 20 | J28: 2x4 | N28: need
D29: 5 | E29: 11 | F29: 1007 | G29: -110 | H29: Fiat 500D
D30: 5 | E30: 12 | F30: 1007 | G30: -111 | H30: Fiat 500- 2 (Older)
D31: 5 | E31: 13 | F31: 1007 | G31: -112 | H31: Scion
D32: 5 | E32: 14 | F32: 1007 | G32: -113 | H32: KIA Soul
D33: 5 | E33: 15 | F33: 1007 | G33: -115 | H33: Little Boxy Car
D34: 5 | E34: 16 | F34: 1007 | G34: -116 | H34: Kid Car | I34: 20 | J34: 2x4 | N34: need
D35: 5 | E35: 17 | F35: 1007 | G35: -117 | H35: MG VA1
D36: 5 | E36: 18 | F36: 1007 | G36: -118 | H36: MG-TC
C37: new in 2023 | D37: 5 | E37: 19 | F37: 1011 | G37: -105 | H37: Runabout Car | I37: 25 | J37: 1" | N37: need | R37: ?
C38: new in 2023 | D38: 5 | E38: 20 | F38: 1011 | G38: -106 | H38: Golf Car | I38: 25 | J38: 1" | M38: 25 | Q38: 4 Guys | R38: Done
C39: new in 2023 | D39: 5 | E39: 21 | F39: 1007 | G39: 133 | H39: Clown Car | I39: 25 | J39: 2x4 | N39: need
B40: 6 | C40: Trucks | D40: 6 | E40: 1 | F40: 1006 | G40: -104 | H40: Pickup Truck Body 1 - used for flatbed, tanker, water truck, etc. | I40: 30 | J40: 2x4 | N40: need
D41: 6 | E41: 2 | F41: 1006 | G41: -106 | H41: Pickup Truck Body 2 - 4WD -used for flatbed, tanker, water truck | I41: 30 | J41: 2x4 | N41: need
D42: 6 | E42: 3 | F42: 1006 | G42: -107-01 | H42: Cab ONLY - for Trailer series:
D43: 6 | E43: 4 | F43: 1006 | G43: -107-02 | H43: Cab with Flat bed trailer
D44: 6 | E44: 5 | F44: 1006 | G44: -107-03 | H44: Cab with Log Hauling trailer | I44: 30 | J44: 2x4 | N44: need | R44: new pattern
D45: 6 | E45: 6 | F45: 1006 | G45: -107-04 | H45: Cab with Semi trailer
D46: 6 | E46: 7 | F46: 1006 | G46: -107-05 | H46: Cab with Tanker trailer
D47: 6 | E47: 8 | F47: 1006 | G47: -107-06 | H47: Cab with Crayon Hauler Trailer
D48: 6 | E48: 9 | F48: 1006 | G48: -108 | H48: 1965 Ford Pickup
D49: 6 | E49: 10 | F49: 1006 | G49: -110 | H49: 2000 GMC Sierra Truck
D50: 6 | E50: 11 | F50: 1016 | G50: -106 | H50: Mail Truck (Postal Carrier)
D51: 6 | E51: 12 | F51: 1006 | G51: -111 | H51: Semi Truck with Trailer
D52: 6 | E52: 13 | F52: 1006 | G52: -112A | H52: Cartoon Truck
D53: 6 | E53: 14 | F53: 1006 | G53: -112B | H53: Cartoon Truck without Shell
D54: 6 | E54: 15 | F54: 1006 | G54: -113 | H54: 1942 Dodge Power Wagon
D55: 6 | E55: 16 | F55: 1006 | G55: -114 | H55: Farm Truck
D56: 6 | E56: 17 | F56: 1016 | G56: -114 | H56: Tow Truck/Wrecker
D57: 6 | E57: 18 | F57: 1007 | G57: -114 | H57: Panel Truck
C58: new in 2023 | D58: 6 | E58: 19 | F58: 1011 | G58: -102 | H58: Road Grader | I58: 25 | J58: 1" | Q58: Jerry in FL | R58: In work
C59: new in 2023 | D59: 6 | E59: 20 | F59: 1011 | G59: -103 | H59: Runabout Truck | I59: 25 | J59: 1" | Q59: Jerry in FL | R59: In work
C60: new in 2023 | D60: 6 | E60: 21 | F60: 1006 | G60: -115 | H60: Tanker Truck | I60: 25 | J60: 2x4 | N60: need
C61: new in 2024 | D61: 6 | E61: 22 | H61: Log Truck - Small | I61: 25 | J61: 2x4
D62: 7 | E62: 1 | F62: 1007 | G62: -100-01 XL | H62: -01 Coupe (5 FAVs - size XL on 2x6 stock)
D63: 7 | E63: 2 | F63: 1007 | G63: -100-02 XL | H63: -02 Oldie (5 FAVs - size XL) on 2x6 stock
D64: 7 | E64: 3 | F64: 1007 | G64: -100-03 XL | H64: -03 Putt-Putt (5 FAVs - size XL on 2x6 stock)
D65: 7 | E65: 4 | F65: 1007 | G65: -100-04 XL | H65: -04 Station Wagon(5 FAVs - size XL on 2x6 stock)
D66: 7 | E66: 5 | F66: 1007 | G66: -100-05 XL | H66: -05 VDUB Bug (5 FAVs - size XL on 2x6 stock)
B67: 7 | C67: Oldies (5 Favs) | D67: 7 | E67: 6 | F67: 1007 | G67: -100-01 L | H67: -01 Station Wagon(5 FAVs - size L on 2x6 stock) | I67: 20 | J67: 2x6 | N67: need
D68: 7 | E68: 7 | F68: 1007 | G68: -100-02 L | H68: -02 Putt Putt (5 FAVs - size L on 2x6 stock) | I68: 20 | J68: 2x6 | N68: need
D69: 7 | E69: 8 | F69: 1007 | G69: -100-03 L | H69: -03 Coupe (5 FAVs - size L on 2x6 stock) | I69: 20 | J69: 2x6 | N69: need
D70: 7 | E70: 9 | F70: 1007 | G70: -100-04 L | H70: -04 Oldie (5 FAVs - size L on 2x6 stock) | I70: 20 | J70: 2x6 | N70: need
D71: 7 | E71: 10 | F71: 1007 | G71: -100-05 L | H71: -05 VDUB Bug (5 FAVs - size L) on 2x6 stock | I71: 20 | J71: 2x6 | N71: need
D72: 7 | E72: 11 | F72: 1016 | G72: -100-01 M | H72: -01 Station Wagon(5 FAVs - size M) on 1" stock | I72: 20 | J72: 1" | M72: 20 | Q72: 4 guys | R72: Done
D73: 7 | E73: 12 | F73: 1016 | G73: -100-02 M | H73: -02 Putt-Putt (5 FAVs - size M) on 1" stock | I73: 20 | J73: 1" | M73: 20 | Q73: 4 guys | R73: Done
D74: 7 | E74: 13 | F74: 1016 | G74: -100-03 M | H74: -03 Coupe (5 FAVs - size M) on 1" stock | I74: 20 | J74: 1" | M74: 20 | Q74: 4 guys | R74: Done
D75: 7 | E75: 14 | F75: 1016 | G75: -100-04 M | H75: -04 Oldie (5 FAVs - size M) on 1" stock | I75: 20 | J75: 1" | M75: 20 | Q75: 4 guys | R75: Done
D76: 7 | E76: 15 | F76: 1016 | G76: -100-05 M | H76: -05 VDUB Bug (5 FAVs - size M) on 1" stock | I76: 20 | J76: 1" | M76: 20 | Q76: 4 guys | R76: Done
D77: 7 | E77: 16 | F77: 1016 | G77: -100-01 S | H77: -01 Station Wagon (5 FAVs - size S) on 1" popular | I77: 20 | J77: 1" | M77: 20 | Q77: 3 people | R77: Done
D78: 7 | E78: 17 | F78: 1016 | G78: -100-02 S | H78: -02 Putt-Putt (5 FAVs - size S) on 1" popular | I78: 20 | J78: 1" | M78: 20 | Q78: 3 people | R78: Done
D79: 7 | E79: 18 | F79: 1016 | G79: -100-03 S | H79: -03 Coupe (5 FAVs - size S) on 1" popular | I79: 20 | J79: 1" | M79: 20 | Q79: 3 people | R79: Done
D80: 7 | E80: 19 | F80: 1016 | G80: -100-04 S | H80: -04 Oldie (5 FAVs - size S) on 1" popular | I80: 20 | J80: 1" | M80: 20 | Q80: 3 people | R80: Done
D81: 7 | E81: 20 | F81: 1016 | G81: -100-05 S | H81: -05 VDUB Bug (5 FAVs - size S) on 1" popular | I81: 20 | J81: 1" | M81: 20 | Q81: 3 people | R81: Done
B82: 8 | C82: Busses | D82: 8 | E82: 2 | F82: 1008 | G82: -102 | H82: Bus, School - 2014 Model (Larry Borg) | I82: 25 | J82: 2x4 | N82: need
D83: 8 | E83: 3 | F83: 1008 | G83: -104 | H83: VDUB Micro Bus
B84: 9 | C84: Locomotives | D84: 9 | E84: 4 | F84: 1009 | G84: -104 | H84: Locomotive (WW Show Design) small, Use Redwood stock or 1" | I84: 100 | J84: 1" | L84: 200 | R84: Done - Don took Home
B85: 11 | C85: Boxes | D85: 10 | E85: 1 | F85: 1010 | G85: -100 | H85: Jewelry Box, Rectangular (J Wigen Design) | I85: 30 | J85: N
D86: 10 | E86: 2 | F86: 1010 | G86: -101 | H86: Heart Box, Single Heart (Roger Bares) | I86: 25 | J86: N
D87: 10 | E87: 3 | F87: 1010 | G87: -102 | H87: Heart Box (G Graves - Half moon or double heart) | I87: 25 | J87: N
B88: 11 | C88: Tractors | D88: 11 | E88: 1 | F88: 1011 | G88: -100 | H88: TRACTOR, JOHN DEERE | I88: 100 | Q88: Rick at Home
B89: 12 | C89: Turtle Banks | D89: 12 | E89: 1 | F89: 1012 | G89: -100 | H89: TURTLE BANK (R Bares Design) rev | I89: 50 | J89: 2x6 | N89: need
B90: 13 | C90: Critter Bags | D90: 13 | E90: 1 | F90: 1013 | G90: -100 | H90: CRITTERS CUTOUTS (1X STOCK) | I90: 100 | J90: 3/4" pine | M90: 10 | N90: need | Q90: See separate Worksheet | R90: Keith cut/sanded Set 1
B91: 14 | C91: Games | D91: 14 | E91: 1 | F91: 1014 | G91: -100 | H91: Ring Toss Games | I91: 50 | J91: N
D92: 14 | E92: 2 | F92: 1015 | G92: -100 | H92: Cup and Ball Games | I92: 40 | J92: N
D93: 14 | E93: 3 | F93: 1015 | G93: -101 | H93: Tops, Antique Toy | I93: 30 | J93: N
D94: 14 | E94: 4 | F94: 1018 | G94: -100 | H94: Paddle Games | I94: 40 | J94: N
D95: 14 | E95: 5 | F95: 1010 | G95: -103 | H95: Chalk Board Games | I95: 50 | J95: N
B96: 15 | C96: Animal Toys | D96: 15 | E96: 2 | F96: 1007 | G96: -104 | H96: Whale - pull toy type | I96: 20 | J96: 2x6 | K96: =+I96 -> 20 | Q96: Nick - Harley | R96: Rick took home to put in dowels
D97: 15 | E97: 3 | F97: 1007 | G97: -105 | H97: Hippo - pull toy type | I97: 20 | J97: 2x6 | K97: =+I97 -> 20 | Q97: Nick - Harley | R97: Done
C98: new in 2023 | D98: 15 | E98: 3.1 | F98: 1007 | G98: -105-1 | H98: Hippo - pull toy type 1" | I98: 20 | J98: 1" | M98: 20 | R98: Done
D99: 15 | E99: 4 | F99: 1007 | G99: -107 | H99: Turtle - pull toy type | I99: 20 | J99: 2x6 | L99: =+I99 -> 20 | Q99: Julian | R99: Done
D100: 15 | E100: 5 | F100: 1007 | G100: -108 | H100: Duck - pull toy type | I100: 20 | J100: 2x6 | L100: =+I100 -> 20 | Q100: Roy | R100: Done
...

Sheet Stock for 1 inch toys - 2025
A1: √ | B1: Toy Number | C1: Decimal Size | D1: Fractional Size | E1: Qty | F1: Toy Name | G1: Notes
B2: 5.19 | C2: 3.875 x 5.625 | D2: 3 7/8 x 5 5/8 | E2: 25 | F2: runabout car
B3: 5.20 | C3: 3.0 x 5 .625 | D3: 3 x 5 5/8 | E3: 25 | F3: golf car
B4: 6.19 | C4: 3.5 x 7.5 | D4: 3 1/2" x 7 1/2" | E4: 25 | F4: roadgrader
B5: 6.20 | C5: 5.375 x 3.375 | D5: 5 3/8 " x 3 3/8 " | E5: 25 | F5: runabout truck
B6: 7.11 | C6: 2.75 x 4.5625 | D6: 2 ¾ x 4 9/16 | E6: 20 | F6: oldies
B7: 7.12 | C7: 2.75 x 4.625 | D7: 2 ¾ x 4 5/8 | E7: 20 | F7: oldies
B8: 7.13 | C8: 2.75 x 4.875 | D8: 2 ¾ x 4 7/8 | E8: 20 | F8: oldies
B9: 7.14 | C9: 2.75 x 4.875 | D9: 2 ¾ x 4 7/8 | E9: 20 | F9: oldies
B10: 7.15 | C10: 2.75 x 4.5625 | D10: 2 ¾ x 4 9/16 | E10: 20 | F10: oldies
B11: 7.16 | C11: 2.5 x 4.25 | D11: 2 ½ x 4 ¼ | E11: 20 | F11: oldies
B12: 7.17 | C12: 2.5 x 4.25 | D12: 2 ½ x 4 ¼ | E12: 20 | F12: oldies
B13: 7.18 | C13: 2.5 x 4.125 | D13: 2 ½ x 4 1/8 | E13: 20 | F13: oldies
B14: 7.19 | C14: 2.5 x 4.00 | D14: 2 ½ x 4 | E14: 20 | F14: oldies
B15: 7.20 | C15: 2.5 x 4.00 | D15: 2 ½ x 4 | E15: 20 | F15: oldies
B16: 9.4 | C16: 2.75 x 5.00 | D16: 2 3/4 x 5 | E16: 100 | F16: Locomotive | G16: done
B17: 11.1 | C17: 2.5 x 5.00 | D17: 2 1/2 x 5 | F17: Tractor | G17: Rick
B18: 15.3.1 | C18: 4.375 x 5.625 | D18: 4 3/8 x 5 5/8 | E18: 20 | F18: Hippo
B19: 15.12 | C19: 4.25 x 6.00 | D19: 4 ¼ x 6 | E19: 10+ | F19: Thin Duck
B20: 15.14 | C20: 4.375 x 7.00 | D20: 4 3/8 x 7 | E20: 10+ | F20: Thin Whale
B21: 15.18 | C21: 4.5 x 5.5 | D21: 4 ½ x 5 ½ | E21: 20 | F21: Bunny
B22: 15.21 | C22: 5.5 x 8.5 " | D22: 5 1/2 x 8 1/2 | E22: 70 | F22: Giraffe | G22: 20 for Toy Program; 50 for Comm Event
B23: 15.22 | C23: 4.75 x 7 | D23: 4 ¾ x 7 | E23: 20 | F23: Koala
B24: 15.23 | C24: 4 x 6 | D24: 4 x 6 | E24: 20 | F24: Hedge Hog
B25: 18.3 | C25: 3.5 x 6 | D25: 3 1/2 x 6 | E25: 25 | F25: Firetruck Short Thin
B26: 19.1 | C26: 1.625 x 5.3125 | D26: 1 5/8 x 5 5/16 | E26: 150 | F26: Airplane | G26: Rick
B27: 20.11 | C27: 3.375 x 6.25 | D27: 3 3/8 x 6 ¼ | E27: 25 | F27: IceCream Van
B28: 20.12 | C28: 5 x 5.75 | D28: 5 x 5 ¾ | E28: 25 | F28: Milk Van

Sheet Tracing Request Forms(15)
B1: TRACING REQUEST | E1: TRACING REQUEST | H1: TRACING REQUEST
B2: Toy ID: | E2: Toy ID: | H2: Toy ID:
B3: Qty to Trace: | E3: Qty to Trace: | H3: Qty to Trace:
B4: Wood: | E4: Wood: | H4: Wood:
B5: Qty Traced: | E5: Qty Traced: | H5: Qty Traced:
B6: Tracer: | E6: Tracer: | H6: Tracer:
B7: Returned Pattern? (Y/N) | E7: Returned Pattern? (Y/N) | H7: Returned Pattern? (Y/N)
B9: TRACING REQUEST | E9: TRACING REQUEST | H9: TRACING REQUEST
B10: Toy ID: | E10: Toy ID: | H10: Toy ID:
B11: Qty to Trace: | E11: Qty to Trace: | H11: Qty to Trace:
B12: Wood: | E12: Wood: | H12: Wood:
B13: Qty Traced: | E13: Qty Traced: | H13: Qty Traced:
... B39: Returned Pattern? (Y/N) | E39: Returned Pattern? (Y/N) | H39: Returned Pattern? (Y/N)

Sheet Tracing Request (4)
B1: TRACING REQUEST | D1: √ | H1: TRACING REQUEST | J1: √
A2: 1 | B2: Date: | G2: 1 | H2: Date:
A3: 2 | B3: Toy Name: | G3: 2 | H3: Toy Name:
A4: 3 | B4: Toy Part Number: | G4: 3 | H4: Toy Part Number:
A5: 4 | B5: How many to Trace: | G5: 4 | H5: How many to Trace:
A6: 5 | B6: Wood to Use: | C6: 2x4 2x6 1 x ___ Other | G6: 5 | H6: Wood to Use: | I6: 2x4 2x6 1 x ___ Other
A7: 6 | B7: Qty Traced: | G7: 6 | H7: Qty Traced:
A8: 7 | B8: Tracer(s) Names: | G8: 7 | H8: Tracer(s) Names:
A9: 8 | B9: Pattern Returned? | C9: Yes No | G9: 8 | H9: Pattern Returned? | I9: Yes No
B12: TRACING REQUEST | D12: √ | H12: TRACING REQUEST | J12: √
A13: 1 | B13: Date: | G13: 1 | H13: Date:
A14: 2 | B14: Toy Name: | G14: 2 | H14: Toy Name:
A15: 3 | B15: Toy Part Number: | G15: 3 | H15: Toy Part Number:
A16: 4 | B16: How many to Trace: | G16: 4 | H16: How many to Trace:
A17: 5 | B17: Wood to Use: | C17: 2x4 2x6 1 x ___ Other | G17: 5 | H17: Wood to Use: | I17: 2x4 2x6 1 x ___ Other
A18: 6 | B18: Qty Traced: | G18: 6 | H18: Qty Traced:
A19: 7 | B19: Tracer(s) Names: | G19: 7 | H19: Tracer(s) Names:
A20: 8 | B20: Pattern Returned? | C20: Yes No | G20: 8 | H20: Pattern Returned? | I20: Yes No

Sheet Tracing Request (four forms)
B1: TRACING REQUEST | D1: √ | H1: TRACING REQUEST | J1: √
A2: 1 | B2: Date: | G2: 1 | H2: Date:
A3: 2 | B3: Toy Name/Number: | G3: 2 | H3: Toy Name/Number:
A4: 3 | B4: Toy Drwg Number: | G4: 3 | H4: Toy Drwg Number:
A5: 4 | B5: How many to Trace: | G5: 4 | H5: How many to Trace:
A6: 5 | B6: Wood to Use: | C6: 2x4 2x6 1 x ___ Other | G6: 5 | H6: Wood to Use: | I6: 2x4 2x6 1 x ___ Other
A7: 6 | B7: Qty Traced: | G7: 6 | H7: Qty Traced:
A8: 7 | B8: Tracer(s) Names: | G8: 7 | H8: Tracer(s) Names:
A9: 8 | B9: Pattern Returned? | C9: Yes No | G9: 8 | H9: Pattern Returned? | I9: Yes No
B12: TRACING REQUEST | D12: √ | H12: TRACING REQUEST | J12: √
A13: 1 | B13: Date: | G13: 1 | H13: Date:
A14: 2 | B14: Toy Name/Number: | G14: 2 | H14: Toy Name/Number:
A15: 3 | B15: Toy Drwg Number: | G15: 3 | H15: Toy Drwg Number:
A16: 4 | B16: How many to Trace: | G16: 4 | H16: How many to Trace:
A17: 5 | B17: Wood to Use: | C17: 2x4 2x6 1 x ___ Other | G17: 5 | H17: Wood to Use: | I17: 2x4 2x6 1 x ___ Other
A18: 6 | B18: Qty Traced: | G18: 6 | H18: Qty Traced:
A19: 7 | B19: Tracer(s) Names: | G19: 7 | H19: Tracer(s) Names:
A20: 8 | B20: Pattern Returned? | C20: Yes No | G20: 8 | H20: Pattern Returned? | I20: Yes No

Sheet Tracing Request (two forms)
B2: TRACING REQUEST | D2: √
A3: 1 | B3: Date:
A5: 2 | B5: Toy Name:
A6: 3 | B6: Toy Part Number:
A7: 4 | B7: How many to Trace:
A8: 5 | B8: Wood to Use: | C8: 2x4 2x6 1 x ___ other
A10: 6 | B10: How many you Traced:
A11: 7 | B11: Tracer(s) Names:
A12: 8 | B12: Pattern Returned? | C12: Yes No
B15: TRACING REQUEST | D15: √
A16: 1 | B16: Date:
A18: 2 | B18: Toy Name:
A19: 3 | B19: Toy Part Number:
A20: 4 | B20: How many to Trace:
A21: 5 | B21: Wood to Use: | C21: 2x4 2x6 1 x ___ other
A23: 6 | B23: How many you Traced:
A24: 7 | B24: Tracer(s) Names:
A25: 8 | B25: Pattern Returned? | C25: Yes No

Sheet INVENTORY CONTROL
A1: I

Sheet INVENTORY LOG SHEET
A1: DATE | B1: TOY PART NUMBER | C1: TOY NAME | D1: QUANTITY | E1: INITIALS

Sheet New Toys for 2023-24
B1: New Thin Toys for 2023
B2: Toy Number | C2: Sub-Toy No | D2: Drwg Part No | E2: extension | F2: individual toy name
B3: 4 | C3: 16 | D3: 1004 | E3: 108 | F3: Derby Car (aka Short Stubby Racer)
B4: 5 | C4: 19 | D4: 1011 | E4: -105 | F4: Runabout Car
B5: 5 | C5: 20 | D5: 1011 | E5: 106 | F5: Golf Car
B6: 5 | C6: 21 | D6: 1007 | E6: 133 | F6: Clown Car - need drwg
B7: 6 | C7: 19 | D7: 1011 | E7: 102 | F7: Road Grader
B8: 6 | C8: 20 | D8: 1011 | E8: 103 | F8: Runabout Truck
B9: 6 | C9: 21 | D9: 1006 | E9: 115 | F9: TANKER TRUCK
B10: 9 | C10: 4 | D10: 1009 | E10: 104 | F10: Locomotive on 1"
B11: 15 | C11: 3.1 | D11: 1007 | E11: 105-1 | F11: Hippo Pull Toy on 1"
B12: 15 | C12: 18 | D12: 1007 | E12: 132 | F12: Bunny Pull Toy on 1"
B13: 17 | C13: 9 | D13: 1017 | E13: 108 | F13: Simple Helo
B14: 20 | C14: 11 | D14: 1011 | E14: 104 | F14: Ice Cream Van
B15: 20 | C15: 12 | D15: 1011 | E15: 107 | F15: Milk Van
F19: Note: 52 Tractors were made for the WW SHOW.
B21: New Toys for 2024
B22: 6 | C22: 22 | F22: LOG TRUCK
B23: 6 | C23: 23 | F23: CEMENT TRUCK
B24: 15 | C24: 4.1 | F24: TURTLE PULL
B25: 15 | C25: 21 | F25: GIRAFFE
B26: 15 | C26: 22 | F26: KOALA/MONKEY
B27: 15 | C27: 23 | F27: HEDGEHOGS
B28: 15 | C28: 11 | F28: Rabbit pull push
B29: 3 | C29: 2 | F29: Motor Boat

Sheet AHT
A1: ASSEMBLY HISTORY TAG r2
A2: Toy: P/N:
A3: Op No | B3: Operation | C3: √ | D3: Initials | E3: Date
A4: 1 | B4: CUT or DRILL WINDOWS
A5: 2 | B5: CUTOUT SHAPE
A6: 3 | B6: SAND FIRST TIME (BELT / OS)
A7: 4 | B7: ROUTER EDGES
A8: 5 | B8: DRILL AXLE HOLES*
A9: 6 | B9: SAND SECOND TIME (MOUSE)
A10: 7 | B10: SEAL
A11: 8 | B11: SAND THIRD TIME (HAND)
A12: 9 | B12: SPRAY FINISH
A13: 10 | B13: SAND LAST TIME (WHITE PAD)
A14: 11 | B14: INSTALL WHEELS / QA CHECK
A15: 12 | B15: FINISHED - ADD TO INVENTORY
A17: ASSEMBLY HISTORY TAG r2
A18: Toy: P/N:
A19: Op No | B19: Operation | C19: √ | D19: Initials | E19: Date
A20: 1 | B20: CUT or DRILL WINDOWS
A21: 2 | B21: CUTOUT SHAPE
A22: 3 | B22: SAND FIRST TIME (BELT / OS)
A23: 4 | B23: ROUTER EDGES
A24: 5 | B24: DRILL AXLE HOLES*
A25: 6 | B25: SAND SECOND TIME (MOUSE)
A26: 7 | B26: SEAL
A27: 8 | B27: SAND THIRD TIME (HAND)
A28: 9 | B28: SPRAY FINISH
A29: 10 | B29: SAND LAST TIME (WHITE PAD)
A30: 11 | B30: INSTALL WHEELS / QA CHECK
A31: 12 | B31: FINISHED - ADD TO INVENTORY

Sheet AHT rev 2
A1: ASSEMBLY HISTORY TAG
A2: Toy Number: Name:
A3: Op No | B3: Operation | C3: √ | D3: Initials | E3: Date
A4: 1 | B4: CUT or DRILL WINDOWS
A5: 2 | B5: DRILL AXLE HOLES
A6: 3 | B6: CUTOUT SHAPE
A7: 4 | B7: SAND FIRST TIME (BELT / OS)
A8: 5 | B8: ROUTER EDGES
A9: 6 | B9: SAND SECOND TIME (MOUSE)
A10: 7 | B10: SEAL
A11: 8 | B11: SAND THIRD TIME (HAND)
A12: 9 | B12: SPRAY FINISH
A13: 10 | B13: SAND LAST TIME (WHITE PAD)
A14: 11 | B14: INSTALL WHEELS / QA CHECK
A15: 12 | B15: FINISHED - ADD TO INVENTORY
A17: ASSEMBLY HISTORY TAG
A18: Toy Number: Name:
A19: Op No | B19: Operation | C19: √ | D19: Initials | E19: Date
A20: 1 | B20: CUT or DRILL WINDOWS
A21: 2 | B21: DRILL AXLE HOLES
A22: 3 | B22: CUTOUT SHAPE
A23: 4 | B23: SAND FIRST TIME (BELT / OS)
A24: 5 | B24: ROUTER EDGES
A25: 6 | B25: SAND SECOND TIME (MOUSE)
A26: 7 | B26: SEAL
A27: 8 | B27: SAND THIRD TIME (HAND)
A28: 9 | B28: SPRAY FINISH
A29: 10 | B29: SAND LAST TIME (WHITE PAD)
A30: 11 | B30: INSTALL WHEELS / QA CHECK
A31: 12 | B31: FINISHED - ADD TO INVENTORY

Sheet PARTS

Sheet Parts Fab Workshops (2)
A2: ITEM/TOY | C2: Piece Parts | D2: CNC ? | F2: Comments/Notes:
A4: Basketball Games
A5: Lead: Bob B/Ken/Lon/Stu/Jim Brown | C5: Hoops | D5: yes
C6: Backbds
C7: Launchers
C8: Bases
C9: Posts
C10: Ball w/string
C11: Spoon
A13: ROCKING CHAIRS | C13: Backs | D13: yes
A14: Lead: Rick W | C14: Sides
A15: Kathie - poly rub | C15: Seats
C16: Screws
A18: Tugboats
A19: Captain: Cleo/Jerry/Grant | C19: Cabins
C20: Hulls
C21: Stacks
C22: Tie Points
A24: Locomotives
A25: Lead: Al Oines/Various | C25: Stacks
C26: Body
C27: Wheels
C28: Axles
A30: Boxes/Games
A31: Lead: Gary Graves/Nick Spano/Jerry | C31: Boxes
C32: Boards
A34: Tractors
A35: Lead: Rick W | C35: Bodies
C36: Axle holder
C37: Wheels
C38: Axles
A40: Turtle Banks
A41: Lead: Rick/Bob | C41: Bank
C42: Plexiglass | D42: yes
C43: Brass nails
A45: Critters Cutouts (1x Stock)
A46: Lead: Kathie/Keith | C46: Critters
A47: Patsy/Kathie/Mary Jo | C47: Smaller Bags
A49: Ring Toss
A50: Lead: Al Oines/Jim Brown/Dave Maude | C50: Stick | D50: lathe
C51: String/Ball
A53: Cup & Ball Games
A54: Lead: Al Oines/Jim Brown | C54: Cup | D54: lathe
C55: String/Ball
C56: Handle
A58: Helicopters - including Simple
A59: Lead: Rick + wheel guys | C59: Body
C60: Rotors- 3 sizes | D60: yes
C61: Wheels 2 per
C62: Axles 3 per
A64: Paddle Games
A65: Lead: Bob/Jerry/Roy E/Jim Brown | C65: Paddle | D65: bandsaw
C66: String w/Ball
A68: Airplane, simple | C68: Fuselage
A69: Lead: Rick/Nick | C69: Wings
C70: Wheels
A72: Crayon Vans | C72: Van
A73: Leads: Bob | C73: Crayons
C74: 6 holes
A76: Cradles - small - new design
A77: Leads: Bob/Frank/Stu | C77: Ends 2 per | D77: yes
C78: Rails 2 per
C79: Bottom 1 per
A81: Blocks (20 per bag - 10 large, 10 small)
A82: Lead: Rick / Browns/ various | C82: Blocks
C83: 10 lg + 10 sm
A84: Kathie/Patsy | C84: Large cloth Bags
A87: NOTES:

Sheet WHEELS COUNT - Plan - 2021 (2)
A1: ITEM | C1: 2018 Goal | D1: 1.5" Wheels | E1: 2" Wheels | F1: 2 1/4" | G1: 1" balls | H1: 1 3/4" Wooden Ring | I1: Dowels | J1: Screws | K1: Nails | L1: Misc | N1: Total 1.5" Wheels / Axles | O1: Total 2" Wheels / Axles | P1: Total 2.25" Wheels / Axles? | Q1: Notes | R1: 1" Ball | S1: RINGs | T1: 3/8" Axles | U1: Built Last Year | V1: Wheels Used
A3: 1001 - BB Game | C3: 100 | G3: 1 | I3: 1/2" | J3: #6 x 1 1/4 | Q3: 1" ball | R3: =+C3*G3 -> 100 | U3: =+#REF! -> #REF!
A4: 1002 - Rocking Chair | C4: #REF! | U4: =+#REF! -> #REF!
A5: 1003 - Tugboat | C5: 100 | I5: 1/2", 1" | J5: #6 x 5/8 | U5: =+#REF! -> #REF!
A6: 1004 - Racer | C6: 180 | D6: 4 | N6: =+C6*D6 -> 720 | U6: =+#REF! -> #REF! | V6: =+U6*4 -> #REF!
A7: 1005 - Caterpillar | C7: 30 | D7: 4 | N7: =+C7*D7 -> 120 | U7: =+#REF! -> #REF! | V7: =+U7*4 -> #REF!
A8: 1006 - PT-Pickup-Batman-Push Toys | C8: 135 | D8: 4 | N8: =+C8*D8 -> 540 | U8: =+#REF! -> #REF! | V8: =+U8*4 -> #REF!
A9: 1007 - Oldies | C9: 420 | D9: 4 | N9: =+C9*D9 -> 1680 | U9: =+#REF! -> #REF! | V9: =+U9*4 -> #REF!
A10: 1008 - Busses | C10: 30 | D10: 4 | N10: =+C10*D10 -> 120 | U10: =+#REF! -> #REF! | V10: =+U10*4 -> #REF!
A11: 1009 - Locomotive | C11: 80 | D11: 2 | F11: 4 | N11: =+C11*D11 -> 160 | P11: =+C11*F11 -> 320 | U11: =+#REF! -> #REF!
A12: 1010 - Box/Heart/ChkBd | C12: 135 | U12: =+#REF! -> #REF!
A13: 1011 - Tractor | C13: 165 | D13: 2 | E13: 2 | N13: =+C13*D13 -> 330 | O13: =+C13*E13 -> 330 | U13: =+#REF! -> #REF!
A14: 1012 - Turtle Bank | C14: 50 | K14: Brass nails | L14: 1/8" Plexigls | U14: =+#REF! -> #REF! | V14: =+U14*4 -> #REF!
A15: 1013 - Critters Bag | C15: 100 | U15: =+#REF! -> #REF!
A16: 1014 - Ring Toss | C16: 50 | H16: 1 | Q16: 1 3/4" wood rings | S16: =+C16*H16 -> 50 | U16: =+#REF! -> #REF!
A17: 1015 - Cup and Ball | C17: 40 | G17: 1 | Q17: 1" ball | R17: =+C17*G17 -> 40 | U17: =+#REF! -> #REF!
A18: 1016 - Small Car | C18: 510 | D18: 4 | G18: 1 | N18: =+C18*D18 -> 2040 | U18: =+#REF! -> #REF! | V18: =+U18*4 -> #REF!
A19: 1017 - Helicopter | C19: 150 | D19: 2 | N19: =+C19*D19 -> 300 | U19: =+#REF! -> #REF! | V19: =+U19*2 -> #REF!
A20: 1018 - Paddle Game | C20: 50 | G20: 1 | Q20: 1" ball | R20: =+C20*G20 -> 50 | U20: =+#REF! -> #REF!
A21: 1019 - Airplane | C21: 150 | D21: 2 | I21: screws | N21: =+C21*D21 -> 300 | U21: =+#REF! -> #REF! | V21: =+(U21*2) -> #REF!
A22: 1020 - Vans | C22: 135 | D22: 4 | I22: 8 crayons | N22: =+C22*D22 -> 540 | U22: =+#REF! -> #REF! | V22: =+U22*4 -> #REF!
A23: 1021 - Cradle | C23: 25 | I23: 1/4" | U23: =+#REF! -> #REF! | V23: =+U23*4 -> #REF!
A24: 1022 - Blocks Bag | C24: 20 | U24: =+#REF! -> #REF! | V24: =+U24*4 -> #REF!
C26: =SUM(C3:C24) -> #REF! | N26: =SUM(N3:N24) -> 6850 | O26: =SUM(O3:O23) -> 330 | P26: =SUM(P3:P23) -> 320 | R26: =SUM(R3:R23) -> 190 | S26: =SUM(S3:S23) -> 50 | V26: =SUM(V3:V25) -> #REF!
A28: Community Events
A29: Threshing Bee | C29: 400
A30: Love Bugs | C30: 300 | N30: =+E36 -> 4600
A31: Make a Wish | C31: 100 | N31: =SUM(N26:N30) -> 11450
A32: Kenadi Fondation | C32: 250 | O32: 2400 | P32: per 50# box
A33: Maker Fair | O33: 5 | P33: boxes
A34: Oerich Kindergarton | C34: 50 | O34: =+O33*O32 -> 12000 | P34: total wheels | Q34: Smith Wood Products
A35: 910 Wood Ave | C35: 50
C36: =SUM(C29:C35) -> 1150 | D36: 4 | E36: =+D36*C36 -> 4600

Sheet WHEEL PRICING ANALYSIS 2013
A2: Woodworks LTD
A3: Item | C3: Hole Size | D3: P/N | E3: Qty Needed | F3: # of bags | G3: Cost/Bag | H3: Total Cost | J3: Notes | K3: Cost each
A4: 1.5 " Wheel | C4: 1/4" | D4: TW1500 | E4: #REF! | F4: 10 | G4: 39.75 | H4: =+G4*F4 -> 397.5 | I4: COST PER BAG OF 500 - QTY OF 2+ BAGS | J4: TW1500 - NORMAL WHEELS | K4: =39.75/500 -> 0.0795
A5: Axle for above | D5: AP1005 | E5: #REF! | F5: 10 | G5: 17.5 | H5: =+G5*F5 -> 175 | I5: COST PER BAG OF 500 - QTY OF 6+ BAGS | K5: =17.5/500 -> 0.035
A6: 2.25" Wheel | D6: TW2259 | E6: #REF! | F6: 0 | G6: 24.5 | H6: =+G6*F6 -> 0 | I6: COST PER BAG OF 100 - QTY OF 5-9 BAGS | K6: =24.5/100 -> 0.245 | L6: not needed this year
A7: Axle for above | D7: USE DOWELS | H7: =+G7*F7 -> 0
A8: 1 3/4 " wood ring | D8: TR050 | E8: #REF! | F8: 1 | G8: 18.5 | H8: =+G8*F8 -> 18.5 | I8: COST PER BAG OF 100 - QTY OF 1-4 BAGS | K8: =18.5/100 -> 0.185
A9: 1" wood balls | D9: RB1000 | E9: #REF! | F9: 3 | G9: 8.75 | H9: =+G9*F9 -> 26.25 | I9: COST PER BAG OF 100 - QTY OF 3-4 BAGS | K9: =8.75/100 -> 0.0875
H10: =SUM(H4:H9) -> 617.25
A12: Optional
A13: 1.5 " Wheel | C13: 1/4" | D13: TWR150 | E13: #REF! | F13: 10 | G13: 55 | H13: =+G13*F13 -> 550 | I13: COST PER BAG OF 500 - QTY OF 2+ BAGS | J13: TWR1500 are new style wheels with recessed hub: use TW1500 for normal | K13: =55/500 -> 0.11
A16: Casey's
A17: Item | D17: Model # | E17: Qty Needed | G17: Cost each | H17: Total Cost | J17: Notes | K17: Cost each
A18: 1.5 " Wheel | D18: 62 | E18: =+E4 -> #REF! | G18: 0.08 | H18: =+G18*E18 -> #REF! | I18: qty price for 1000+
A19: Axle for above | D19: 57 | E19: =+E5 -> #REF! | G19: 0.038 | H19: =+G19*E19 -> #REF! | I19: qty price for 5000+
A20: 2.25" Wheel | D20: 65 | E20: =+E6 -> #REF! | G20: 0.296 | H20: =+G20*E20 -> #REF! | I20: qty price for 250-499+
A21: Axle for above | D21: use dowels | H21: =+G21*E21 -> 0
A22: 1 3/4 " wood ring | D22: 99 | E22: =+E8 -> #REF! | G22: 0.25 | H22: =+G22*E22 -> #REF! | I22: qty price for 25-99+
A23: 1" wood balls | D23: 135 | E23: =+E9 -> #REF! | G23: 0.095 | H23: =+G23*E23 -> #REF! | I23: qty price for 1000-249+
H24: =SUM(H18:H23) -> #REF!

Sheet WOOD PARTS INVENTORY 2024
B1: ITEM | D1: Beginning of 2024 | E1: On Hand | G1: Notes | H1: Application
B3: 1.5" Wheels (STD) | D3: 12000 | E3: 1 box sprayed | H3: All
B4: 1.5" Wheels (TRUCK) | G4: 1 Bottle sprayed | H4: Firetrucks, Pickup Trucks
B5: 2" Wheels | D5: 500 | G5: At Rick's | H5: Tractors; CFB Racers (use 400)
B6: 2 1/4" Wheels | H6: unk
B7: Axle Pegs | D7: 15000 | F7: pegs
B8: green | E8: 6,000 sprayed | F8: painted pegs | H8: 2024 Standard Color
B9: red | F9: bottle, painted | H9: Firetrucks
B10: blue | F10: bottle, painted | H10: Love Bugs
B11: orange | F11: bottle, painted | H11: Love Bugs
B12: yellow | F12: bottle, painted | H12: Ducks
B13: String for Balls, and Rings
B14: 1" Balls | H14: Cup and Ball Games, Paddle Games, Basketball Games
B15: Balls with Stirngs
B16: 1 3/4" Rings | H16: Ring Toss Games
B17: Balls with Rings
B18: Smoke Stacks (3 sizes)
B19: Small | D19: ample | H19: Locomotives, Road Grader
B20: Medium | D20: ample | H20: Locomotives, 2"
B21: Large | D21: ample | H21: Locomotives, large
B22: Basketball Hoops | D22: 0 | E22: 120 | H22: BB Games
B23: Plexiglass for Banks | F23: 1/8" Plexigls | H23: Turtle Banks
B24: Brass Brads for Banks | F24: Brass brads | H24: Turtle Banks
B25: Tow Hooks | D25: yes
B26: Puppy Dog Ears | D26: yes
B27: Dauchsund Ears | D27: yes
B28: Log Truck Beds | D28: yes
B29: Crayons | D29: 12 | F29: pkgs of 24 | H29: Craqyon Whales, GAVs
B30: Critter Bags | D30: in work | H30: Critters
B31: Block Bags | D31: in work | H31: Blocks
B32: Dolls | D32: yes | H32: Cradles, all

Sheet WHEELS COUNT - Plan - 2024
A1: ITEM | C1: 2024 Goal | D1: 1.5" Wheels | E1: 2" Wheels | F1: 2 1/4" | G1: 1" balls | H1: 1 3/4" Wooden Ring | I1: Dowels | J1: Screws | K1: Nails | L1: Misc | N1: Total 1.5" Wheels / Axles | O1: Total 2" Wheels / Axles | P1: Total 2.25" Wheels / Axles? | Q1: Notes | R1: 1" Ball | S1: RINGs | T1: Crayons | U1: Critter Bags | V1: Block Bags | W1: Dolls | X1: smoke Stacks | Y1: 3/8" Axles | Z1: Toy Subtotals (done)
A3: Toy 1 Basketball Games | C3: =+'Toy Count Summary 2024'!E3 -> 100 | G3: 1 | I3: 1/2" | J3: #6 x 1 1/4 | R3: =+C3*G3 -> 100 | S3: 1" ball
A4: Toy 2 Rocking Chairs | C4: =+'Toy Count Summary 2024'!E4 -> 40
A5: Toy 3 Tugboats | C5: =+'Toy Count Summary 2024'!E5 -> 130 | I5: 1/2", 1" | J5: #6 x 5/8
A6: Toy 4 Racers | C6: =+'Toy Count Summary 2024'!E6 -> 330 | D6: 4 | E6: 4 | N6: =+C6*D6 -> 1320 | O6: =4*100 -> 400
A7: Toy 5 Cars | C7: =+'Toy Count Summary 2024'!E7 -> 165 | D7: 4 | N7: =+C7*D7 -> 660
A8: Toy 6 Trucks | C8: =+'Toy Count Summary 2024'!E8 -> 215 | D8: 4 | N8: =+C8*D8 -> 860 | X8: =+C8 -> 215
A9: Toy 7 Oldies ( Favs) | C9: =+'Toy Count Summary 2024'!E9 -> 300 | D9: 4 | N9: =+C9*D9 -> 1200
A10: Toy 8 Busses | C10: =+'Toy Count Summary 2024'!E10 -> 25 | D10: 4 | N10: =+C10*D10 -> 100
A11: Toy 9 Locomotives | C11: =+'Toy Count Summary 2024'!E11 -> 120 | D11: 4 | N11: =+C11*D11 -> 480 | P11: =+C11*F11 -> 0 | X11: =+C11 -> 120
A12: Toy 10 Boxes | C12: =+'Toy Count Summary 2024'!E12 -> 80
A13: Toy 11 Tractors | C13: =+'Toy Count Summary 2024'!E13 -> 100 | D13: 2 | E13: 2 | I13: 1/4" dowels | N13: =+C13*D13 -> 200 | O13: =+C13*E13 -> 200
A14: Toy 12 Turtle Banks | C14: =+'Toy Count Summary 2024'!E14 -> 50 | K14: Brass nails | L14: 1/8" Plexigls | AA14: Misc
A15: Toy 13 Critters Bags | C15: =+'Toy Count Summary 2024'!E15 -> 100 | D15: 1 | U15: =+C15*D15 -> 100 | AA15: Critter Bags
A16: Toy 14 Games | C16: =+'Toy Count Summary 2024'!E16 -> 210
A17: Ring Toss Games | C17: =+'2024 -TOY PROGRAM MGT SYS'!J133 -> 50 | H17: 1 | S17: =+C17*H17 -> 50 | T17: 1 3/4" wood rings | AA17: Rings
A18: Cup and Ball Games | C18: =+'2024 -TOY PROGRAM MGT SYS'!J134 -> 40 | G18: 1 | R18: =+G18*C18 -> 40 | S18: 1" Ball | AA18: Balls
A19: Tops, Antique Toy | C19: =+'2024 -TOY PROGRAM MGT SYS'!J135 -> 30
A20: Paddle Games | C20: =+'2024 -TOY PROGRAM MGT SYS'!J136 -> 40 | G20: 1 | R20: =+G20*C20 -> 40 | S20: 1" Ball | AA20: Balls
A21: Chalk Board Games | C21: =+'2024 -TOY PROGRAM MGT SYS'!J137 -> 50
A22: Toy 15 Animal Toys | C22: =+'Toy Count Summary 2024'!E17 -> 305 | D22: 4 | G22: 1 | N22: =+C22*D22 -> 1220
A23: Toy 16 Small Toy Cars | C23: =+'Toy Count Summary 2024'!E18 -> 325 | D23: 4 | G23: 1 | N23: =+C23*D23 -> 1300
A24: Toy 17 Helicopters | C24: =+'Toy Count Summary 2024'!E19 -> 225 | D24: 2 | N24: =+C24*D24 -> 450
A25: Toy 18 Firetrucks | C25: =+'Toy Count Summary 2024'!E20 -> 75 | D25: 4 | G25: 1 | N25: =+C25*D25 -> 300
A26: Toy 19 Airplanes | C26: =+'Toy Count Summary 2024'!E21 -> 150 | D26: 2 | I26: screws | N26: =+C26*D26 -> 300
A27: Toy 20 Vans | C27: =+'Toy Count Summary 2024'!E22 -> 225 | D27: 4 | I27: 8 crayons/whale | N27: =+C27*D27 -> 900 | T27: 160
A28: Toy 21 Cradles | C28: =+'Toy Count Summary 2024'!E23 -> 25 | D28: 1 | I28: 1/4" dowels | N28: =+C28*D28 -> 25 | W28: =+C28*D28 -> 25
A29: Toy 22 Blocks | C29: =+'Toy Count Summary 2024'!E24 -> 40 | D29: 1 | V29: =+C29*D29 -> 40
C31: =SUM(C3:C29) -> 3545 | N31: =SUM(N3:N29) -> 9315 | O31: =SUM(O3:O28) -> 600 | P31: =SUM(P3:P28) -> 0 | Q31: =SUM(Q3:Q29) -> 0 | R31: =SUM(R3:R29) -> 180 | S31: =SUM(S3:S29) -> 50 | T31: =SUM(T3:T29) -> 160 | U31: =SUM(U3:U29) -> 100 | V31: =SUM(V3:V29) -> 40 | W31: =SUM(W3:W29) -> 25 | X31: =SUM(X3:X29) -> 335 | Y31: =SUM(Y3:Y29) -> 0 | Z31: =SUM(Z3:Z30) -> 0
N32: Total 1.5" Wheels / Axles | O32: Total 2" Wheels / Axles | P32: Total 2.25" Wheels / Axles? | R32: 1" Ball | S32: RINGs | T32: Crayons | U32: Critter Bags | V32: Block Bags | W32: Dolls | X32: Smoke Stacks | Y32: 3/8" Axles
A33: Community Events
A34: Threshing Bee | C34: 400
A35: Giraffe 5K Walk | C35: 100 | N35: =+E42 -> 5200 | O35: Wheels for Events etc | S35: 2000 | T35: per 40# box
A36: Love Bugs | C36: 400 | N36: =SUM(N31:N35) -> 14515 | S36: 6 | T36: boxes
A37: Make a Wish | S37: =+S36*S35 -> 12000 | T37: total wheels | U37: Smith Wood Products
A38: Kenadi Fondation
A39: Maker Fair
A40: Oerich Kindergarton
A41: Woodworking Show | C41: 400
C42: =SUM(C34:C41) -> 1300 | D42: 4 | E42: =+D42*C42 -> 5200

Sheet DISTRIBUTION DAY
A1: D

Sheet Toy Count Summary 2025
C2: Toy # | D2: ITEM | E2: Goal for 2025 | F2: Total from TOY PRGM MGT SYS | G2: Toy Count Summary 2025 (same as Qty in Inventory) | H2: Qty in Inventory (Made in 2025) | J2: Toys Leftover from 2024 (verified from Table Tags)
A3: Toy 1: Basketball Games | B3: Basketball Games | C3: 1 | D3: BB Games | E3: =+F3 -> 100 | F3: =+'2025 -TOY PROGRAM MGT SYS'!AC21 -> 100 | G3: =+H3 -> 0 | H3: =+'2025 -TOY PROGRAM MGT SYS'!AV21 -> 0 | J3: =+'2025 -TOY PROGRAM MGT SYS'!AB21 -> 18
A4: Toy 2: Rocking Chairs | B4: Rocking Chairs | C4: 2 | D4: Rocking Chairs | E4: =+F4 -> 40 | F4: =+'2025 -TOY PROGRAM MGT SYS'!AC23 -> 40 | G4: =+H4 -> 0 | H4: =+'2025 -TOY PROGRAM MGT SYS'!AV23 -> 0 | J4: =+'2025 -TOY PROGRAM MGT SYS'!AB23 -> 4
A5: Toy 3: Tugboats | B5: Tugboats | C5: 3 | D5: Tugboats | E5: =+F5 -> 130 | F5: =+'2025 -TOY PROGRAM MGT SYS'!AC27 -> 130 | G5: =+H5 -> 0 | H5: =+'2025 -TOY PROGRAM MGT SYS'!AV26 -> 0 | J5: =+'2025 -TOY PROGRAM MGT SYS'!AB26 -> 38
A6: Toy 4: Racers | B6: Racers | C6: 4 | D6: Racers | E6: =+F6 -> 330 | F6: =+'2025 -TOY PROGRAM MGT SYS'!AC29 -> 330 | G6: =+H6 -> 204 | H6: =+'2025 -TOY PROGRAM MGT SYS'!AV29 -> 204 | J6: =+'2025 -TOY PROGRAM MGT SYS'!AB29 -> 34
A7: Toy 5: Cars | B7: Cars | C7: 5 | D7: Cars | E7: =+F7 -> 165 | F7: =+'2025 -TOY PROGRAM MGT SYS'!AC46 -> 165 | G7: =+H7 -> 31 | H7: =+'2025 -TOY PROGRAM MGT SYS'!AV46 -> 31 | J7: =+'2025 -TOY PROGRAM MGT SYS'!AB46 -> 66
A8: Toy 6: Trucks | B8: Trucks | C8: 6 | D8: Trucks | E8: =+F8 -> 245 | F8: =+'2025 -TOY PROGRAM MGT SYS'!AC67 -> 245 | G8: =+H8 -> 83 | H8: =+'2025 -TOY PROGRAM MGT SYS'!AV67 -> 83 | J8: =+'2025 -TOY PROGRAM MGT SYS'!AB67 -> 51
A9: Toy 7: Oldies (5 Favs) | B9: Oldies (5 Favs) | C9: 7 | D9: Oldies (5 Favs) | E9: =+F9 -> 300 | F9: =+'2025 -TOY PROGRAM MGT SYS'!AC92 -> 300 | G9: =+H9 -> 148 | H9: =+'2025 -TOY PROGRAM MGT SYS'!AV92 -> 148 | J9: =+'2025 -TOY PROGRAM MGT SYS'!AB92 -> 72
A10: Toy 8: Buses | B10: Buses | C10: 8 | D10: Buses | E10: =+F10 -> 25 | F10: =+'2025 -TOY PROGRAM MGT SYS'!AC113 -> 25 | G10: =+H10 -> 27 | H10: =+'2025 -TOY PROGRAM MGT SYS'!AV113 -> 27 | J10: =+'2025 -TOY PROGRAM MGT SYS'!AB113 -> 5
A11: Toy 9: Locomotives | B11: Locomotives | C11: 9 | D11: Locomotives | E11: =+F11 -> 120 | F11: =+'2025 -TOY PROGRAM MGT SYS'!AC117 -> 120 | G11: =+H11 -> 0 | H11: =+'2025 -TOY PROGRAM MGT SYS'!AV117 -> 0 | J11: =+'2025 -TOY PROGRAM MGT SYS'!AB117 -> 14
A12: Toy 10: Jewelry Boxes | B12: Boxes | C12: 10 | D12: Jewelry Boxes | E12: =+F12 -> 80 | F12: =+'2025 -TOY PROGRAM MGT SYS'!AC123 -> 80 | G12: =+H12 -> 48 | H12: =+'2025 -TOY PROGRAM MGT SYS'!AV123 -> 48 | J12: =+'2025 -TOY PROGRAM MGT SYS'!AB123 -> 0
A13: Toy 11: Tractors | B13: Tractors | C13: 11 | D13: Tractors | E13: =+F13 -> 100 | F13: =+'2025 -TOY PROGRAM MGT SYS'!AC127 -> 100 | G13: =+H13 -> 109 | H13: =+'2025 -TOY PROGRAM MGT SYS'!AV127 -> 109 | J13: =+'2025 -TOY PROGRAM MGT SYS'!AB127 -> 5
A14: Toy 12: Turtle Banks | B14: Turtle Banks | C14: 12 | D14: Turtle Banks | E14: =+F14 -> 50 | F14: =+'2025 -TOY PROGRAM MGT SYS'!AC132 -> 50 | G14: =+H14 -> 51 | H14: =+'2025 -TOY PROGRAM MGT SYS'!AV132 -> 51 | J14: =+'2025 -TOY PROGRAM MGT SYS'!AB132 -> 2
A15: Toy 13: Critters Bags | B15: Critters | C15: 13 | D15: Critters | E15: =+F15 -> 100 | F15: =+'2025 -TOY PROGRAM MGT SYS'!AC134 -> 100 | G15: =+H15 -> 0 | H15: =+'2025 -TOY PROGRAM MGT SYS'!AV134 -> 0 | J15: =+'2025 -TOY PROGRAM MGT SYS'!AB134 -> 0
A16: Toy 14: Games | B16: Games | C16: 14 | D16: Games | E16: =+F16 -> 210 | F16: =+'2025 -TOY PROGRAM MGT SYS'!AC136 -> 210 | G16: =+H16 -> 0 | H16: =+'2025 -TOY PROGRAM MGT SYS'!AV136 -> 0 | J16: =+'2025 -TOY PROGRAM MGT SYS'!AB136 -> 89
A17: Toy 15: Animal Toys | B17: Animal Toys | C17: 15 | D17: Animal Toys | E17: =+F17 -> 400 | F17: =+'2025 -TOY PROGRAM MGT SYS'!AC142 -> 400 | G17: =+H17 -> 155 | H17: =+'2025 -TOY PROGRAM MGT SYS'!AV142 -> 155 | J17: =+'2025 -TOY PROGRAM MGT SYS'!AB142 -> 30
A18: Toy 16: Small Toy Cars | B18: Small Toy Cars | C18: 16 | D18: Small Toy Cars | E18: =+F18 -> 325 | F18: =+'2025 -TOY PROGRAM MGT SYS'!AC170 -> 325 | G18: =+H18 -> 245 | H18: =+'2025 -TOY PROGRAM MGT SYS'!AV170 -> 245 | J18: =+'2025 -TOY PROGRAM MGT SYS'!AB170 -> 0
A19: Toy 17: Helicopters | B19: Helicopters | C19: 17 | D19: Helicopters | E19: =+F19 -> 225 | F19: =+'2025 -TOY PROGRAM MGT SYS'!AC186 -> 225 | G19: =+H19 -> 103 | H19: =+'2025 -TOY PROGRAM MGT SYS'!AV186 -> 103 | J19: =+'2025 -TOY PROGRAM MGT SYS'!AB186 -> 49
A20: Toy 18: Firetrucks | B20: Firetrucks | C20: 18 | D20: Firetrucks | E20: =+F20 -> 75 | F20: =+'2025 -TOY PROGRAM MGT SYS'!AC197 -> 75 | G20: =+H20 -> 0 | H20: =+'2025 -TOY PROGRAM MGT SYS'!AV197 -> 0 | J20: =+'2025 -TOY PROGRAM MGT SYS'!AB197 -> 0
A21: Toy 19: Airplanes | B21: Airplanes | C21: 19 | D21: Airplanes | E21: =+F21 -> 150 | F21: =+'2025 -TOY PROGRAM MGT SYS'!AC202 -> 150 | G21: =+H21 -> 0 | H21: =+'2025 -TOY PROGRAM MGT SYS'!AV202 -> 0 | J21: =+'2025 -TOY PROGRAM MGT SYS'!AB202 -> 48
A22: Toy 20: Vans | B22: Vans | C22: 20 | D22: Vans | E22: =+F22 -> 225 | F22: =+'2025 -TOY PROGRAM MGT SYS'!AC204 -> 225 | G22: =+H22 -> 25 | H22: =+'2025 -TOY PROGRAM MGT SYS'!AV204 -> 25 | J22: =+'2025 -TOY PROGRAM MGT SYS'!AB204 -> 26
A23: Toy 21: Cradles | B23: Cradles | C23: 21 | D23: Cradles | E23: =+F23 -> 25 | F23: =+'2025 -TOY PROGRAM MGT SYS'!AC226 -> 25 | G23: =+H23 -> 0 | H23: =+'2025 -TOY PROGRAM MGT SYS'!AV226 -> 0 | J23: =+'2025 -TOY PROGRAM MGT SYS'!AB226 -> 1
A24: Toy 22: Blocks | B24: Blocks | C24: 22 | D24: Blocks | E24: =+F24 -> 40 | F24: =+'2025 -TOY PROGRAM MGT SYS'!AC231 -> 40 | G24: =+H24 -> 0 | H24: =+'2025 -TOY PROGRAM MGT SYS'!AV231 -> 0 | J24: =+'2025 -TOY PROGRAM MGT SYS'!AB231 -> 0
E25: =SUM(E3:E24) -> 3460 | F25: =SUM(F3:F24) -> 3460 | G25: =+H25 -> 1229 | H25: =SUM(H3:H24) -> 1229 | J25: =SUM(J3:J24) -> 552
D26: +10% for attrition | E26: =+E25*0.1 -> 346
E27: =SUM(E25:E26) -> 3806 | J27: Leftover from 2024

Sheet 2024 Need Dates_Addresses
C1: 2024 Goal | D1: Ages | E1: Requested Need Date | F1: POC | G1: Phone | H1: Deliver to: | I1: qty last year
B2: Organization | C2: =SUM(C6:C36) -> 3382
B5: Youth and Family Services - Prenatal to Five Headstart | F5: Connie Olson | G5: (605) 342-4195 ext. 283 | H5: 1920 N. Plaza Blvd, Rapid City, SD 57709-2813 colson@youthandfamilyservices.org
A6: 1 | B6: PLAZA - Home-Based Early HS | C6: 112 | D6: 0 to 3 | E6: 12.7.2023 | F6: Sue Jorgensen/Darla J | G6: (605) 342-4195 | H6: sjorgensen@youthandfamilyservices.org
A7: 2 | B7: PLAZA - Home-Based HS | C7: 65 | D7: 3 to 5 | F7: Sue Jorgensen/Darla J | G7: Cell:605 391-7872
A8: 3 | B8: MONROE - RC HEAD START - MONROE | C8: 116 | D8: 3 to 5 | F8: Sue Jorgensen/Vicki L
A9: 4 | B9: DOUGLAS - RC HEAD START - DOUGLAS | C9: 51 | D9: 3 to 5 | F9: Sue Jorgensen/Vicki L | H9: Total for 2024 for YFS:
A10: 5 | B10: ADAMS - RC HEAD START - ADAMS | C10: 16 | D10: 3 to 5 | F10: Sue Jorgensen/Vicki L | H10: =SUM(C6:C13) -> 515
A11: 6 | B11: ADAMS - RC EARLY HEAD START | C11: 36 | D11: 0 to 3 | F11: Sue Jorgensen/Vicki L
A12: 7 | B12: ADAMS - Child Development Center - FD/FY HS | C12: 80 | D12: 3 to 5 | F12: Sue Jorgensen/Amanda
A13: 8 | B13: ADAMS - Child Development Center - FD/FY HS | C13: 39 | D13: 0 to 3 | F13: Sue Jorgensen/Amanda
A14: 9 | B14: Black Hills Area Habitat for Humanity | C14: 5 | D14: 0 to 7 | F14: Angela Estes | G14: 605 348-9196 | H14: 610 E Omaha St, Rapid City, SD 57701 angela@blackhillshabitat.org
A15: 10 | B15: Cornerstone APARTMENTS | C15: 0 | D15: 1 to 12 | F15: Ed Pike
A16: 11 | B16: Black Hills Pregnancy Center | C16: 50 | D16: 0 to 3 | E16: 12.2.2023 | F16: Monica Tanner Frank DiCesare | G16: 605 341-4477 | H16: 1774 Centre St (Suite 1), Rapid City, SD 57703 blackhillspregnancycenter@gmail.com
A17: 12 | B17: Foster Parent Association of the Northern Hills | C17: 35 | D17: 0 to 12 | E17: 12.2.2023 | F17: Paula Carver Frank DiCesare | G17: 605 642-4048 | H17: Spearfish
A18: 13 | B18: Airmen and Family Readiness Center - 1 | C18: 125 | D18: 0 to 12 | E18: 12.2.2023 | F18: Rick Weisbeck Jo Anne Mulholland | G18: 605 385-4663 | H18: Ellsworth AFB, Airman & Family Readiness Center, Work Life Specialist New People 2021: Kim and Daphne GEFFRE, KIMBERLY S GS-11 USAF AFGSC 28 FSS/FSHR, PEREZ, DAPHNE G GS-11 USAF AFGSC 28 FSS/FSHR
A19: 14 | B19: Airmen and Family Readiness Center - 2 | C19: 125 | D19: 0 to 12 | E19: 45017 | F19: Rick Weisbeck Brandy Wyatt | H19: joanne.mulholland@us.af.mil brandy.wyatt@us.af.mil
A20: 15 | B20: Black Hills Chaplains Association (BHCA) | C20: 40 | D20: Love Bugs or equivalent | E20: 12.2.2023 | F20: Maggie Brown Jim Tolley | G20: 503 320-7781 605 209-4690 | H20: 2879 Spotted Fawn Lane Rapid City, SD 57702 hmbrown1@frontier.com jdwoodwork@gmail.com
A21: 16 | B21: The Club for Boys | C21: 250 | D21: 6 thru 11 | E21: 12.2.2023 | F21: Carri Redmond / Mark Kline | G21: 343-3500 | H21: 320 N. 4th St, Rapid City, SD carri@theclubforboys.org
A22: 17 | B22: Beatrice School NE | C22: 700 | D22: 3 to 8 | E22: 12.2.2023 | F22: Gary Graves / Leslie Drier | H22: Beatrice Community Pre-School 320 N. Fifth St Beatrice, NE 68310
A23: 18 | B23: Cheyenne River Youth Project | C23: 500 | D23: 0 to 10 | E23: 12.2.2023 | F23: Crystal Lind Julie Garreau Wakinyan Chief | G23: (605) 964-8200 605-365-7082 cell | H23: Cheyenne River Youth Project, 702 4th St, PO Box 410, Eagle Butte, SD 57625 JULIE.CRYP@GMAIL.COM
A24: 19 | B24: Catholic Social Services | C24: 0 | D24: 1 to 5 | E24: 12.2.2023 | F24: Shawn Edwinson Maggie Brown | G24: 605 348-6086 605-608-2412 | H24: Uplifting Parents/Catholic Social Services 529 Kansas City St, RC, SD 57701 shawn.edwinson@cssrapidcity.com
A25: 20 | B25: Kinship Mountain Ministries | C25: 12 | D25: 2 to 8 | E25: 12.2.2023 | F25: David Winter Frank DiCesare | G25: 641-1169 | H25: Kinship Mountain Ministries 11760 Dublin Lane Sturgis, SD 57785 dawwinter@hotmail.com Requested on 4-15-2021
A26: 21 | B26: First Methodist Church - Irwin, PA | C26: 150 | D26: 6 to 10 | E26: Mid-June 2022 | F26: Jerry Hood | H26: First Methodist Church Irwin, PA
A27: 22 | B27: SD National Guard - 2025 | C27: 125 | D27: 0 to 10 | E27: 12.2.2023 | F27: Quenten J. Johnson Tony Verchio | G27: 605.737.6206 605 391-2724 cell | H27: 2824 W Main St, Rapid City, SD Camp Rapid - Building 420 Deputy Director, Service Member and Family Support South Dakota National Guard quenten.j.johnson.mil@mail.mil
A28: 23 | B28: EAFB Youth Programs | C28: 100 | D28: 0 to 12 | E28: 12.2.2023 | F28: SILJA PAA | G28: 605 385-2277 | H28: 1679 Ellsworth St Bldg 7712 EAFB, SD 57706 SILJA.PAA.2@us.af.mil
A29: 24 | B29: South Dakota Veterans Home | D29: 0 to 12 | E29: 12.2.2023 | F29: Legion Aux Post 22 | G29: (605) 745-5127 | H29: 2500 Minnekahta Ave, Hot Springs, SD 57747 snowpine50@gmail.com
A30: 25 | B30: Working Against Violence Inc - 1 | C30: 50 | D30: 0 to 12 | E30: 12.2.2023 | F30: Mary Corbine Christina Simmons | G30: 605 718-7583 (605) 341-3292 | H30: 527 Quincy St Rapid City, SD 57701
A31: 26 | B31: Working Against Violence Inc - 2 | C31: 50 | D31: 0 to 12 | E31: 45078 | F31: Mary Corbine Christina Simmons | G31: (605) 341-3292 | H31: 527 Quincy St Rapid City, SD 57701
A32: 27 | B32: Reserve/Display Samples | C32: 100 | D32: all | E32: 12.2.2023 | F32: RCWA | G32: 605 348-2865 605 390-8311 | H32: Bob Buchanan rdub_buchanan@yahoo.com
A33: 28 | B33: Monument Pediatrics | C33: 50 | D33: 1 to 12 | E33: 12.2.2023 | F33: Patsy Hood | H33: Monument Pediatrics - Rapid Citry SD
A34: 29 | B34: St. Joseph's Indian School | C34: 150 | D34: 0 to 12 | E34: 12.2.2023 | F34: Grant Coffin | H34: St. Joseph's Indian School 1301 N. Main St Chamberlain SD 57325 USA.
A35: 30 | B35: The Browns - North Carolina/Flood Relief | C35: 150 | D35: 1 to 12 | E35: 12.2.2024 | F35: Jim and Maggie Brown | H35: handcarry
A36: 31 | B36: Pennington County Emergency Management Dept | C36: 100 | D36: Love Bugs or equivalent | F36: Jim and Maggie Brown | H36: handcarry
A37: 32 | B37: Spare 4
A38: 33 | B38: Spare 5
A39: 34 | B39: Spare 6
A40: 35 | B40: Spare 7
A41: 36 | B41: Spare 8
A42: 37 | B42: Spare 9
A43: 38 | B43: Spare 10
A44: 39 | B44: Total Requested | C44: =SUM(C6:C43) -> 3382
A45: 40
E46: Save for Later
F47: Melanie Timm | G47: 716-HOPE / 716-4673 | H47: The Hope Center 615 Kansas City St Rapid City, SD 57701 melanie@hopecenterrapidcity.org

Sheet Oranizations List
A2: 2021 Org No. | B2: 2021 Organization Name | C2: # of Toys | F2: 2022 Org No. | G2: 2022 Organization Name | H2: # of Toys | J2: Group Number | K2: Name of Organizations - 2023 | L2: # of Toys
A3: 1 | B3: PLAZA - Home-Based Early HS | C3: 112 | F3: 1 | G3: PLAZA - Home-Based Early HS | H3: =+'2024 Need Dates_Addresses'!C6 -> 112 | J3: 1 | K3: PLAZA - Home-Based Early HS | L3: 112
A4: 2 | B4: PLAZA - Home-Based HS | C4: 65 | F4: 2 | G4: PLAZA - Home-Based HS | H4: =+'2024 Need Dates_Addresses'!C7 -> 65 | J4: 2 | K4: PLAZA - Home-Based HS | L4: 65
A5: 3 | B5: ADAMS - RC EARLY HEAD START | C5: 16 | F5: 3 | G5: DOUGLAS - RC HEAD START- DOUGLAS | H5: =+'2024 Need Dates_Addresses'!C8 -> 116 | J5: 3 | K5: DOUGLAS - RC HEAD START- DOUGLAS | L5: 52
A6: 4 | B6: PLAZA - RC HEAD START- DOUGLAS | C6: 34 | F6: 4 | G6: MONROE - RC HEAD START - MONROE | H6: =+'2024 Need Dates_Addresses'!C9 -> 51 | J6: 4 | K6: MONROE - RC HEAD START - MONROE | L6: 129
A7: 5 | B7: MONROE - RC HEAD START - MONROE | C7: 136 | F7: 5 | G7: ADAMS - RC HEAD START - ADAMS | H7: =+'2024 Need Dates_Addresses'!C10 -> 16 | J7: 5 | K7: ADAMS - RC HEAD START - ADAMS | L7: 40
A8: 6 | B8: PLAZA - RC HEAD START - PLAZA | C8: 102 | F8: 6 | G8: ADAMS - RC EARLY HEAD START | H8: =+'2024 Need Dates_Addresses'!C11 -> 36 | J8: 6 | K8: ADAMS - RC EARLY HEAD START | L8: 16
A9: 7 | B9: ADAMS - RC HEAD START - ADAMS | C9: 17 | F9: 7 | G9: ADAMS - Child Development Center - FD/FY | H9: =+'2024 Need Dates_Addresses'!C12 -> 80 | J9: 7 | K9: ADAMS - Child Development Center - FD/FY | L9: 87
A10: 8 | B10: ADAMS - Child Development Center - FD/FY | C10: 62 | F10: 8 | G10: ADAMS - Child Development Center - FD/FY EHS | H10: =+'2024 Need Dates_Addresses'!C13 -> 39 | J10: 8 | K10: ADAMS - Child Development Center - FD/FY EHS | L10: 39
A11: 9 | B11: ADAMS - Child Development Center - FD/FY EHS | C11: 28 | F11: 9 | G11: Black Hills Area Habitat for Humanity | H11: =+'2024 Need Dates_Addresses'!C14 -> 5 | J11: 9 | K11: Black Hills Area Habitat for Humanity | L11: 20
A12: 10 | B12: ADAMS - Child Development Center - Expansion | C12: 25 | F12: 10 | G12: Cornerstone APARTMENTS - ED PIKE | H12: =+'2024 Need Dates_Addresses'!C15 -> 0 | J12: 10 | K12: Cornerstone APARTMENTS - ED PIKE | L12: 50
A13: 11 | B13: Black Hills Pregnancy Center | C13: 30 | F13: 11 | G13: Black Hills Pregnancy Center | H13: =+'2024 Need Dates_Addresses'!C16 -> 50 | J13: 11 | K13: Black Hills Pregnancy Center | L13: 50
A14: 12 | B14: Foster Parent Association of the Northern Hills | C14: 35 | F14: 12 | G14: Foster Parent Association of the Northern Hills | H14: =+'2024 Need Dates_Addresses'!C17 -> 35 | J14: 12 | K14: Foster Parent Association of the Northern Hills | L14: 35
... A30: 28 | B30: Cornerstone Apartments | C30: 50 | F30: 28 | G30: Monument Pediatrics | H30: =+'2024 Need Dates_Addresses'!C33 -> 50 | J30: 28 | K30: Monument Pediatrics | L30: 50
A31: 29 | B31: Our Redeemer Lutheran Church programs | C31: 50 | J31: 29 | K31: St. Joseph's Indian School | L31: 150
A32: --- | B32: Toys for Photos - 1 of each toy | H32: =SUM(H3:H31) -> 2982 | J32: 30 | K32: Children's Hospital of Philadelphia (CHOP) | L32: 50
J33: --- | K33: TOYS FOR PHOTOS - Photos of each toy/group | L33: 100
C34: =SUM(C3:C33) -> 2827

Sheet Distribution Details
B1: Toy -- >>>>>>> | C1: 2023 Needs | D1: Ages | E1: =+'Toy Count Summary 2024'!D3 -> BB Games | F1: =+'Toy Count Summary 2024'!D4 -> Rocking Chairs | G1: =+'Toy Count Summary 2024'!D5 -> Tugboats | H1: =+'Toy Count Summary 2024'!D6 -> Racers | I1: =+'Toy Count Summary 2024'!D7 -> Cars | J1: =+'Toy Count Summary 2024'!D8 -> Trucks | K1: =+'Toy Count Summary 2024'!D9 -> Oldies (5 Favs) | L1: =+'Toy Count Summary 2024'!D10 -> Buses | M1: =+'Toy Count Summary 2024'!D11 -> Locomotives | N1: =+'Toy Count Summary 2024'!D12 -> Jewelry Boxes | O1: =+'Toy Count Summary 2024'!D13 -> Tractors | P1: =+'Toy Count Summary 2024'!D14 -> Turtle Banks | Q1: =+'Toy Count Summary 2024'!D15 -> Critters | R1: =+'Toy Count Summary 2024'!D16 -> Games | S1: =+'Toy Count Summary 2024'!D17 -> Animal Toys | T1: =+'Toy Count Summary 2024'!D18 -> Small Toy Cars | U1: =+'Toy Count Summary 2024'!D19 -> Helicopters | V1: =+'Toy Count Summary 2024'!D20 -> Firetrucks | W1: =+'Toy Count Summary 2024'!D21 -> Airplanes | X1: =+'Toy Count Summary 2024'!D22 -> Vans | Y1: =+'Toy Count Summary 2024'!D23 -> Cradles | Z1: =+'Toy Count Summary 2024'!D24 -> Blocks | AA1: Totals on Hand | AB1: 2024 Needs
C2: =+'2024 Need Dates_Addresses'!C42 -> 0 | D2: linked: | E2: =+'Toy Count Summary 2024'!H3 -> 99 | F2: =+'Toy Count Summary 2024'!H4 -> 40 | G2: =+'Toy Count Summary 2024'!H5 -> 138 | H2: =+'Toy Count Summary 2024'!H6 -> 331 | I2: =+'Toy Count Summary 2024'!H7 -> 130 | J2: =+'Toy Count Summary 2024'!H8 -> 251 | K2: =+'Toy Count Summary 2024'!H9 -> 330 | L2: =+'Toy Count Summary 2024'!H10 -> 27 | M2: =+'Toy Count Summary 2024'!H11 -> 258 | N2: =+'Toy Count Summary 2024'!H12 -> 52 | O2: =+'Toy Count Summary 2024'!H13 -> 106 | P2: =+'Toy Count Summary 2024'!H14 -> 54 | Q2: =+'Toy Count Summary 2024'!H15 -> 105 | R2: =+'Toy Count Summary 2024'!H16 -> 382 | S2: =+'Toy Count Summary 2024'!H17 -> 382 | T2: =+'Toy Count Summary 2024'!H18 -> 467 | U2: =+'Toy Count Summary 2024'!H19 -> 259 | V2: =+'Toy Count Summary 2024'!H20 -> 90 | W2: =+'Toy Count Summary 2024'!H21 -> 104 | X2: =+'Toy Count Summary 2024'!H22 -> 184 | Y2: =+'Toy Count Summary 2024'!H23 -> 25 | Z2: =+'Toy Count Summary 2024'!H24 -> 40 | AA2: =SUM(E2:Z2) -> 3854 | AB2: =+C47 -> 3382
R4: 100 | T4: 355 | Z4: misc | AA4: =SUM(E4:Z4) -> 455 | AB4: =+C47 -> 3382
A5: # | B5: Organization | AA5: allocated: | AB5: requested:
D6: # of Toys LEFT | E6: =+E48 -> 5 | F6: =+F48 -> 3 | G6: =+G48 -> 35 | H6: =+H48 -> 30 | I6: =+I48 -> 3 | J6: =+J48 -> 66 | K6: =+K48 -> 99 | L6: =+L48 -> 1 | ... Z6: =+Z48 -> 6 | AA6: =SUM(E6:Z6) -> 445
A7: ---
B8: Youth and Family Services - Prenatal to Five Headstart
A9: 1 | B9: PLAZA - Home-Based Early HS | C9: =+'2024 Need Dates_Addresses'!C6 -> 112 | D9: =+'2024 Need Dates_Addresses'!D6 -> 0 to 3 | E9: 0 | F9: 3 | G9: 7 | H9: 9 | I9: 6 | J9: 8 | K9: 10 | L9: 2 | M9: 5 | N9: 0 | O9: 8 | P9: 0 | Q9: 7 | R9: 0 | S9: 5 | T9: 15 | U9: 7 | V9: 2 | W9: 7 | X9: 7 | Y9: 2 | Z9: 2 | AA9: =SUM(E9:Z9) -> 112 | AB9: =+C9 -> 112
A10: 2 | B10: PLAZA - Home-Based HS | C10: =+'2024 Need Dates_Addresses'!C7 -> 65 | D10: =+'2024 Need Dates_Addresses'!D7 -> 3 to 5 | E10: 2 | F10: 2 | G10: 2 | H10: 4 | I10: 4 | J10: 3 | K10: 4 | L10: 2 | M10: 2 | N10: 3 | O10: 3 | P10: 2 | Q10: 3 | R10: 2 | S10: 5 | T10: 7 | U10: 3 | V10: 2 | W10: 4 | X10: 2 | Y10: 2 | Z10: 2 | AA10: =SUM(E10:Z10) -> 65 | AB10: =+C10 -> 65
A11: 3 | B11: MONROE - RC HEAD START - MONROE | C11: =+'2024 Need Dates_Addresses'!C8 -> 116 | D11: =+'2024 Need Dates_Addresses'!D8 -> 3 to 5 | E11: 2 | F11: 2 | G11: 6 | H11: 10 | I11: 6 | J11: 6 | K11: 6 | L11: 4 | M11: 4 | N11: 4 | O11: 6 | P11: 4 | Q11: 6 | R11: 2 | S11: 10 | T11: 10 | U11: 4 | V11: 4 | W11: 6 | X11: 10 | Y11: 2 | Z11: 2 | AA11: =SUM(E11:Z11) -> 116 | AB11: =+C11 -> 116
A12: 4 | B12: DOUGLAS - RC HEAD START - DOUGLAS | C12: =+'2024 Need Dates_Addresses'!C9 -> 51 | D12: =+'2024 Need Dates_Addresses'!D9 -> 3 to 5 | E12: 1 | F12: 1 | G12: 2 | H12: 5 | I12: 4 | J12: 5 | K12: 1 | L12: 1 | M12: 3 | N12: 3 | O12: 2 | P12: 2 | Q12: 3 | R12: 2 | S12: 2 | T12: 2 | U12: 2 | V12: 2 | W12: 2 | X12: 2 | Y12: 2 | Z12: 2 | AA12: =SUM(E12:Z12) -> 51 | AB12: =+C12 -> 51
A13: 5 | B13: ADAMS - RC HEAD START - ADAMS | C13: =+'2024 Need Dates_Addresses'!C10 -> 16 | D13: =+'2024 Need Dates_Addresses'!D10 -> 3 to 5 | E13: 1 | F13: 1 | G13: 1 | H13: 1 | I13: 1 | J13: 1 | K13: 1 | L13: 0 | M13: 1 | N13: 1 | O13: 1 | P13: 1 | Q13: 1 | R13: 1 | S13: 1 | T13: 1 | U13: 1 | V13: 1 | W13: 1 | X13: 0 | Y13: 1 | Z13: 1 | AA13: =SUM(E13:Z13) -> 20 | AB13: =+C13 -> 16
A14: 6 | B14: ADAMS - RC EARLY HEAD START | C14: =+'2024 Need Dates_Addresses'!C11 -> 36 | D14: =+'2024 Need Dates_Addresses'!D11 -> 0 to 3 | E14: 0 | F14: 1 | G14: 1 | H14: 1 | I14: 1 | J14: 2 | K14: 2 | L14: 2 | M14: 5 | N14: 2 | O14: 1 | P14: 2 | Q14: 2 | R14: 0 | S14: 0 | T14: 5 | U14: 2 | V14: 2 | W14: 2 | X14: 0 | Y14: 1 | Z14: 2 | AA14: =SUM(E14:Z14) -> 36 | AB14: =+C14 -> 36
A15: 7 | B15: ADAMS - Child Development Center - FD/FY HS | C15: =+'2024 Need Dates_Addresses'!C12 -> 80 | D15: =+'2024 Need Dates_Addresses'!D12 -> 3 to 5 | E15: 2 | F15: 2 | G15: 2 | H15: 2 | I15: 3 | J15: 2 | K15: 4 | L15: 2 | M15: 3 | N15: 2 | O15: 4 | P15: 2 | Q15: 4 | R15: 2 | S15: 14 | T15: 8 | U15: 5 | V15: 2 | W15: 4 | X15: 8 | Y15: 1 | Z15: 2 | AA15: =SUM(E15:Z15) -> 80 | AB15: =+C15 -> 80
A16: 8 | B16: ADAMS - Child Development Center - FD/FY HS | C16: =+'2024 Need Dates_Addresses'!C13 -> 39 | D16: =+'2024 Need Dates_Addresses'!D13 -> 0 to 3 | E16: 0 | F16: 1 | G16: 2 | H16: 3 | I16: 2 | J16: 3 | K16: 2 | L16: 1 | M16: 2 | N16: 0 | O16: 2 | P16: 0 | Q16: 2 | R16: 0 | S16: 3 | T16: 2 | U16: 2 | V16: 2 | W16: 3 | X16: 4 | Y16: 1 | Z16: 2 | AA16: =SUM(E16:Z16) -> 39 | AB16: =+C16 -> 39
A17: 9 | B17: Black Hills Area Habitat for Humanity | C17: =+'2024 Need Dates_Addresses'!C14 -> 5 | D17: =+'2024 Need Dates_Addresses'!D14 -> 0 to 7 | E17: 1 | J17: 1 | M17: 1 | N17: 1 | Q17: 1 | T17: 1 | Y17: 1 | Z17: 1 | AA17: =SUM(E17:Z17) -> 8 | AB17: =+C17 -> 5
A18: 10 | B18: Cornerstone APARTMENTS | C18: =+'2024 Need Dates_Addresses'!C15 -> 0 | D18: =+'2024 Need Dates_Addresses'!D15 -> 1 to 12 | AA18: =SUM(E18:Z18) -> 0 | AB18: =+C18 -> 0
A19: 11 | B19: Black Hills Pregnancy Center | C19: =+'2024 Need Dates_Addresses'!C16 -> 50 | D19: =+'2024 Need Dates_Addresses'!D16 -> 0 to 3 | E19: 0 | F19: 0 | G19: 4 | H19: 4 | I19: 2 | J19: 3 | K19: 5 | L19: 0 | M19: 3 | N19: 2 | O19: 2 | P19: 0 | Q19: 4 | R19: 0 | S19: 6 | T19: 8 | U19: 2 | V19: 0 | W19: 2 | X19: 2 | Y19: 1 | Z19: 0 | AA19: =SUM(E19:Z19) -> 50 | AB19: =+C19 -> 50
A20: 12 | B20: Foster Parent Association of the Northern Hills | C20: =+'2024 Need Dates_Addresses'!C17 -> 35 | D20: =+'2024 Need Dates_Addresses'!D17 -> 0 to 12 | E20: 1 | F20: 1 | G20: 1 | H20: 2 | I20: 2 | J20: 2 | K20: 1 | L20: 0 | M20: 2 | N20: 2 | O20: 2 | P20: 2 | Q20: 2 | R20: 2 | S20: 2 | T20: 2 | U20: 2 | V20: 2 | W20: 2 | X20: 1 | Y20: 1 | Z20: 1 | AA20: =SUM(E20:Z20) -> 35 | AB20: =+C20 -> 35
A21: 13 | B21: Airmen and Family Readiness Center - 1 | C21: =+'2024 Need Dates_Addresses'!C18 -> 125 | D21: =+'2024 Need Dates_Addresses'!D18 -> 0 to 12 | E21: 6 | F21: 4 | G21: 5 | H21: 10 | I21: 3 | J21: 6 | K21: 8 | L21: 2 | M21: 8 | N21: 2 | O21: 5 | P21: 4 | Q21: 4 | R21: 10 | S21: 10 | T21: 10 | U21: 8 | V21: 6 | W21: 6 | X21: 4 | Y21: 2 | Z21: 2 | AA21: =SUM(E21:Z21) -> 125 | AB21: =+C21 -> 125
A22: 14 | B22: Airmen and Family Readiness Center - 2 | C22: =+'2024 Need Dates_Addresses'!C19 -> 125 | D22: =+'2024 Need Dates_Addresses'!D19 -> 0 to 12 | E22: 6 | F22: 4 | G22: 5 | H22: 10 | I22: 3 | J22: 6 | K22: 8 | L22: 2 | M22: 8 | N22: 2 | O22: 5 | P22: 4 | Q22: 4 | R22: 10 | S22: 10 | T22: 10 | U22: 8 | V22: 6 | W22: 6 | X22: 4 | Y22: 2 | Z22: 2 | AA22: =SUM(E22:Z22) -> 125 | AB22: =+C22 -> 125
A23: 15 | B23: Black Hills Chaplains Association (BHCA) | C23: =+'2024 Need Dates_Addresses'!C20 -> 40 | D23: sm mix | E23: 0 | F23: 0 | G23: 0 | H23: 0 | I23: 0 | J23: 0 | K23: 0 | L23: 0 | M23: 8 | N23: 0 | O23: 5 | P23: 0 | Q23: 0 | R23: 0 | S23: 0 | T23: 18 | U23: 4 | V23: 0 | W23: 5 | X23: 0 | Y23: 0 | Z23: 0 | AA23: =SUM(E23:Z23) -> 40 | AB23: =+C23 -> 40
A24: 16 | B24: The Club for Boys | C24: =+'2024 Need Dates_Addresses'!C21 -> 250 | D24: =+'2024 Need Dates_Addresses'!D21 -> 6 thru 11 | E24: 35 | F24: 0 | G24: 5 | H24: 20 | I24: 10 | J24: 10 | K24: 15 | L24: 0 | M24: 15 | N24: 0 | O24: 6 | P24: 5 | Q24: 0 | R24: 45 | S24: 10 | T24: 6 | U24: 30 | V24: 12 | W24: 12 | X24: 10 | Y24: 0 | Z24: 4 | AA24: =SUM(E24:Z24) -> 250 | AB24: =+C24 -> 250
A25: 17 | B25: Beatrice School NE | C25: =+'2024 Need Dates_Addresses'!C22 -> 700 | D25: =+'2024 Need Dates_Addresses'!D22 -> 3 to 8 | E25: 10 | F25: 4 | G25: 15 | H25: 100 | I25: 25 | J25: 50 | K25: 60 | L25: 0 | M25: 40 | N25: 0 | O25: 6 | P25: 2 | Q25: 12 | R25: 70 | S25: 110 | T25: 100 | U25: 35 | V25: 8 | W25: 5 | X25: 48 | Y25: 0 | Z25: 0 | AA25: =SUM(E25:Z25) -> 700 | AB25: =+C25 -> 700
A26: 18 | B26: Cheyenne River Youth Project | C26: =+'2024 Need Dates_Addresses'!C23 -> 500 | D26: =+'2024 Need Dates_Addresses'!D23 -> 0 to 10 | E26: 4 | F26: 4 | G26: 5 | H26: 73 | I26: 20 | J26: 25 | K26: 50 | L26: 0 | M26: 25 | N26: 0 | O26: 6 | P26: 0 | Q26: 15 | R26: 40 | S26: 75 | T26: 65 | U26: 40 | V26: 8 | W26: 10 | X26: 35 | Y26: 0 | Z26: 0 | AA26: =SUM(E26:Z26) -> 500 | AB26: =+C26 -> 500
A27: 19 | B27: Catholic Social Services | C27: =+'2024 Need Dates_Addresses'!C24 -> 0 | D27: =+'2024 Need Dates_Addresses'!D24 -> 1 to 5 | AA27: =SUM(E27:Z27) -> 0 | AB27: =+C27 -> 0
A28: 20 | B28: Kinship Mountain Ministries | C28: =+'2024 Need Dates_Addresses'!C25 -> 12 | D28: =+'2024 Need Dates_Addresses'!D25 -> 2 to 8 | E28: 1 | F28: 0 | G28: 0 | H28: 1 | I28: 0 | J28: 0 | K28: 0 | L28: 0 | M28: 0 | N28: 1 | O28: 0 | P28: 0 | Q28: 0 | R28: 1 | S28: 1 | T28: 2 | U28: 1 | V28: 1 | W28: 0 | X28: 1 | Y28: 1 | Z28: 1 | AA28: =SUM(E28:Z28) -> 12 | AB28: =+C28 -> 12
A29: 21 | B29: First Methodist Church - Irwin, PA | C29: =+'2024 Need Dates_Addresses'!C26 -> 150 | D29: =+'2024 Need Dates_Addresses'!D26 -> 6 to 10 | E29: 5 | F29: 0 | G29: 6 | H29: 7 | I29: 6 | J29: 12 | K29: 5 | L29: 4 | M29: 6 | N29: 4 | O29: 8 | P29: 3 | Q29: 5 | R29: 25 | S29: 12 | T29: 10 | U29: 12 | V29: 6 | W29: 8 | X29: 5 | Y29: 0 | Z29: 2 | AA29: =SUM(E29:Z29) -> 151 | AB29: =+C29 -> 150
A30: 22 | B30: SD National Guard - 2025 | C30: =+'2024 Need Dates_Addresses'!C27 -> 125 | D30: =+'2024 Need Dates_Addresses'!D27 -> 0 to 10 | E30: 5 | F30: 2 | G30: 6 | H30: 8 | I30: 10 | J30: 6 | K30: 8 | L30: 1 | M30: 5 | N30: 2 | O30: 6 | P30: 4 | Q30: 6 | R30: 12 | S30: 15 | T30: 10 | U30: 6 | V30: 4 | W30: 3 | X30: 3 | Y30: 1 | Z30: 2 | AA30: =SUM(E30:Z30) -> 125 | AB30: =+C30 -> 125
A31: 23 | B31: EAFB Youth Programs | C31: =+'2024 Need Dates_Addresses'!C28 -> 100 | D31: =+'2024 Need Dates_Addresses'!D28 -> 0 to 12 | E31: 5 | F31: 2 | G31: 4 | H31: 4 | I31: 4 | J31: 8 | K31: 8 | L31: 0 | M31: 4 | N31: 2 | O31: 4 | P31: 2 | Q31: 4 | R31: 15 | S31: 10 | T31: 6 | U31: 8 | V31: 3 | W31: 4 | X31: 1 | Y31: 1 | Z31: 1 | AA31: =SUM(E31:Z31) -> 100 | AB31: =+C31 -> 100
A32: 24 | B32: South Dakota Veterans Home | C32: =+'2024 Need Dates_Addresses'!C29 -> 0 | D32: =+'2024 Need Dates_Addresses'!D29 -> 0 to 12 | AA32: =SUM(E32:Z32) -> 0 | AB32: =+C32 -> 0
A33: 25 | B33: Working Against Violence Inc - 1 | C33: =+'2024 Need Dates_Addresses'!C30 -> 50 | D33: =+'2024 Need Dates_Addresses'!D30 -> 0 to 12 | E33: 0 | F33: 0 | G33: 3 | H33: 3 | I33: 3 | J33: 3 | K33: 3 | L33: 1 | M33: 3 | N33: 2 | O33: 2 | P33: 1 | Q33: 2 | R33: 5 | S33: 4 | T33: 6 | U33: 4 | V33: 2 | W33: 1 | X33: 1 | Y33: 0 | Z33: 1 | AA33: =SUM(E33:Z33) -> 50 | AB33: =+C33 -> 50
A34: 26 | B34: Working Against Violence Inc - 2 | C34: =+'2024 Need Dates_Addresses'!C31 -> 50 | D34: =+'2024 Need Dates_Addresses'!D31 -> 0 to 12 | E34: 0 | F34: 0 | G34: 3 | H34: 3 | I34: 3 | J34: 3 | K34: 3 | L34: 1 | M34: 3 | N34: 2 | O34: 2 | P34: 1 | Q34: 2 | R34: 5 | S34: 4 | T34: 6 | U34: 4 | V34: 2 | W34: 1 | X34: 1 | Y34: 0 | Z34: 1 | AA34: =SUM(E34:Z34) -> 50 | AB34: =+C34 -> 50
A35: 27 | B35: Reserve/Display Samples | C35: =+'2024 Need Dates_Addresses'!C32 -> 100 | D35: all | E35: 1 | F35: 1 | G35: 2 | H35: 1 | I35: 1 | J35: 4 | K35: 5 | L35: 1 | M35: 5 | N35: 7 | O35: 1 | P35: 3 | Q35: 1 | R35: 65 | S35: 8 | T35: 1 | U35: 2 | V35: 2 | W35: 1 | X35: 1 | Y35: 1 | Z35: 1 | AA35: =SUM(E35:Z35) -> 115 | AB35: =+C35 -> 100
A36: 28 | B36: Monument Pediatrics | C36: =+'2024 Need Dates_Addresses'!C33 -> 50 | D36: =+'2024 Need Dates_Addresses'!D34 -> 0 to 12 | E36: 0 | F36: 0 | G36: 0 | H36: 4 | I36: 0 | J36: 0 | K36: 4 | L36: 0 | M36: 10 | N36: 0 | O36: 1 | P36: 0 | Q36: 4 | R36: 0 | S36: 0 | T36: 20 | U36: 5 | V36: 0 | W36: 2 | X36: 0 | Y36: 0 | Z36: 0 | AA36: =SUM(E36:Z36) -> 50 | AB36: =+C36 -> 50
A37: 29 | B37: St. Joseph's Indian School | C37: =+'2024 Need Dates_Addresses'!C34 -> 150 | D37: 0 to 12 | E37: 2 | F37: 2 | G37: 8 | H37: 8 | I37: 4 | J37: 8 | K37: 8 | L37: 0 | M37: 15 | N37: 2 | O37: 5 | P37: 2 | Q37: 4 | R37: 12 | S37: 20 | T37: 12 | U37: 16 | V37: 4 | W37: 2 | X37: 15 | Y37: 1 | Z37: 0 | AA37: =SUM(E37:Z37) -> 150 | AB37: =+C37 -> 150
A38: 30 | B38: Browns - North Carolina/Flood Relief | C38: =+'2024 Need Dates_Addresses'!C35 -> 150 | D38: =+'2024 Need Dates_Addresses'!D35 -> 1 to 12 | E38: 0 | F38: 0 | G38: 8 | H38: 8 | I38: 4 | J38: 8 | K38: 10 | L38: 0 | M38: 20 | N38: 4 | O38: 5 | P38: 2 | Q38: 4 | R38: 15 | S38: 16 | T38: 10 | U38: 14 | V38: 4 | W38: 2 | X38: 15 | Y38: 1 | Z38: 0 | AA38: =SUM(E38:Z38) -> 150 | AB38: =+C38 -> 150
A39: 31 | B39: Pennington County Emergency Management Dept | C39: =+'2024 Need Dates_Addresses'!C36 -> 100 | D39: =+'2024 Need Dates_Addresses'!D36 -> Love Bugs or equivalent | E39: 0 | F39: 0 | G39: 0 | H39: 0 | I39: 0 | J39: 0 | K39: 0 | L39: 0 | M39: 20 | N39: 0 | O39: 0 | P39: 0 | Q39: 0 | R39: 0 | S39: 0 | T39: 80 | U39: 0 | V39: 0 | W39: 0 | X39: 0 | Y39: 0 | Z39: 0 | AA39: =SUM(E39:Z39) -> 100 | AB39: =+C39 -> 100
A40: 32 | B40: Spare 4
A41: 33 | B41: Spare 5
A42: 34 | B42: Spare 6
A43: 35 | B43: Spare 7
A44: 36 | B44: Spare 8
A45: 37 | B45: Spare 9
A46: 38 | B46: Spare 10 | AB46: =SUM(AB9:AB45) -> 3382
B47: Toys allocated for 2024: | C47: =SUM(C9:C46) -> 3382 | E47: =SUM(E9:E46) -> 90 | F47: =SUM(F9:F46) -> 37 | G47: =SUM(G9:G46) -> 103 | H47: =SUM(H9:H46) -> 301 | I47: =SUM(I9:I46) -> 127 | J47: =SUM(J9:J46) -> 185 | K47: =SUM(K9:K46) -> 231 | L47: =SUM(L9:L46) -> 26 | ... Z47: =SUM(Z9:Z46) -> 34 | AA47: =SUM(E47:Z47) -> 3405 | AB47: =+C47 -> 3382
B48: Remaining | E48: 5 | F48: =+F2-F47 -> 3 | G48: =+G2-G47 -> 35 | H48: =+H2-H47 -> 30 | I48: =+I2-I47 -> 3 | J48: =+J2-J47 -> 66 | K48: =+K2-K47 -> 99 | L48: =+L2-L47 -> 1 | M48: =+M2-M47 -> 32 | ... Z48: =+Z2-Z47 -> 6 | AA48: =SUM(E48:Z48) -> 445
B49: Allocated plus remainder = | E49: =SUM(E47:E48) -> 95 | F49: =SUM(F47:F48) -> 40 | G49: =SUM(G47:G48) -> 138 | H49: =SUM(H47:H48) -> 331 | I49: =SUM(I47:I48) -> 130 | J49: =SUM(J47:J48) -> 251 | K49: =SUM(K47:K48) -> 330 | L49: =SUM(L47:L48) -> 27 | ... Z49: =SUM(Z47:Z48) -> 40 | AA49: =SUM(E49:Z49) -> 3850 | AB49: =+C47 -> 3382
AA50: on hand
B51: Total on hand 2023 | E51: =E2 -> 99 | F51: =F2 -> 40 | G51: =G2 -> 138 | H51: =H2 -> 331 | I51: =I2 -> 130 | J51: =J2 -> 251 | K51: =K2 -> 330 | L51: =L2 -> 27 | ... Z51: =Z2 -> 40 | AA51: allocated | AB51: requests

Sheet Toy Pick Lists for printing
A1: Toy # | B1: Organization No. | C1: 1 | D1: 2 | E1: 3 | F1: 4 | G1: 5 | H1: 6 | I1: 7 | J1: 8 | K1: 9 | L1: 10 | M1: 11 | N1: 12 | O1: 13 | P1: 14 | Q1: 15 | R1: 16 | S1: 17 | T1: 18 | U1: 19 | V1: 20 | W1: 21 | X1: 22 | Y1: 23 | Z1: 24 | AA1: 25 | AB1: 26 | AC1: 27 | AD1: 28 | AE1: 29 | AF1: 30 | AG1: 31 | AH1: 32 | AI1: 33 | AJ1: 34 | AK1: 35 | AL1: 36 | AM1: 37 | AN1: 38 | AO1: Summary
C2: PLAZA - Home-Based Early HS | D2: PLAZA - Home-Based HS | E2: MONROE - RC HEAD START - MONROE | F2: DOUGLAS - RC HEAD START - DOUGLAS | G2: ADAMS - RC HEAD START - ADAMS | H2: ADAMS - RC EARLY HEAD START | I2: ADAMS - Child Development Center - FD/FY HS | J2: ADAMS - Child Development Center - FD/FY HS | K2: Black Hills Area Habitat for Humanity | L2: Cornerstone APARTMENTS | M2: Black Hills Pregnancy Center | N2: Foster Parent Association of the Northern Hills | O2: Airmen and Family Readiness Center - 1 | P2: Airmen and Family Readiness Center - 2 | Q2: Black Hills Chaplains Association (BHCA) | R2: The Club for Boys | S2: Beatrice School NE | T2: Cheyenne River Youth Project | U2: Catholic Social Services | V2: Kinship Mountain Ministries | W2: First Methodist Church - Irwin, PA | X2: SD National Guard - 2025 | Y2: EAFB Youth Programs | Z2: South Dakota Veterans Home | AA2: Working Against Violence Inc - 1 | AB2: Working Against Violence Inc - 2 | AC2: Reserve/Display Samples | AD2: Monument Pediatrics | AE2: St. Joseph's Indian School | AF2: Browns - North Carolina/Flood Relief | AG2: Pennington County Emergency Management Dept | AH2: Spare 4 | AI2: Spare 5 | AJ2: Spare 6 | AK2: Spare 7 | AL2: Spare 8 | AM2: Spare 9 | AN2: Spare 10
B3: SPECIAL NOTES: | C3: No ladders | D3: Games for YFS = Chalk Bds | E3: Games for YFS = Chalk Bds | F3: Games for YFS = Chalk Bds | G3: Games for YFS = Chalk Bds | H3: No ladders | I3: Games for YFS = Chalk Bds | J3: No ladders | M3: No ladders | Q3: All Small: small racers, small cars, small oldies small helos, love bugs | R3: No chalk bds | T3: No ladders | W3: 4 jewelry boxes, 5 each of games, 4 each caterpillars, 4 other animal toys | X3: (This is the Early Dely for Oct 2025) | AA3: (deliver in Dec 2024) | AB3: (deliver in June 2025) | AC3: 1 small cradle, 50 tops for 2025, 15 chalk boards for 2024, 7 heart boxes and 3 turtle banks for WW Show, 2 each of all new toys (8) for 2024 (16) | AD3: All Small: small racers, small critters small cars, small oldies small helos | AF3: All Small: small racers, small critters small cars, small oldies small helos | AG3: All Love Bugs | AO3: General Note: Do a mixture if there is more than one kind of toy.
A4: 1 | B4: =+'Toy Count Summary 2024'!B3 -> Basketball Games | C4: =+'Distribution Details'!E$9 -> 0 | D4: =+'Distribution Details'!E10 -> 2 | E4: =+'Distribution Details'!E11 -> 2 | F4: =+'Distribution Details'!E12 -> 1 | G4: =+'Distribution Details'!E$13 -> 1 | H4: =+'Distribution Details'!$E14 -> 0 | I4: =+'Distribution Details'!E$15 -> 2 | J4: =+'Distribution Details'!$E16 -> 0 | K4: =+'Distribution Details'!$E17 -> 1 | L4: =+'Distribution Details'!$E18 -> 0 | M4: =+'Distribution Details'!E$19 -> 0 | N4: =+'Distribution Details'!$E20 -> 1 | O4: =+'Distribution Details'!$E21 -> 6 | P4: =+'Distribution Details'!$E22 -> 6 | Q4: =+'Distribution Details'!$E23 -> 0 | R4: =+'Distribution Details'!$E24 -> 35 | S4: =+'Distribution Details'!$E25 -> 10 | T4: =+'Distribution Details'!$E26 -> 4 | U4: =+'Distribution Details'!$E27 -> 0 | V4: =+'Distribution Details'!$E28 -> 1 | W4: =+'Distribution Details'!$E29 -> 5 | X4: =+'Distribution Details'!$E30 -> 5 | Y4: =+'Distribution Details'!$E31 -> 5 | Z4: =+'Distribution Details'!$E32 -> 0 | AA4: =+'Distribution Details'!$E33 -> 0 | AB4: =+'Distribution Details'!E34 -> 0 | AC4: =+'Distribution Details'!E35 -> 1 | AD4: =+'Distribution Details'!E36 -> 0 | AE4: =+'Distribution Details'!E37 -> 2 | AF4: =+'Distribution Details'!E38 -> 0 | AG4: =+'Distribution Details'!E39 -> 0 | AH4: =+'Distribution Details'!E40 -> 0 | AI4: =+'Distribution Details'!E41 -> 0 | AJ4: =+'Distribution Details'!E42 -> 0 | AK4: =+'Distribution Details'!E43 -> 0 | AL4: =+'Distribution Details'!E44 -> 0 | AM4: =+'Distribution Details'!E45 -> 0 | AN4: =+'Distribution Details'!E46 -> 0 | AO4: =SUM(C4:AN4) -> 90
A5: 2 | B5: =+'Toy Count Summary 2024'!B4 -> Rocking Chairs | C5: =+'Distribution Details'!F9 -> 3 | D5: =+'Distribution Details'!F10 -> 2 | E5: =+'Distribution Details'!F11 -> 2 | F5: =+'Distribution Details'!F12 -> 1 | G5: =+'Distribution Details'!F$13 -> 1 | H5: =+'Distribution Details'!$F14 -> 1 | I5: =+'Distribution Details'!F$15 -> 2 | J5: =+'Distribution Details'!$F$16 -> 1 | K5: =+'Distribution Details'!$F$17 -> 0 | L5: =+'Distribution Details'!F18 -> 0 | M5: =+'Distribution Details'!F$19 -> 0 | N5: =+'Distribution Details'!F20 -> 1 | O5: =+'Distribution Details'!F21 -> 4 | P5: =+'Distribution Details'!F22 -> 4 | Q5: =+'Distribution Details'!F23 -> 0 | R5: =+'Distribution Details'!F24 -> 0 | S5: =+'Distribution Details'!F25 -> 4 | T5: =+'Distribution Details'!F26 -> 4 | U5: =+'Distribution Details'!F27 -> 0 | V5: =+'Distribution Details'!F28 -> 0 | W5: =+'Distribution Details'!F29 -> 0 | X5: =+'Distribution Details'!F30 -> 2 | Y5: =+'Distribution Details'!F31 -> 2 | Z5: =+'Distribution Details'!$F32 -> 0 | AA5: =+'Distribution Details'!$F33 -> 0 | AB5: =+'Distribution Details'!$F34 -> 0 | AC5: =+'Distribution Details'!F35 -> 1 | AD5: =+'Distribution Details'!F36 -> 0 | AE5: =+'Distribution Details'!F37 -> 2 | AF5: =+'Distribution Details'!F38 -> 0 | AG5: =+'Distribution Details'!F39 -> 0 | AH5: =+'Distribution Details'!F40 -> 0 | AI5: =+'Distribution Details'!F41 -> 0 | AJ5: =+'Distribution Details'!F42 -> 0 | AK5: =+'Distribution Details'!F43 -> 0 | AL5: =+'Distribution Details'!F44 -> 0 | AM5: =+'Distribution Details'!F45 -> 0 | AN5: =+'Distribution Details'!F46 -> 0 | AO5: =SUM(C5:AN5) -> 37
A6: 3 | B6: =+'Toy Count Summary 2024'!B5 -> Tugboats | C6: =+'Distribution Details'!G9 -> 7 | D6: =+'Distribution Details'!G10 -> 2 | E6: =+'Distribution Details'!G11 -> 6 | F6: =+'Distribution Details'!G12 -> 2 | G6: =+'Distribution Details'!G$13 -> 1 | H6: =+'Distribution Details'!$G$14 -> 1 | I6: =+'Distribution Details'!G$15 -> 2 | J6: =+'Distribution Details'!$G$16 -> 2 | K6: =+'Distribution Details'!$G$17 -> 0 | L6: =+'Distribution Details'!G$18 -> 0 | M6: =+'Distribution Details'!G$19 -> 4 | N6: =+'Distribution Details'!G20 -> 1 | O6: =+'Distribution Details'!G21 -> 5 | P6: =+'Distribution Details'!G22 -> 5 | Q6: =+'Distribution Details'!G23 -> 0 | R6: =+'Distribution Details'!G24 -> 5 | S6: =+'Distribution Details'!G25 -> 15 | T6: =+'Distribution Details'!G26 -> 5 | U6: =+'Distribution Details'!G27 -> 0 | V6: =+'Distribution Details'!G28 -> 0 | W6: =+'Distribution Details'!G29 -> 6 | X6: =+'Distribution Details'!G30 -> 6 | Y6: =+'Distribution Details'!G31 -> 4 | Z6: =+'Distribution Details'!G32 -> 0 | AA6: =+'Distribution Details'!G33 -> 3 | AB6: =+'Distribution Details'!G34 -> 3 | AC6: =+'Distribution Details'!G35 -> 2 | AD6: =+'Distribution Details'!G36 -> 0 | AE6: =+'Distribution Details'!G37 -> 8 | AF6: =+'Distribution Details'!G38 -> 8 | AG6: =+'Distribution Details'!G39 -> 0 | AH6: =+'Distribution Details'!G40 -> 0 | AI6: =+'Distribution Details'!G41 -> 0 | AJ6: =+'Distribution Details'!G42 -> 0 | AK6: =+'Distribution Details'!G43 -> 0 | AL6: =+'Distribution Details'!G44 -> 0 | AM6: =+'Distribution Details'!G45 -> 0 | AN6: =+'Distribution Details'!G46 -> 0 | AO6: =SUM(C6:AN6) -> 103
A7: 4 | B7: =+'Toy Count Summary 2024'!B6 -> Racers | C7: =+'Distribution Details'!H9 -> 9 | D7: =+'Distribution Details'!H10 -> 4 | E7: =+'Distribution Details'!H11 -> 10 | F7: =+'Distribution Details'!H12 -> 5 | G7: =+'Distribution Details'!H$13 -> 1 | H7: =+'Distribution Details'!$H14 -> 1 | I7: =+'Distribution Details'!H15 -> 2 | J7: =+'Distribution Details'!$H$16 -> 3 | K7: =+'Distribution Details'!$H$17 -> 0 | L7: =+'Distribution Details'!H$18 -> 0 | M7: =+'Distribution Details'!H$19 -> 4 | N7: =+'Distribution Details'!H20 -> 2 | O7: =+'Distribution Details'!H21 -> 10 | P7: =+'Distribution Details'!H22 -> 10 | Q7: =+'Distribution Details'!H23 -> 0 | R7: =+'Distribution Details'!H24 -> 20 | S7: =+'Distribution Details'!H25 -> 100 | T7: =+'Distribution Details'!H26 -> 73 | U7: =+'Distribution Details'!H27 -> 0 | V7: =+'Distribution Details'!H28 -> 1 | W7: =+'Distribution Details'!H29 -> 7 | X7: =+'Distribution Details'!H30 -> 8 | Y7: =+'Distribution Details'!H31 -> 4 | Z7: =+'Distribution Details'!H32 -> 0 | AA7: =+'Distribution Details'!H33 -> 3 | AB7: =+'Distribution Details'!H34 -> 3 | AC7: =+'Distribution Details'!H35 -> 1 | AD7: =+'Distribution Details'!H36 -> 4 | AE7: =+'Distribution Details'!H37 -> 8 | AF7: =+'Distribution Details'!H38 -> 8 | AG7: =+'Distribution Details'!H39 -> 0 | AH7: =+'Distribution Details'!H40 -> 0 | AI7: =+'Distribution Details'!H41 -> 0 | AJ7: =+'Distribution Details'!H42 -> 0 | AK7: =+'Distribution Details'!H43 -> 0 | AL7: =+'Distribution Details'!H44 -> 0 | AM7: =+'Distribution Details'!H45 -> 0 | AN7: =+'Distribution Details'!H46 -> 0 | AO7: =SUM(C7:AN7) -> 301
A8: 5 | B8: =+'Toy Count Summary 2024'!B7 -> Cars | C8: =+'Distribution Details'!I9 -> 6 | D8: =+'Distribution Details'!I10 -> 4 | E8: =+'Distribution Details'!I11 -> 6 | F8: =+'Distribution Details'!I12 -> 4 | G8: =+'Distribution Details'!I$13 -> 1 | H8: =+'Distribution Details'!$I$14 -> 1 | I8: =+'Distribution Details'!I$15 -> 3 | J8: =+'Distribution Details'!$I$16 -> 2 | K8: =+'Distribution Details'!$I$17 -> 0 | L8: =+'Distribution Details'!I$18 -> 0 | M8: =+'Distribution Details'!I$19 -> 2 | N8: =+'Distribution Details'!I20 -> 2 | O8: =+'Distribution Details'!I21 -> 3 | P8: =+'Distribution Details'!I22 -> 3 | Q8: =+'Distribution Details'!I23 -> 0 | R8: =+'Distribution Details'!I24 -> 10 | S8: =+'Distribution Details'!I25 -> 25 | T8: =+'Distribution Details'!I26 -> 20 | U8: =+'Distribution Details'!I27 -> 0 | V8: =+'Distribution Details'!I28 -> 0 | W8: =+'Distribution Details'!I29 -> 6 | X8: =+'Distribution Details'!I30 -> 10 | Y8: =+'Distribution Details'!I31 -> 4 | Z8: =+'Distribution Details'!I32 -> 0 | AA8: =+'Distribution Details'!I33 -> 3 | AB8: =+'Distribution Details'!I34 -> 3 | AC8: =+'Distribution Details'!I35 -> 1 | AD8: =+'Distribution Details'!I36 -> 0 | AE8: =+'Distribution Details'!I37 -> 4 | AF8: =+'Distribution Details'!I38 -> 4 | AG8: =+'Distribution Details'!I39 -> 0 | AH8: =+'Distribution Details'!I40 -> 0 | AI8: =+'Distribution Details'!I41 -> 0 | AJ8: =+'Distribution Details'!I42 -> 0 | AK8: =+'Distribution Details'!I43 -> 0 | AL8: =+'Distribution Details'!I44 -> 0 | AM8: =+'Distribution Details'!I45 -> 0 | AN8: =+'Distribution Details'!I46 -> 0 | AO8: =SUM(C8:AN8) -> 127
A9: 6 | B9: =+'Toy Count Summary 2024'!B8 -> Trucks | C9: =+'Distribution Details'!J9 -> 8 | D9: =+'Distribution Details'!J10 -> 3 | E9: =+'Distribution Details'!J11 -> 6 | F9: =+'Distribution Details'!J12 -> 5 | G9: =+'Distribution Details'!J$13 -> 1 | H9: =+'Distribution Details'!$J14 -> 2 | I9: =+'Distribution Details'!J$15 -> 2 | J9: =+'Distribution Details'!$J$16 -> 3 | K9: =+'Distribution Details'!$J$17 -> 1 | L9: =+'Distribution Details'!J$18 -> 0 | M9: =+'Distribution Details'!J$19 -> 3 | N9: =+'Distribution Details'!J20 -> 2 | O9: =+'Distribution Details'!J21 -> 6 | P9: =+'Distribution Details'!$J22 -> 6 | Q9: =+'Distribution Details'!J23 -> 0 | R9: =+'Distribution Details'!$J24 -> 10 | S9: =+'Distribution Details'!$J25 -> 50 | T9: =+'Distribution Details'!$J26 -> 25 | U9: =+'Distribution Details'!J27 -> 0 | V9: =+'Distribution Details'!J28 -> 0 | W9: =+'Distribution Details'!$J29 -> 12 | X9: =+'Distribution Details'!J30 -> 6 | Y9: =+'Distribution Details'!J31 -> 8 | Z9: =+'Distribution Details'!$J32 -> 0 | AA9: =+'Distribution Details'!$J33 -> 3 | AB9: =+'Distribution Details'!J34 -> 3 | AC9: =+'Distribution Details'!J35 -> 4 | AD9: =+'Distribution Details'!J36 -> 0 | AE9: =+'Distribution Details'!J37 -> 8 | AF9: =+'Distribution Details'!J38 -> 8 | AG9: =+'Distribution Details'!J39 -> 0 | AH9: =+'Distribution Details'!J40 -> 0 | AI9: =+'Distribution Details'!J41 -> 0 | AJ9: =+'Distribution Details'!J42 -> 0 | AK9: =+'Distribution Details'!J43 -> 0 | AL9: =+'Distribution Details'!J44 -> 0 | AM9: =+'Distribution Details'!J45 -> 0 | AN9: =+'Distribution Details'!J46 -> 0 | AO9: =SUM(C9:AN9) -> 185
